Workbook

Sheet DISPONIBLE Bo
A1: LA NOTA COLOMBIA SAS
A2: NIT 901233167-1
A4: INVENTARIO DE ACTIVOS - DISPONIBLE
F5: Corte al 15 de Octubre de 2024
A6: No | B6: Denominación | C6: Tipo | D6: Número de Cuenta | E6: Valor Contable | F6: Afectación Dominio
A7: 1 | B7: Caja Mayor Administrativa | C7: EFECTIVO | E7: 8793201.4
A8: =+A7+1 -> 2 | B8: Caja de Apartado | C8: EFECTIVO | E8: =9588600+2100000 -> 11688600
A9: =+A8+1 -> 3 | B9: Caja Mayor Administrativa- Apartado Propina | C9: EFECTIVO | E9: 17193300
A10: =+A9+1 -> 4 | B10: Caja Menor calle 17 | C10: EFECTIVO | E10: 200000
A11: =+A10+1 -> 5 | B11: Caja Menor Ventura Plaza | C11: EFECTIVO | E11: 200000
A12: =+A11+1 -> 6 | B12: Caja menor Pinar del rio | C12: EFECTIVO | E12: 200000
A13: =+A12+1 -> 7 | B13: Caja menor Diagonal Santander | C13: EFECTIVO | E13: 200000
A14: =+A13+1 -> 8 | B14: Caja menor City Place | C14: EFECTIVO | E14: 400000
A15: =+A14+1 -> 9 | B15: Caja Menor Nota Wok | C15: EFECTIVO | E15: 200000
A16: =+A15+1 -> 10 | B16: Caja Menor de Mantenimiento | C16: EFECTIVO | E16: 400000
A17: =+A16+1 -> 11 | B17: BANCOLOMBIA | C17: AHORRO | D17: 820-000001-35 | E17: 2662707.3
A18: =+A17+1 -> 12 | B18: BANCOLOMBIA | C18: AHORRO | D18: 820-000004-37 | E18: 76672.7
A19: =+A18+1 -> 13 | B19: BANCOLOMBIA | C19: AHORRO | D19: 820-000004-38 | E19: 18511169
A20: =+A19+1 -> 14 | B20: BANCOLOMBIA | C20: AHORRO | D20: 832-000178-49 | E20: -34893726
A21: =+A20+1 -> 15 | B21: DAVIVIENDA | C21: AHORRO | D21: 67600102866 | F21: 0.79
A22: =+A21+1 -> 16 | B22: BANCO OCCIDENTE | C22: CORRIENTE | D22: 600-918411 | F22: 1525
A23: =+A22+1 -> 17 | B23: IRIS COMPAÑÍA | C23: CORRIENTE | D23: 100813426104 | F23: 0
A24: =+A23+1 -> 18 | B24: DAVIVIENDA | C24: CORRIENTE | D24: 67669988882 | F24: 0.06
A25: =+A24+1 -> 19 | B25: BANCOLOMBIA | C25: CORRIENTE | D25: 820-021300-35 | F25: 98.56
A26: =+A25+1 -> 20 | B26: BANCO PICHINCHA | C26: CORRIENTE | D26: 411190756 | F26: 45681286
A27: =+A26+1 -> 21 | B27: BANCOOMEVA | C27: CORRIENTE | D27: 230103402206 | F27: 0.13
A28: =+A27+1 -> 22 | B28: BANCOOMEVA | C28: CORRIENTE | D28: Cte N. 470906 | F28: 1.23
A29: =+A28+1 -> 23 | B29: FIDUCIARIA BANCO DAVIVIENDA | C29: FIDUCUENTA | D29: 607067600024745 | E29: 480864.16
A30: =+A29+1 -> 24 | B30: FIDUCIARIA BANCO OCCIDENTE | C30: FIDUCUENTA | D30: 1001201006054 | E30: 1313770
A31: =+A30+1 -> 25 | B31: FIDUCIARIA BANCOLOMBIA | C31: FIDUCUENTA | D31: 820000001340 | E31: 4882709.3
C33: Total Subdisponible | E33: =SUM(E7:E32) -> 32509268 | F33: =SUM(F7:F32) -> 45682912
C34: Toal Efectivo y Equivalentes de Efectivo | E34: =+E33+F33 -> 78192180
C36: TOTAL ACTIVOS | E36: =+E34+'CLIENTES Bo'!J188+'INVENTARIO Bo'!C14+'ANTICIPO DE IMPUESTOS Bo'!J9+'ANTICIPO DE IMPUESTOS Bo'!J16+'OTROS ACTIVOS NO FINAN'!D114+'OTROS ACTIVOS'!I10+'ACTIVOS NO CORRIENTES Bo. (1)'!D143 -> 1.0044993e+10
B44: Pedro Jose Calderon Rivas | C44: Leonel López Galindo | E44: Nilson Martinez Ascanio
B45: Representante Legal | C45: Contador | E45: Revisor Fiscal
B46: C.E 1026034 | C46: C.C. 79837280 | E46: C.C. 13278139
C47: T.P.112277-T | E47: T.P. 173932 T

Sheet ANTICIPOS 
A1: =+'DISPONIBLE Bo'!A1 -> LA NOTA COLOMBIA SAS
A2: =+'DISPONIBLE Bo'!A2 -> NIT 901233167-1
A5: RELACION ANTICIPO Y AVANCES - A CONTRATISTAS
A7: No. | B7: Cédula o Nit | C7: Nombre Deudor | D7: Domicilio Deudor | E7: Objeto | F7: Capital | G7: Fecha de Generación | H7: Soporte Documento | I7: Valor Total | J7: Total por Deudor | K7: % frente a Activo | L7: Corte a:
A8: 1
A9: 2
J10: =SUM(J8:J9) -> 0 | K10: =SUM(K8:K9) -> 0
A12: RELACION ANTICIPOS Y AVANCES - UNIONES TEMPORALES
A14: No. | B14: Cédula o Nit | C14: Nombre Deudor | D14: Domicilio Deudor | E14: Objeto | F14: Capital | G14: Fecha de Generación | H14: Soporte Documento | I14: Valor Total | J14: Total por Deudor | K14: % frente a Activo | L14: Corte a:
J18: =SUM(J15:J17) -> 0 | K18: =SUM(K15:K17) -> 0
A20: RELACION ANTICIPOS Y AVANCES - TRABAJADORES
A22: No. | B22: Cédula o Nit | C22: Nombre Deudor | D22: Domicilio Deudor | E22: Objeto | F22: Capital | G22: Fecha de Generación | H22: Soporte Documento | I22: Valor Total | J22: Total por Deudor | K22: % frente a Activo | L22: Corte a:
H24: TOTALES | I24: =SUM(I23:I23) -> 0 | J24: =SUM(J23:J23) -> 0 | K24: =SUM(K23:K23) -> 0
A26: RELACION ANTICIPOS Y AVANCES - A TERCEROS
A28: No. | B28: Cédula o Nit | C28: Nombre Deudor | D28: Domicilio Deudor | E28: Objeto | F28: Capital | G28: Soporte Documento | H28: Valor Total | I28: Total por Deudor | J28: % frente a Activo | K28: Corte a:
A29: 1
G30: TOTALES | H30: =SUM(H29:H29) -> 0 | I30: =+H30 -> 0 | J30: =SUM(J29:J29) -> 0
G33: TOTAL ANTICIPOS Y AVANCES | I33: =+J10+J18+J24+I30 -> 0 | J33: =+I33/I35 -> #REF!
G35: TOTAL ACTIVO | I35: =+'DISPONIBLE Bo'!#REF! -> #REF!
A44: ______________________________ | D44: __________________________ | G44: _____________________________
A45: Representante Legal | D45: Revisor Fiscal | G45: Contador
A46: =+'DISPONIBLE Bo'!#REF! -> #REF! | D46: =+'DISPONIBLE Bo'!#REF! -> #REF! | G46: =+'DISPONIBLE Bo'!F44 -> 0
A47: =+'DISPONIBLE Bo'!#REF! -> #REF! | D47: =+'DISPONIBLE Bo'!#REF! -> #REF! | G47: =+'DISPONIBLE Bo'!F47 -> 0
D48: =+'DISPONIBLE Bo'!C48 -> 0 | G48: =+'DISPONIBLE Bo'!F48 -> 0

Sheet Hoja1
A1: No. | B1: C.C. - Nit | C1: Nombre Acreedor | D1: Domicilio Acreedor | E1: Objeto Acreencia | F1: cuenta | G1: sub cuenta | H1: Capital | I1: Interés Pactado | J1: Fecha Generación | K1: Fecha Vencimiento | L1: Dias Mora | M1: Soporte | N1: Valor Vencido | O1: Valor Total | P1: % frente a pasivo | Q1: Corte a: | R1: dias mora
A2: 1 | B2: 830085294 | C2: ACEROS INOXIDABLES ACINOX | D2: CLLE 18 N§ 22-65 | E2: Servicios | F2: ctos y gtos x p | G2: ctos y gtos x p | H2: 3769500 | I2: 0 | J2: 41150 | K2: 41181 | L2: =#N/A -> #N/A | M2: Cheque | N2: =#N/A -> #N/A | O2: 3769500 | P2: =#N/A -> #N/A | Q2: 41243 | R2: =#N/A -> #N/A
A3: =#N/A -> #N/A | B3: 830085294 | C3: ACEROS INOXIDABLES ACINOX | D3: CLLE 18 N§ 22-65 | E3: Servicios | F3: ctos y gtos x p | G3: ctos y gtos x p | H3: 3411850 | I3: 0 | J3: 41136 | K3: 41167 | L3: =#N/A -> #N/A | M3: Cheque | N3: =#N/A -> #N/A | O3: 3411850 | P3: =#N/A -> #N/A | Q3: 41243 | R3: =#N/A -> #N/A
A4: =#N/A -> #N/A | B4: 79516819 | C4: Acosta Carlos Antonio | D4: Cra 31 No. 53 B 14 | E4: Honorarios - Mensajero | F4: ctos y gtos x p | G4: Servicios de Personal | H4: 371400 | I4: 0 | J4: 41212 | K4: 41218 | L4: =#N/A -> #N/A | M4: Cta. Cobro | N4: =#N/A -> #N/A | O4: 371400 | P4: =#N/A -> #N/A | Q4: 41243 | R4: =#N/A -> #N/A
A5: =#N/A -> #N/A | B5: 91443400 | C5: Alberto Saravena | D5: Diag 47 Sur N. 55-42 | E5: Proveedores | F5: proveedores | G5: proveedores | H5: 675700 | I5: 0 | J5: 41148 | K5: 41179 | L5: =#N/A -> #N/A | M5: 2314 | N5: =#N/A -> #N/A | O5: 675700 | P5: =#N/A -> #N/A | Q5: 41243 | R5: =#N/A -> #N/A
A6: =#N/A -> #N/A | B6: 890928257 | C6: Alico | D6: Cll 9 N. 68 - 71 sur | E6: Proveedor | F6: proveedores | G6: proveedor Emp. | H6: 452400 | I6: 0 | J6: 41109 | K6: 41140 | L6: =#N/A -> #N/A | M6: 11145 | N6: =#N/A -> #N/A | O6: 452400 | P6: =#N/A -> #N/A | Q6: 41243 | R6: =#N/A -> #N/A
A7: =#N/A -> #N/A | B7: 890928257 | C7: Alico | D7: Cll 9 N. 68 - 71 sur | E7: Proveedor | F7: proveedores | G7: proveedor Emp. | H7: 707600 | I7: 0 | J7: 41096 | K7: 41127 | L7: =#N/A -> #N/A | M7: 111 | N7: =#N/A -> #N/A | O7: 707600 | P7: =#N/A -> #N/A | Q7: 41243 | R7: =#N/A -> #N/A
A8: =#N/A -> #N/A | B8: 890928257 | C8: Alico | D8: Cll 9 N. 68 - 71 sur | E8: Proveedor | F8: proveedores | G8: proveedor Emp. | H8: 313200 | I8: 0 | J8: 41089 | K8: 41119 | L8: =#N/A -> #N/A | M8: 10962 | N8: =#N/A -> #N/A | O8: 313200 | P8: =#N/A -> #N/A | Q8: 41243 | R8: =#N/A -> #N/A
A9: =#N/A -> #N/A | B9: 890928257 | C9: Alico | D9: Cll 9 N. 68 - 71 sur | E9: Proveedor | F9: proveedores | G9: proveedor Emp. | H9: 1387360 | I9: 0 | J9: 41079 | K9: 41109 | L9: =#N/A -> #N/A | M9: 10853 | N9: =#N/A -> #N/A | O9: 1387360 | P9: =#N/A -> #N/A | Q9: 41243 | R9: =#N/A -> #N/A
A10: =#N/A -> #N/A | B10: 890928257 | C10: Alico | D10: Cll 9 N. 68 - 71 sur | E10: Proveedor | F10: proveedores | G10: proveedor Emp. | H10: =693680 -> 693680 | I10: 0 | J10: 41068 | K10: 41098 | L10: =#N/A -> #N/A | M10: 10777 | N10: =#N/A -> #N/A | O10: 693680 | P10: =#N/A -> #N/A | Q10: 41243 | R10: =#N/A -> #N/A
A11: =#N/A -> #N/A | B11: 890928257 | C11: Alico | D11: Cll 9 N. 68 - 71 sur | E11: Proveedor | F11: proveedores | G11: proveedor Emp. | H11: -507749 | I11: 0 | J11: 41068 | K11: 41098 | L11: =#N/A -> #N/A | M11: 10777 | N11: =#N/A -> #N/A | O11: -507749 | P11: =#N/A -> #N/A | Q11: 41243 | R11: =#N/A -> #N/A
A12: =#N/A -> #N/A | B12: 900372311 | C12: Alimentos DAM | D12: cll 64 F N. 98 - 48 | E12: Proveedores | F12: proveedores | G12: proveedores | H12: 876680 | I12: 0 | J12: 41151 | K12: 41151 | L12: =#N/A -> #N/A | M12: 202 | N12: =#N/A -> #N/A | O12: 876680 | P12: =#N/A -> #N/A | Q12: 41243 | R12: =#N/A -> #N/A
A13: =#N/A -> #N/A | B13: 900372311 | C13: Alimentos DAM | D13: cll 64 F N. 98 - 48 | E13: Proveedores | F13: proveedores | G13: proveedores | H13: 620000 | I13: 0 | J13: 41145 | K13: 41145 | L13: =#N/A -> #N/A | M13: 197 | N13: =#N/A -> #N/A | O13: 620000 | P13: =#N/A -> #N/A | Q13: 41243 | R13: =#N/A -> #N/A
A14: =#N/A -> #N/A | B14: 900372311 | C14: Alimentos DAM | D14: cll 64 F N. 98 - 48 | E14: Proveedores | F14: proveedores | G14: proveedores | H14: 496000 | I14: 0 | J14: 41143 | K14: 41143 | L14: =#N/A -> #N/A | M14: 190 | N14: =#N/A -> #N/A | O14: 496000 | P14: =#N/A -> #N/A | Q14: 41243 | R14: =#N/A -> #N/A
A15: =#N/A -> #N/A | B15: 900372311 | C15: Alimentos DAM | D15: cll 64 F N. 98 - 48 | E15: Proveedores | F15: proveedores | G15: proveedores | H15: 310000 | I15: 0 | J15: 41142 | K15: 41142 | L15: =#N/A -> #N/A | M15: 187 | N15: =#N/A -> #N/A | O15: 310000 | P15: =#N/A -> #N/A | Q15: 41243 | R15: =#N/A -> #N/A
A16: =#N/A -> #N/A | B16: 79269721 | C16: Andrade José Javier | D16: Diag. 22b No. 38-76- Bogotá | E16: Laboral | F16: Obligaciones Laborales | G16: Prima de Servicios | H16: 317250 | I16: 0 | J16: 41075 | K16: 41075 | L16: =#N/A -> #N/A | M16: Prima junio | N16: =#N/A -> #N/A | O16: 317250 | P16: =#N/A -> #N/A | Q16: 41247 | R16: =#N/A -> #N/A
A17: =#N/A -> #N/A | B17: 79269721 | C17: Andrade José Javier | D17: Diag. 22b No. 38-76- Bogotá | E17: Laboral | F17: Obligaciones Laborales | G17: Sueldo 2da q nov | H17: 294582 | I17: 0 | J17: 41075 | K17: 41075 | L17: =#N/A -> #N/A | M17: Prima junio | N17: =#N/A -> #N/A | O17: 294582 | P17: =#N/A -> #N/A | Q17: 41247 | R17: =#N/A -> #N/A
A18: =#N/A -> #N/A | B18: 79269721 | C18: Andrade José Javier | D18: Diag. 22b No. 38-76- Bogotá | E18: Liquidación Prest. Sociales | F18: Obligaciones Laborales | G18: Prestaciones Sociales | H18: 970704 | I18: 0 | J18: 40908 | K18: 40908 | L18: =#N/A -> #N/A | M18: Liquidación | N18: =#N/A -> #N/A | O18: 970704 | P18: =#N/A -> #N/A | Q18: 41243 | R18: =#N/A -> #N/A
A19: =#N/A -> #N/A | B19: 1026569591 | C19: Andrade Roberto Andrés | D19: Diag. 22b No. 38-76- Bogotá | E19: Laboral | F19: Obligaciones Laborales | G19: Prima de Servicios | H19: 317250 | I19: 0 | J19: 41075 | K19: 41075 | L19: =#N/A -> #N/A | M19: Prima junio | N19: =#N/A -> #N/A | O19: 317250 | P19: =#N/A -> #N/A | Q19: 41246 | R19: =#N/A -> #N/A
A20: =#N/A -> #N/A | B20: 1026569591 | C20: Andrade Roberto Andrés | D20: Diag. 22b No. 38-76- Bogotá | E20: Laboral | F20: Obligaciones Laborales | G20: Sueldo 2da q nov | H20: 294582 | I20: 0 | J20: 41075 | K20: 41075 | L20: =#N/A -> #N/A | M20: Prima junio | N20: =#N/A -> #N/A | O20: 294582 | P20: =#N/A -> #N/A | Q20: 41246 | R20: =#N/A -> #N/A
A21: =#N/A -> #N/A | B21: 1026569591 | C21: Andrade Roberto Andrés | D21: Diag. 22b No. 38-76- Bogotá | E21: Liquidación Prest. Sociales | F21: Obligaciones Laborales | G21: Prestaciones Sociales | H21: 970704 | I21: 0 | J21: 40908 | K21: 40908 | L21: =#N/A -> #N/A | M21: Liquidación | N21: =#N/A -> #N/A | O21: 970704 | P21: =#N/A -> #N/A | Q21: 41243 | R21: =#N/A -> #N/A
A22: =#N/A -> #N/A | B22: 1026569591 | C22: ANDRADE SEGURA ROBERTO ANDRES | D22: CRA 68 N NO. 31-77 | E22: prestamo Particular | F22: prestamos a particulares | G22: prestamos a particulares | H22: 500000 | I22: 0 | J22: 41061 | K22: 41061 | L22: =#N/A -> #N/A | M22: Nomina | N22: =#N/A -> #N/A | O22: 500000 | P22: =#N/A -> #N/A | Q22: 41243 | R22: =#N/A -> #N/A
A23: =#N/A -> #N/A | B23: 1026569591 | C23: ANDRADE SEGURA ROBERTO ANDRES | D23: CRA 68 N NO. 31-77 | E23: prestamo Particular | F23: prestamos a particulares | G23: prestamos a particulares | H23: 2200000 | I23: 0 | J23: 41061 | K23: 41061 | L23: =#N/A -> #N/A | M23: Nomina | N23: =#N/A -> #N/A | O23: 2200000 | P23: =#N/A -> #N/A | Q23: 41243 | R23: =#N/A -> #N/A
A24: =#N/A -> #N/A | B24: 1026569591 | C24: ANDRADE SEGURA ROBERTO ANDRES | D24: CRA 68 N NO. 31-77 | E24: prestamo Particular | F24: prestamos a particulares | G24: prestamos a particulares | H24: 1224172 | I24: 0 | J24: 41061 | K24: 41061 | L24: =#N/A -> #N/A | M24: Nomina | N24: =#N/A -> #N/A | O24: 1224172 | P24: =#N/A -> #N/A | Q24: 41243 | R24: =#N/A -> #N/A
A25: =#N/A -> #N/A | B25: 51904370 | C25: ARIAS CONTRERAS MYRIAM SORAYA | D25: CR 8 A 153 51 | E25: Honorarios | F25: ctos y gtos x p | G25: ctos y gtos x p | H25: 2813000 | I25: 0 | J25: 41182 | K25: 41212 | L25: =#N/A -> #N/A | M25: Asesoria | N25: =#N/A -> #N/A | O25: 2813000 | P25: =#N/A -> #N/A | Q25: 41243 | R25: =#N/A -> #N/A
A26: =#N/A -> #N/A | B26: 1042426804 | C26: Ariza Morgan Katerine Milena | D26: CALLE 31 SUR Nº 52- A 50 | E26: Honorarios - Destajo | F26: ctos y gtos x p | G26: Servicios de Personal | H26: 344000 | I26: 0 | J26: 41212 | K26: 41218 | L26: =#N/A -> #N/A | M26: Cta. Cobro | N26: =#N/A -> #N/A | O26: 344000 | P26: =#N/A -> #N/A | Q26: 41243 | R26: =#N/A -> #N/A
A27: =#N/A -> #N/A | B27: 79663865 | C27: Asesores Tributarios | D27: crr 22 A N. 7- 10 sur | E27: Honorarios Revisoria Fiscal | F27: ctos y gtos x p | G27: Honorarios | H27: 774029 | I27: 0 | J27: 41154 | K27: 41154 | L27: =#N/A -> #N/A | M27: 875 | N27: =#N/A -> #N/A | O27: 774029 | P27: =#N/A -> #N/A | Q27: 41243 | R27: =#N/A -> #N/A
A28: =#N/A -> #N/A | B28: 79663865 | C28: Asesores Tributarios | D28: crr 22 A N. 7- 10 sur | E28: Honorarios Revisoria Fiscal | F28: ctos y gtos x p | G28: Honorarios | H28: 774029 | I28: 0 | J28: 41120 | K28: 41120 | L28: =#N/A -> #N/A | M28: 859 | N28: =#N/A -> #N/A | O28: 774029 | P28: =#N/A -> #N/A | Q28: 41243 | R28: =#N/A -> #N/A
A29: =#N/A -> #N/A | B29: 79663865 | C29: Asesores Tributarios | D29: crr 22 A N. 7- 10 sur | E29: Honorarios Revisoria Fiscal | F29: ctos y gtos x p | G29: Honorarios | H29: 847529 | I29: 0 | J29: 41090 | K29: 41090 | L29: =#N/A -> #N/A | M29: 856 | N29: =#N/A -> #N/A | O29: 847529 | P29: =#N/A -> #N/A | Q29: 41243 | R29: =#N/A -> #N/A
A30: =#N/A -> #N/A | B30: 79663865 | C30: Asesores Tributarios | D30: crr 22 A N. 7- 10 sur | E30: Honorarios Revisoria Fiscal | F30: ctos y gtos x p | G30: Honorarios | H30: 1695057 | I30: 0 | J30: 41029 | K30: 41029 | L30: =#N/A -> #N/A | M30: 835 | N30: =#N/A -> #N/A | O30: 1695057 | P30: =#N/A -> #N/A | Q30: 41243 | R30: =#N/A -> #N/A
A31: =#N/A -> #N/A | B31: 41525561 | C31: Aurora Diaz | D31: CLL 71 A N. 75 - 55 | E31: Proveedores | F31: proveedores | G31: proveedor PT | H31: 168000 | I31: 0 | J31: 41196 | K31: 41196 | L31: =#N/A -> #N/A | M31: 7937 | N31: =#N/A -> #N/A | O31: 168000 | P31: =#N/A -> #N/A | Q31: 41243 | R31: =#N/A -> #N/A
A32: =#N/A -> #N/A | B32: 41525561 | C32: Aurora Diaz | D32: CLL 71 A N. 75 - 55 | E32: Proveedores | F32: proveedores | G32: proveedor PT | H32: 168000 | I32: 0 | J32: 41158 | K32: 41158 | L32: =#N/A -> #N/A | M32: 7789 | N32: =#N/A -> #N/A | O32: 168000 | P32: =#N/A -> #N/A | Q32: 41243 | R32: =#N/A -> #N/A
A33: =#N/A -> #N/A | B33: 41525561 | C33: Aurora Diaz | D33: CLL 71 A N. 75 - 55 | E33: Proveedores | F33: proveedores | G33: proveedor PT | H33: 168000 | I33: 0 | J33: 41136 | K33: 41136 | L33: =#N/A -> #N/A | M33: 7707 | N33: =#N/A -> #N/A | O33: 168000 | P33: =#N/A -> #N/A | Q33: 41243 | R33: =#N/A -> #N/A
A34: =#N/A -> #N/A | B34: 41525561 | C34: Aurora Diaz | D34: CLL 71 A N. 75 - 55 | E34: Proveedores | F34: proveedores | G34: proveedor PT | H34: 168000 | I34: 0 | J34: 41127 | K34: 41127 | L34: =#N/A -> #N/A | M34: 7675 | N34: =#N/A -> #N/A | O34: 168000 | P34: =#N/A -> #N/A | Q34: 41243 | R34: =#N/A -> #N/A
A35: =#N/A -> #N/A | B35: 41525561 | C35: Aurora Diaz | D35: CLL 71 A N. 75 - 55 | E35: Proveedores | F35: proveedores | G35: proveedor PT | H35: 168000 | I35: 0 | J35: 41107 | K35: 41107 | L35: =#N/A -> #N/A | M35: 7603 | N35: =#N/A -> #N/A | O35: 168000 | P35: =#N/A -> #N/A | Q35: 41243 | R35: =#N/A -> #N/A
A36: =#N/A -> #N/A | B36: 860035827 | C36: Banco av villas | D36: calle 13 Nº 28 - 99 | E36: CREDITOS | F36: oblig financ | G36: oblig financ | H36: 37445217 | J36: 41130 | K36: 41215 | L36: =#N/A -> #N/A | M36: Pagaré | N36: 2159000 | O36: 37445217 | P36: =#N/A -> #N/A | Q36: 41243 | R36: =#N/A -> #N/A
A37: =#N/A -> #N/A | B37: 860035827 | C37: Banco av villas | D37: calle 13 Nº 28 - 99 | E37: CREDITOS | F37: oblig financ | G37: oblig financ | H37: 27547370 | J37: 40892 | K37: 41184 | L37: =#N/A -> #N/A | M37: Pagaré | N37: 4313882 | O37: 27547370 | P37: =#N/A -> #N/A | Q37: 41243 | R37: =#N/A -> #N/A
A38: =#N/A -> #N/A | B38: 860035827 | C38: Banco av villas | D38: calle 13 Nº 28 - 99 | E38: CREDITOS | F38: oblig financ | G38: oblig financ | H38: 24118064 | J38: 40765 | K38: 41099 | L38: =#N/A -> #N/A | M38: Pagaré | N38: 4156000 | O38: 24118064 | P38: =#N/A -> #N/A | Q38: 41243 | R38: =#N/A -> #N/A
A39: =#N/A -> #N/A | B39: 860002964 | C39: Banco Bogota | D39: Calle 36 Sur No.73 D 22 | E39: Crédito | F39: oblig financ | G39: oblig financ | H39: 1074324 | J39: 40858 | K39: 41224 | L39: =#N/A -> #N/A | M39: Pagaré | N39: 1074323 | O39: 1074324 | P39: =#N/A -> #N/A | Q39: 41243 | R39: =#N/A -> #N/A
A40: =#N/A -> #N/A | B40: 860002964 | C40: Banco Bogota | D40: Calle 36 Sur No.73 D 22 | E40: Crédito 00155418721 | F40: oblig financ | G40: oblig financ | H40: 18396981 | J40: 41107 | K40: 41209 | L40: =#N/A -> #N/A | M40: Pagaré | N40: 5565841 | O40: 18396981 | P40: =#N/A -> #N/A | Q40: 41243 | R40: =#N/A -> #N/A
A41: =#N/A -> #N/A | B41: 860002964 | C41: Banco Bogota | D41: Calle 36 Sur No.73 D 22 | E41: Crédito 92551000797 | F41: oblig financ | G41: oblig financ | H41: 18173955 | J41: 40924 | K41: 41198 | L41: =#N/A -> #N/A | M41: Pagaré | N41: 2276000 | O41: 18173955 | P41: =#N/A -> #N/A | Q41: 41243 | R41: =#N/A -> #N/A
A42: =#N/A -> #N/A | B42: 860002964 | C42: Banco Bogota | D42: Calle 36 Sur No.73 D 22 | E42: Tar. Créd. | F42: oblig financ | G42: oblig financ | H42: 10457447 | J42: 41197 | K42: 41197 | L42: =#N/A -> #N/A | M42: Pagaré | N42: 1103147 | O42: 10457447 | P42: =#N/A -> #N/A | Q42: 41243 | R42: =#N/A -> #N/A
A43: =#N/A -> #N/A | B43: 860002964 | C43: Banco Bogota | D43: Calle 36 Sur No.73 D 22 | E43: Sobregiro | F43: oblig financ | G43: oblig financ | H43: 41562344 | J43: 41182 | K43: 41182 | L43: =#N/A -> #N/A | M43: SOBREGIRO | N43: 41446541 | O43: 41562344 | P43: =#N/A -> #N/A | Q43: 41243 | R43: =#N/A -> #N/A
A44: =#N/A -> #N/A | B44: 860002964 | C44: Banco Bogota | D44: Calle 36 Sur No.73 D 22 | E44: Leasing financiero No. 33531074890 | F44: oblig financ | G44: oblig financ | H44: 19033771 | J44: 41179 | K44: 41179 | L44: =#N/A -> #N/A | M44: contrato | N44: 19033771 | O44: 19033771 | P44: =#N/A -> #N/A | Q44: 41243 | R44: =#N/A -> #N/A
A45: =#N/A -> #N/A | B45: 860002964 | C45: Banco Bogota | D45: Calle 36 Sur No.73 D 22 | E45: Crédito 00153320992 | F45: oblig financ | G45: oblig financ | H45: 19496938 | J45: 41025 | K45: 41178 | L45: =#N/A -> #N/A | M45: Pagaré | N45: 10298483 | O45: 19496938 | P45: =#N/A -> #N/A | Q45: 41243 | R45: =#N/A -> #N/A
A46: =#N/A -> #N/A | B46: 860002964 | C46: Banco Bogota | D46: Calle 36 Sur No.73 D 22 | E46: Crédito | F46: oblig financ | G46: oblig financ | H46: 34687172 | J46: 40719 | K46: 41179 | L46: =#N/A -> #N/A | M46: Pagaré | N46: 7628224 | O46: 34687172 | P46: =#N/A -> #N/A | Q46: 41244 | R46: =#N/A -> #N/A
A47: =#N/A -> #N/A | B47: 800149923 | C47: BANCOLDEX | D47: Calle 28 No. 13-A 15 | E47: CREDITOS | F47: oblig financ | G47: oblig financ | H47: 125000000 | I47: 2.24 | J47: 41127 | K47: 41127 | L47: =#N/A -> #N/A | M47: Pagaré | N47: 39312368 | O47: 125000000 | P47: =#N/A -> #N/A | Q47: 41243 | R47: =#N/A -> #N/A
A48: =#N/A -> #N/A | B48: 890903938 | C48: BANCOLOMBIA | D48: carrea 59 A Nº 79 -30 | E48: Sobregiro | F48: oblig financ | G48: oblig financ | H48: 1820162.6 | K48: 41207 | L48: =#N/A -> #N/A | O48: 1820162.6 | P48: =#N/A -> #N/A | Q48: 41243 | R48: =#N/A -> #N/A
A49: =#N/A -> #N/A | B49: 890903938 | C49: BANCOLOMBIA | D49: carrea 59 A Nº 79 -30 | E49: Crédito 710083451 | F49: oblig financ | G49: oblig financ | H49: 50110590 | J49: 40704 | K49: 41188 | L49: =#N/A -> #N/A | M49: Pagaré | N49: 8784679 | O49: 58895269 | P49: =#N/A -> #N/A | Q49: 41243 | R49: =#N/A -> #N/A
A50: =#N/A -> #N/A | B50: 890903938 | C50: BANCOLOMBIA | D50: carrea 59 A Nº 79 -30 | E50: Crédito 6860080830 | F50: oblig financ | G50: oblig financ | H50: 3599666 | J50: 40303 | K50: 41126 | L50: =#N/A -> #N/A | M50: Pagaré | N50: 3420186 | O50: 7019852 | P50: =#N/A -> #N/A | Q50: 41243 | R50: =#N/A -> #N/A
A51: =#N/A -> #N/A | B51: 890903938 | C51: BANCOLOMBIA | D51: carrea 59 A Nº 79 -30 | E51: Tar. Créd. | F51: oblig financ | G51: oblig financ | H51: 16275666 | I51: 2.28 | K51: 41115 | L51: =#N/A -> #N/A | O51: 16275666 | P51: =#N/A -> #N/A | Q51: 41243 | R51: =#N/A -> #N/A
A52: =#N/A -> #N/A | B52: 890903938 | C52: BANCOLOMBIA | D52: carrea 59 A Nº 79 -30 | E52: Crédito 710083590 | F52: oblig financ | G52: oblig financ | H52: 58332973 | J52: 40932 | K52: 41114 | L52: =#N/A -> #N/A | M52: Pagaré | N52: 26343996 | O52: 84676969 | P52: =#N/A -> #N/A | Q52: 41243 | R52: =#N/A -> #N/A
A53: =#N/A -> #N/A | B53: 890903938 | C53: BANCOLOMBIA | D53: carrea 59 A Nº 79 -30 | E53: Crédito 710083673 | F53: oblig financ | G53: oblig financ | H53: 14249263 | J53: 40960 | K53: 41111 | L53: =#N/A -> #N/A | M53: Pagaré | N53: 3738614 | O53: 17987877 | P53: =#N/A -> #N/A | Q53: 41243 | R53: =#N/A -> #N/A
A54: =#N/A -> #N/A | B54: 890903938 | C54: BANCOLOMBIA | D54: carrea 59 A Nº 79 -30 | E54: Crédito 710083550 | F54: oblig financ | G54: oblig financ | H54: 20706476 | J54: 40897 | K54: 41110 | L54: =#N/A -> #N/A | M54: Pagaré | N54: 6378401 | O54: 27084877 | P54: =#N/A -> #N/A | Q54: 41243 | R54: =#N/A -> #N/A
A55: =#N/A -> #N/A | B55: 890903938 | C55: BANCOLOMBIA | D55: carrea 59 A Nº 79 -30 | E55: Crédito 710083714 | F55: oblig financ | G55: oblig financ | H55: 10000000 | J55: 41156 | K55: 41099 | L55: =#N/A -> #N/A | M55: Pagaré | N55: 17248605 | O55: 27248605 | P55: =#N/A -> #N/A | Q55: 41243 | R55: =#N/A -> #N/A
A56: =#N/A -> #N/A | B56: 890903938 | C56: BANCOLOMBIA | D56: carrea 59 A Nº 79 -30 | E56: Crédito 7181011010 | F56: oblig financ | G56: oblig financ | H56: 6666220 | J56: 41097 | K56: 41097 | L56: =#N/A -> #N/A | M56: Pagaré | N56: 5949944 | O56: 12616164 | P56: =#N/A -> #N/A | Q56: 41243 | R56: =#N/A -> #N/A
A57: =#N/A -> #N/A | B57: 890903938 | C57: BANCOLOMBIA | D57: carrea 59 A Nº 79 -30 | E57: Crédito 7181011051 | F57: oblig financ | G57: oblig financ | H57: 2083331 | J57: 41030 | K57: 41097 | L57: =#N/A -> #N/A | M57: Pagaré | N57: 2925961 | O57: 5009292 | P57: =#N/A -> #N/A | Q57: 41243 | R57: =#N/A -> #N/A
A58: =#N/A -> #N/A | B58: 890903938 | C58: BANCOLOMBIA | D58: carrea 59 A Nº 79 -30 | E58: Crédito 6860081056 | F58: oblig financ | G58: oblig financ | H58: 3161949 | J58: 40576 | K58: 40941 | L58: =#N/A -> #N/A | M58: Pagaré | N58: 5317748 | O58: 8479697 | P58: =#N/A -> #N/A | Q58: 41243 | R58: =#N/A -> #N/A
A59: =#N/A -> #N/A | B59: 890903938 | C59: BBVA | D59: CALLE 166 No. 21-68 | E59: Crédito | F59: oblig financ | G59: oblig financ | H59: 200000000 | J59: 41054 | K59: 41146 | L59: =#N/A -> #N/A | M59: Pagaré | N59: 15119112 | O59: 200000000 | P59: =#N/A -> #N/A | Q59: 41243 | R59: =#N/A -> #N/A
A60: =#N/A -> #N/A | B60: 890903938 | C60: BBVA | D60: CALLE 166 No. 21-68 | E60: Crédito | F60: oblig financ | G60: oblig financ | H60: 30000000 | J60: 41054 | K60: 41146 | L60: =#N/A -> #N/A | M60: Pagaré | N60: 7150000 | O60: 30000000 | P60: =#N/A -> #N/A | Q60: 41243 | R60: =#N/A -> #N/A
A61: =#N/A -> #N/A | B61: 1032381833 | C61: Caballero Andrés | D61: CRA 80D Nº 47-74 | E61: Honorarios - Auxiliar de Camioneta | F61: ctos y gtos x p | G61: Servicios de Personal | H61: 396160 | I61: 0 | J61: 41212 | K61: 41218 | L61: =#N/A -> #N/A | M61: Cta. Cobro | N61: =#N/A -> #N/A | O61: 396160 | P61: =#N/A -> #N/A | Q61: 41243 | R61: =#N/A -> #N/A
A62: =#N/A -> #N/A | B62: 80151989 | C62: Camilo Perez | D62: Ubate Km-1 via lenguasaque | E62: Proveedores | F62: proveedores | G62: proveedor PT | H62: 1237880 | I62: 0 | J62: 41206 | K62: 41237 | L62: =#N/A -> #N/A | M62: 81J | N62: =#N/A -> #N/A | O62: 1237880 | P62: =#N/A -> #N/A | Q62: 41243 | R62: =#N/A -> #N/A
A63: =#N/A -> #N/A | B63: 80151989 | C63: Camilo Perez | D63: Ubate Km-1 via lenguasaque | E63: Proveedores | F63: proveedores | G63: proveedor PT | H63: 1237880 | I63: 0 | J63: 41206 | K63: 41237 | L63: =#N/A -> #N/A | M63: 81 | N63: =#N/A -> #N/A | O63: 1237880 | P63: =#N/A -> #N/A | Q63: 41243 | R63: =#N/A -> #N/A
A64: =#N/A -> #N/A | B64: 80151989 | C64: Camilo Perez | D64: Ubate Km-1 via lenguasaque | E64: Proveedores | F64: proveedores | G64: proveedor PT | H64: 1195600 | I64: 0 | J64: 41199 | K64: 41230 | L64: =#N/A -> #N/A | M64: 129 | N64: =#N/A -> #N/A | O64: 1195600 | P64: =#N/A -> #N/A | Q64: 41243 | R64: =#N/A -> #N/A
A65: =#N/A -> #N/A | B65: 80151989 | C65: Camilo Perez | D65: Ubate Km-1 via lenguasaque | E65: Proveedores | F65: proveedores | G65: proveedor PT | H65: 1213520 | I65: 0 | J65: 41169 | K65: 41199 | L65: =#N/A -> #N/A | M65: 3843 | N65: =#N/A -> #N/A | O65: 1213520 | P65: =#N/A -> #N/A | Q65: 41243 | R65: =#N/A -> #N/A
A66: =#N/A -> #N/A | B66: 80151989 | C66: Camilo Perez | D66: Ubate Km-1 via lenguasaque | E66: Proveedores | F66: proveedores | G66: proveedor PT | H66: 1192240 | I66: 0 | J66: 41156 | K66: 41186 | L66: =#N/A -> #N/A | M66: 3570 | N66: =#N/A -> #N/A | O66: 1192240 | P66: =#N/A -> #N/A | Q66: 41243 | R66: =#N/A -> #N/A
A67: =#N/A -> #N/A | B67: 80151989 | C67: Camilo Perez | D67: Ubate Km-1 via lenguasaque | E67: Proveedores | F67: proveedores | G67: proveedor PT | H67: 3739000 | I67: 0 | J67: 41150 | K67: 41181 | L67: =#N/A -> #N/A | M67: cheque | N67: =#N/A -> #N/A | O67: 3739000 | P67: =#N/A -> #N/A | Q67: 41243 | R67: =#N/A -> #N/A
A68: =#N/A -> #N/A | B68: 80151989 | C68: Camilo Perez | D68: Ubate Km-1 via lenguasaque | E68: Proveedores | F68: proveedores | G68: proveedor PT | H68: 1209600 | I68: 0 | J68: 41150 | K68: 41181 | L68: =#N/A -> #N/A | M68: 3481 | N68: =#N/A -> #N/A | O68: 1209600 | P68: =#N/A -> #N/A | Q68: 41243 | R68: =#N/A -> #N/A
A69: =#N/A -> #N/A | B69: 80151989 | C69: Camilo Perez | D69: Ubate Km-1 via lenguasaque | E69: Proveedores | F69: proveedores | G69: proveedor PT | H69: 1204560 | I69: 0 | J69: 41148 | K69: 41179 | L69: =#N/A -> #N/A | M69: 3065 | N69: =#N/A -> #N/A | O69: 1204560 | P69: =#N/A -> #N/A | Q69: 41243 | R69: =#N/A -> #N/A
A70: =#N/A -> #N/A | B70: 80151989 | C70: Camilo Perez | D70: Ubate Km-1 via lenguasaque | E70: Proveedores | F70: proveedores | G70: proveedor PT | H70: 1874320 | I70: 0 | J70: 41142 | K70: 41173 | L70: =#N/A -> #N/A | M70: 3155 | N70: =#N/A -> #N/A | O70: 1874320 | P70: =#N/A -> #N/A | Q70: 41243 | R70: =#N/A -> #N/A
A71: =#N/A -> #N/A | B71: 80151989 | C71: Camilo Perez | D71: Ubate Km-1 via lenguasaque | E71: Proveedores | F71: proveedores | G71: proveedor PT | H71: 1665440 | I71: 0 | J71: 41138 | K71: 41169 | L71: =#N/A -> #N/A | M71: 2899 | N71: =#N/A -> #N/A | O71: 1665440 | P71: =#N/A -> #N/A | Q71: 41243 | R71: =#N/A -> #N/A
A72: =#N/A -> #N/A | B72: 80151989 | C72: Camilo Perez | D72: Ubate Km-1 via lenguasaque | E72: Proveedores | F72: proveedores | G72: proveedor PT | H72: 1437520 | I72: 0 | J72: 41136 | K72: 41167 | L72: =#N/A -> #N/A | M72: 2897 | N72: =#N/A -> #N/A | O72: 1437520 | P72: =#N/A -> #N/A | Q72: 41243 | R72: =#N/A -> #N/A
A73: =#N/A -> #N/A | B73: 19349519 | C73: Cardona Henrry | D73: Cra 105 H No. 71 A 27 | E73: Honorarios - ventas | F73: ctos y gtos x p | G73: Servicios de Personal | H73: 875000 | I73: 0 | J73: 41212 | K73: 41218 | L73: =#N/A -> #N/A | M73: Cta. Cobro | N73: =#N/A -> #N/A | O73: 875000 | P73: =#N/A -> #N/A | Q73: 41248 | R73: =#N/A -> #N/A
A74: =#N/A -> #N/A | B74: 79168603 | C74: Carlos Ruiz | D74: Km 0,5 Via Ubate Barrio San Ignacio | E74: Proveedores | F74: proveedores | G74: proveedor PT | H74: 1134100 | I74: 0 | J74: 41170 | K74: 41200 | L74: =#N/A -> #N/A | M74: 190912 | N74: =#N/A -> #N/A | O74: 1134100 | P74: =#N/A -> #N/A | Q74: 41243 | R74: =#N/A -> #N/A
A75: =#N/A -> #N/A | B75: 79168603 | C75: Carlos Ruiz | D75: Km 0,5 Via Ubate Barrio San Ignacio | E75: Proveedores | F75: proveedores | G75: proveedor PT | H75: 1171500 | I75: 0 | J75: 41166 | K75: 41196 | L75: =#N/A -> #N/A | M75: 140912 | N75: =#N/A -> #N/A | O75: 1171500 | P75: =#N/A -> #N/A | Q75: 41243 | R75: =#N/A -> #N/A
A76: =#N/A -> #N/A | B76: 79168603 | C76: Carlos Ruiz | D76: Km 0,5 Via Ubate Barrio San Ignacio | E76: Proveedores | F76: proveedores | G76: proveedor PT | H76: 2281125 | I76: 0 | J76: 41159 | K76: 41189 | L76: =#N/A -> #N/A | M76: 70912 | N76: =#N/A -> #N/A | O76: 2281125 | P76: =#N/A -> #N/A | Q76: 41243 | R76: =#N/A -> #N/A
A77: =#N/A -> #N/A | B77: 79168603 | C77: Carlos Ruiz | D77: Km 0,5 Via Ubate Barrio San Ignacio | E77: Proveedores | F77: proveedores | G77: proveedor PT | H77: 1166550 | I77: 0 | J77: 41156 | K77: 41186 | L77: =#N/A -> #N/A | M77: 40912 | N77: =#N/A -> #N/A | O77: 1166550 | P77: =#N/A -> #N/A | Q77: 41243 | R77: =#N/A -> #N/A
A78: =#N/A -> #N/A | B78: 79168603 | C78: Carlos Ruiz | D78: Km 0,5 Via Ubate Barrio San Ignacio | E78: Proveedores | F78: proveedores | G78: proveedor PT | H78: 1166550 | I78: 0 | J78: 41155 | K78: 41185 | L78: =#N/A -> #N/A | M78: 30912 | N78: =#N/A -> #N/A | O78: 1166550 | P78: =#N/A -> #N/A | Q78: 41243 | R78: =#N/A -> #N/A
A79: =#N/A -> #N/A | B79: 79168603 | C79: Carlos Ruiz | D79: Km 0,5 Via Ubate Barrio San Ignacio | E79: Proveedores | F79: proveedores | G79: proveedor PT | H79: 1435750 | I79: 0 | J79: 41152 | K79: 41182 | L79: =#N/A -> #N/A | M79: 310812 | N79: =#N/A -> #N/A | O79: 1435750 | P79: =#N/A -> #N/A | Q79: 41243 | R79: =#N/A -> #N/A
A80: =#N/A -> #N/A | B80: 890321151 | C80: Carvajal Tecnologia y Servicios | D80: AV EL DORADO N§ 90-10 | E80: Servicios | F80: ctos y gtos x p | G80: ctos y gtos x p | H80: 156600 | I80: 0 | J80: 41130 | K80: 41160 | L80: =#N/A -> #N/A | M80: 102519772 | N80: =#N/A -> #N/A | O80: 156600 | P80: =#N/A -> #N/A | Q80: 41243 | R80: =#N/A -> #N/A
A81: =#N/A -> #N/A | B81: 890321151 | C81: Carvajal Tecnologia y Servicios | D81: AV EL DORADO N§ 90-10 | E81: Servicios | F81: ctos y gtos x p | G81: ctos y gtos x p | H81: 928000 | I81: 0 | J81: 41075 | K81: 41135 | L81: =#N/A -> #N/A | M81: 102507898 | N81: =#N/A -> #N/A | O81: 928000 | P81: =#N/A -> #N/A | Q81: 41243 | R81: =#N/A -> #N/A
A82: 1 | B82: 860032115 | C82: CENTRO DIESEL | D82: CLLE 13 N§ 68B-11 | E82: Servicios | F82: ctos y gtos x p | G82: ctos y gtos x p | H82: 3203793 | I82: 0 | J82: 41188 | K82: 41243 | L82: =#N/A -> #N/A | M82: Cheque | N82: =#N/A -> #N/A | O82: 3203793 | P82: =#N/A -> #N/A | Q82: 41243 | R82: =#N/A -> #N/A
A83: =#N/A -> #N/A | B83: 860032115 | C83: CENTRO DIESEL | D83: CLLE 13 N§ 68B-11 | E83: Servicios | F83: ctos y gtos x p | G83: ctos y gtos x p | H83: 3203793 | I83: 0 | J83: 41188 | K83: 41219 | L83: =#N/A -> #N/A | M83: Cheque | N83: =#N/A -> #N/A | O83: 3203793 | P83: =#N/A -> #N/A | Q83: 41243 | R83: =#N/A -> #N/A
A84: =#N/A -> #N/A | B84: 860451304 | C84: Ciacomeq S.A.S | D84: Cra 63 N. 5A-85 | E84: Proveedor Insumos | F84: proveedores | G84: Insumos Prod | H84: 678799 | I84: 0 | J84: 41173 | K84: 41204 | L84: =#N/A -> #N/A | M84: CHEQUE | N84: =#N/A -> #N/A | O84: 678799 | P84: =#N/A -> #N/A | Q84: 41243 | R84: =#N/A -> #N/A
A85: =#N/A -> #N/A | B85: 860451304 | C85: Ciacomeq S.A.S | D85: Cra 63 N. 5A-85 | E85: Proveedor Insumos | F85: proveedores | G85: Insumos Prod | H85: 2175093 | I85: 0 | J85: 41111 | K85: 41142 | L85: =#N/A -> #N/A | M85: 360135 | N85: =#N/A -> #N/A | O85: 2175093 | P85: =#N/A -> #N/A | Q85: 41243 | R85: =#N/A -> #N/A
A86: =#N/A -> #N/A | B86: 860451304 | C86: Ciacomeq S.A.S | D86: Cra 63 N. 5A-85 | E86: Proveedor Insumos | F86: proveedores | G86: Insumos Prod | H86: 1165855 | I86: 0 | J86: 41068 | K86: 41129 | L86: =#N/A -> #N/A | M86: 355789 | N86: =#N/A -> #N/A | O86: 1165855 | P86: =#N/A -> #N/A | Q86: 41243 | R86: =#N/A -> #N/A
A87: =#N/A -> #N/A | B87: 900200429 | C87: COLFURPLAS LTDA | D87: CR 68 (AV. C/DAD CALI) N§ 5A 56 | E87: Proveedores | F87: proveedores | G87: proveedores | H87: 836360 | I87: 0 | J87: 41173 | K87: 41173 | L87: =#N/A -> #N/A | M87: 476 | N87: =#N/A -> #N/A | O87: 836360 | P87: =#N/A -> #N/A | Q87: 41243 | R87: =#N/A -> #N/A
A88: =#N/A -> #N/A | B88: 900050603 | C88: COMPA¥IA COLOMBIANA DE LACTEOS SAN JORGE | D88: DIAG. 27 BSUR N§ 34-32 | E88: Proveedor | F88: proveedores | G88: proveedores | H88: 234300 | J88: 41038 | K88: 41069 | L88: =#N/A -> #N/A | M88: 30673 | N88: =#N/A -> #N/A | O88: 234300 | P88: =#N/A -> #N/A | Q88: 41243 | R88: =#N/A -> #N/A
A89: =#N/A -> #N/A | B89: 800197268 | C89: DIAN - | D89: Cra 8 No 6 - 65 | E89: Retención Fuente 2012 | F89: imptos x pag | G89: Retencion en la Fuente | H89: 2848000 | J89: 41121 | K89: 41134 | L89: =#N/A -> #N/A | M89: Declaración | N89: =#N/A -> #N/A | O89: 2848000 | P89: =#N/A -> #N/A | Q89: 41243 | R89: =#N/A -> #N/A
A90: =#N/A -> #N/A | B90: 800197268 | C90: DIAN - | D90: Cra 8 No 6 - 64 | E90: Impuesto Renta 2011 | F90: imptos x pag | G90: Renta | H90: 9040000 | J90: 40908 | K90: 41121 | L90: =#N/A -> #N/A | M90: Declaración | N90: =#N/A -> #N/A | O90: 9040000 | P90: =#N/A -> #N/A | Q90: 41243 | R90: =#N/A -> #N/A
A91: =#N/A -> #N/A | B91: 79390154 | C91: DISTRIBUIDORA EL ÉXITO 7 MILTON RONCANCIO | D91: CL 8 BIS No. 81 B 06 | E91: Proveedor | F91: proveedores | G91: proveedores | H91: 480000 | J91: 41055 | K91: 41086 | L91: =#N/A -> #N/A | M91: 29 | N91: =#N/A -> #N/A | O91: 480000 | P91: =#N/A -> #N/A | Q91: 41243 | R91: =#N/A -> #N/A
A92: =#N/A -> #N/A | B92: 79390154 | C92: DISTRIBUIDORA EL ÉXITO 7 MILTON RONCANCIO | D92: CL 8 BIS No. 81 B 06 | E92: Proveedor | F92: proveedores | G92: proveedores | H92: 774800 | J92: 41043 | K92: 41074 | L92: =#N/A -> #N/A | M92: 301 | N92: =#N/A -> #N/A | O92: 774800 | P92: =#N/A -> #N/A | Q92: 41243 | R92: =#N/A -> #N/A
A93: =#N/A -> #N/A | B93: 79390154 | C93: DISTRIBUIDORA EL ÉXITO 7 MILTON RONCANCIO | D93: CL 8 BIS No. 81 B 06 | E93: Proveedor | F93: proveedores | G93: proveedores | H93: 1071200 | J93: 41011 | K93: 41041 | L93: =#N/A -> #N/A | M93: 49 | N93: =#N/A -> #N/A | O93: 1071200 | P93: =#N/A -> #N/A | Q93: 41243 | R93: =#N/A -> #N/A
A94: =#N/A -> #N/A | B94: 79390154 | C94: DISTRIBUIDORA EL ÉXITO 7 MILTON RONCANCIO | D94: CL 8 BIS No. 81 B 06 | E94: Proveedor | F94: proveedores | G94: proveedores | H94: 235000 | J94: 40995 | K94: 41026 | L94: =#N/A -> #N/A | M94: 30 | N94: =#N/A -> #N/A | O94: 235000 | P94: =#N/A -> #N/A | Q94: 41243 | R94: =#N/A -> #N/A
A95: =#N/A -> #N/A | B95: 79390154 | C95: DISTRIBUIDORA EL ÉXITO 7 MILTON RONCANCIO | D95: CL 8 BIS No. 81 B 06 | E95: Proveedor | F95: proveedores | G95: proveedores | H95: 561600 | J95: 40991 | K95: 41022 | L95: =#N/A -> #N/A | M95: 52 | N95: =#N/A -> #N/A | O95: 561600 | P95: =#N/A -> #N/A | Q95: 41243 | R95: =#N/A -> #N/A
A96: =#N/A -> #N/A | B96: 79390154 | C96: DISTRIBUIDORA EL ÉXITO 7 MILTON RONCANCIO | D96: CL 8 BIS No. 81 B 06 | E96: Proveedor | F96: proveedores | G96: proveedores | H96: 1236000 | J96: 40982 | K96: 41013 | L96: =#N/A -> #N/A | M96: 1200 | N96: =#N/A -> #N/A | O96: 1236000 | P96: =#N/A -> #N/A | Q96: 41243 | R96: =#N/A -> #N/A
A97: =#N/A -> #N/A | B97: 79390154 | C97: DISTRIBUIDORA EL ÉXITO 7 MILTON RONCANCIO | D97: CL 8 BIS No. 81 B 06 | E97: Proveedor | F97: proveedores | G97: proveedores | H97: 104000 | J97: 40974 | K97: 41005 | L97: =#N/A -> #N/A | M97: 2349 | N97: =#N/A -> #N/A | O97: 104000 | P97: =#N/A -> #N/A | Q97: 41243 | R97: =#N/A -> #N/A
A98: =#N/A -> #N/A | B98: 79390154 | C98: DISTRIBUIDORA EL ÉXITO 7 MILTON RONCANCIO | D98: CL 8 BIS No. 81 B 06 | E98: Proveedor | F98: proveedores | G98: proveedores | H98: 815400 | J98: 40941 | K98: 40970 | L98: =#N/A -> #N/A | M98: 1046 | N98: =#N/A -> #N/A | O98: 815400 | P98: =#N/A -> #N/A | Q98: 41243 | R98: =#N/A -> #N/A
A99: =#N/A -> #N/A | B99: 12098933 | C99: DISTRIBUIDORA/HECTOR QUINTERO MOSQR | D99: CRA 68 NO. 31-77 | E99: prestamo Particular | F99: prestamos a particulares | G99: prestamos a particulares | H99: 2800000 | J99: 41208 | K99: 41243 | L99: =#N/A -> #N/A | O99: 2800000 | P99: =#N/A -> #N/A | Q99: 41243 | R99: =#N/A -> #N/A
A100: =#N/A -> #N/A | B100: 12098933 | C100: DISTRIBUIDORA/HECTOR QUINTERO MOSQR | D100: CRA 68 NO. 31-77 | E100: prestamo Particular | F100: prestamos a particulares | G100: prestamos a particulares | H100: 30000000 | J100: 40720 | K100: 40994 | L100: =#N/A -> #N/A | O100: 30000000 | P100: =#N/A -> #N/A | Q100: 41243 | R100: =#N/A -> #N/A
...

Sheet CLIENTES Bo
A1: =+'DISPONIBLE Bo'!A1:F1 -> LA NOTA COLOMBIA SAS
A2: =+'DISPONIBLE Bo'!A2:F2 -> NIT 901233167-1
A4: INVENTARIO DE ACTIVOS - CUENTAS POR COBRAR CLIENTES
J5: =+'DISPONIBLE Bo'!F5 -> Corte al 15 de Octubre de 2024
A6: No | B6: ID | C6: CLIENTE | D6: DIRECCIÓN | E6: CIUDAD | F6: FECHA DE ORIGEN | G6: VENCIMIENTO | H6: DOCUMENTO | I6: TOTAL | J6: TOTAL POR DEUDOR
A7: 1 | B7: 1090392288 | C7: NICOLAS JARAMILLO RAMIREZ | D7: AV 1 E N.11-142 BR CAOBOS | E7: CUCUTA | F7: 45436 | G7: 45467 | H7: CMDSR05-024 | I7: 202200 | J7: =+I7 -> 202200
A8: =+A7+1 -> 2 | B8: 900843898 | C8: RAPPI SAS | D8: CL 71 A # 14 - 36 | E8: BOGOTA | F8: 45567 | G8: 45574 | H8: FVB411133 | I8: 1457263.2 | J8: =SUM(I8:I186) -> 10266755
A9: =+A8+1 -> 3 | B9: 900843898 | C9: RAPPI SAS | D9: CL 71 A # 14 - 36 | E9: BOGOTA | F9: 45569 | G9: 45574 | H9: FVB411134 | I9: 147500
A10: =+A9+1 -> 4 | B10: 900843898 | C10: RAPPI SAS | D10: CL 71 A # 14 - 36 | E10: BOGOTA | F10: 45570 | G10: 45574 | H10: FVB411175 | I10: 19900
A11: =+A10+1 -> 5 | B11: 900843898 | C11: RAPPI SAS | D11: CL 71 A # 14 - 36 | E11: BOGOTA | F11: 45570 | G11: 45574 | H11: FVB411168 | I11: 21900
A12: =+A11+1 -> 6 | B12: 900843898 | C12: RAPPI SAS | D12: CL 71 A # 14 - 36 | E12: BOGOTA | F12: 45570 | G12: 45574 | H12: FVB65037 | I12: 21901
A13: =+A12+1 -> 7 | B13: 900843898 | C13: RAPPI SAS | D13: CL 71 A # 14 - 36 | E13: BOGOTA | F13: 45570 | G13: 45574 | H13: FVB65050 | I13: 24901
A14: =+A13+1 -> 8 | B14: 900843898 | C14: RAPPI SAS | D14: CL 71 A # 14 - 36 | E14: BOGOTA | F14: 45570 | G14: 45574 | H14: FVB411334 | I14: 26400
A15: =+A14+1 -> 9 | B15: 900843898 | C15: RAPPI SAS | D15: CL 71 A # 14 - 36 | E15: BOGOTA | F15: 45570 | G15: 45574 | H15: FVB411259 | I15: 29900
A16: =+A15+1 -> 10 | B16: 900843898 | C16: RAPPI SAS | D16: CL 71 A # 14 - 36 | E16: BOGOTA | F16: 45570 | G16: 45574 | H16: FVB411250 | I16: 32800
A17: =+A16+1 -> 11 | B17: 900843898 | C17: RAPPI SAS | D17: CL 71 A # 14 - 36 | E17: BOGOTA | F17: 45570 | G17: 45574 | H17: FVB411335 | I17: 38800
A18: =+A17+1 -> 12 | B18: 900843898 | C18: RAPPI SAS | D18: CL 71 A # 14 - 36 | E18: BOGOTA | F18: 45570 | G18: 45574 | H18: FVB411300 | I18: 39800
A19: =+A18+1 -> 13 | B19: 900843898 | C19: RAPPI SAS | D19: CL 71 A # 14 - 36 | E19: BOGOTA | F19: 45570 | G19: 45574 | H19: FVB65020 | I19: 41801
A20: =+A19+1 -> 14 | B20: 900843898 | C20: RAPPI SAS | D20: CL 71 A # 14 - 36 | E20: BOGOTA | F20: 45570 | G20: 45574 | H20: FVB411340 | I20: 46900
... A186: =+A185+1 -> 180 | B186: 900843898 | C186: RAPPI SAS | D186: CL 71 A # 14 - 36 | E186: BOGOTA | F186: 45580 | G186: 45588 | H186: FVB412789 | I186: 149400
A187: =+A186+1 -> 181 | B187: 88190815-1 | C187: PABLO DAZA DELGADO | D187: CALLE 4 N 11-29 BARRIO CARORA | E187: CUCUTA | F187: 45534 | G187: =+F187+8 -> 45542 | I187: 42497956 | J187: =+I187 -> 42497956
G188: TOTAL CUENTAS POR COBRAR CLIENTES | J188: =SUM(J7:J187) -> 52966911
A190: INVENTARIO DE ACTIVOS - OTRAS CUENTAS POR COBRAR
A192: No | B192: ID | C192: CLIENTE | D192: DIRECCIÓN | E192: CIUDAD | F192: FECHA DE ORIGEN | G192: VENCIMIENTO | H192: DOCUMENTO | I192: TOTAL | J192: TOTAL POR ACREEDOR
A193: 1 | I193: 0 | J193: =+I193 -> 0
A194: =+A193+1 -> 2 | I194: 0 | J194: =+I194 -> 0
A195: =+A194+1 -> 3 | I195: 0 | J195: =+I195 -> 0
G196: TOTAL OTRAS CUENTAS POR COBRAR | J196: =SUM(J193:J195) -> 0
B204: Pedro Jose Calderon Rivas | E204: Leonel López Galindo | I204: Nilson Martinez Ascanio
B205: Representante Legal | E205: Contador | I205: Revisor Fiscal
B206: C.E 1026034 | E206: C.C. 79837280 | I206: C.C. 13278139
E207: T.P.112277-T | I207: T.P. 173932 T

Sheet INVENTARIO Bo
A1: =+'ANTICIPO DE IMPUESTOS Bo'!A1:I1 -> LA NOTA COLOMBIA SAS
A2: =+'ANTICIPO DE IMPUESTOS Bo'!A2:I2 -> NIT 901233167-1
A4: INVENTARIO
C5: AL 15 Octubre del 2024
A6: ITEM | B6: BIEN | C6: VALOR ACTUAL
A7: 1 | B7: Insumo Comida y Bebida | C7: 2.9717581e+08
A8: 2 | B8: Insumo Papel | C8: 21502326
A9: 3 | B9: Artope Aseo y Cocina | C9: 10739529
A10: 4 | B10: Insumo Bebida y Comida Exento, Excluido y No Gravado | C10: 268577
A11: 5 | B11: Producto Terminado | C11: 1066712701
A12: 6 | B12: mercancia no fabricada por la empresa | C12: 1228170.7
A13: 7 | B13: Insumo Bebida y Comida Exento, Excluido y No Gravado | C13: 12604816
A14: TOTAL INVENTARIO | C14: =SUM(C7:C13) -> 1.4102319e+09
A22: Pedro Jose Calderon Rivas | B22: Leonel López Galindo | C22: Nilson Martinez Ascanio
A23: Representante Legal | B23: Contador | C23: Revisor Fiscal
A24: C.E 1026034 | B24: C.C. 79837280 | C24: C.C. 13278139
B25: T.P.112277-T | C25: T.P. 173932 T

Sheet ANTICIPO DE IMPUESTOS Bo
A1: =+'DISPONIBLE Bo'!A1 -> LA NOTA COLOMBIA SAS
A2: =+'DISPONIBLE Bo'!A2 -> NIT 901233167-1
A4: INVENTARIO DE ACTIVOS ANTICIPO DE IMPUESTOS CORRIENTES
J5: =+'DISPONIBLE Bo'!F5 -> Corte al 15 de Octubre de 2024
A6: ITEM | B6: NIT O CÉDULA | C6: Nombre Acreedor | D6: Domicilio Acreedor | E6: Ciudad | F6: Objeto Acreencia | G6: Año | H6: Periodo | I6: TOTAL | J6: TOTAL POR DEUDOR
A7: 1 | B7: 800.197.268-4 | C7: Direccion dd impuestos y aduanas nacionales | D7: Calle 8 # 3-50 | E7: Cucuta | F7: autorretenciones renta | G7: 45535 | H7: 2024 | I7: 51042000 | J7: =SUM(I7:I8) -> 105668897
A8: 2 | B8: 800.197.268-4 | C8: Direccion dd impuestos y aduanas nacionales | D8: Calle 8 # 3-50 | E8: Cucuta | F8: Anticipo renta | G8: 45535 | H8: 2024 | I8: 54626897
H9: TOTAL ANTICIPO DE IMPUESTOS CORRIENTES | J9: =SUM(J7:J8) -> 105668897
A11: INVENTARIO DE ACTIVOS ANTICIPO DE OTROS IMPUESTOS
A12: ITEM | B12: NIT O CÉDULA | C12: Nombre Acreedor | D12: Domicilio Acreedor | E12: Ciudad | F12: Objeto Acreencia | G12: Año | H12: Periodo | I12: TOTAL | J12: TOTAL POR DEUDOR
A13: 1 | B13: 860034604-5 | C13: San jose de Cucuta | D13: Calle 11 No 5-05 | E13: Cucuta | F13: Saldo a favor ICA | G13: 45291 | H13: 2023 | I13: 10945000 | J13: =SUM(I13:I15) -> 108533754
A14: =+A13+1 -> 2 | B14: 860034604-5 | C14: San jose de Cucuta | D14: Calle 11 No 5-05 | E14: Cucuta | F14: autorretenciones ICA | G14: 45535 | H14: 2024 | I14: 94347000
A15: =+A14+1 -> 3 | B15: 860034604-5 | C15: San jose de Cucuta | D15: Calle 11 No 5-05 | E15: Cucuta | F15: autorretenciones ICA | G15: 45535 | H15: 2024 | I15: 3241754
H16: TOTAL ANTICIPO DE OTROS IMPUESTOS | J16: =SUM(J13:J15) -> 108533754
B24: Pedro Jose Calderon Rivas | D24: Leonel López Galindo | G24: Nilson Martinez Ascanio
B25: Representante Legal | D25: Contador | G25: Revisor Fiscal
B26: C.E 1026034 | D26: C.C. 79837280 | G26: C.C. 13278139
D27: T.P.112277-T | G27: T.P. 173932 T

Sheet OTROS ACTIVOS NO FINAN
A1: =+'DISPONIBLE Bo'!A1:F1 -> LA NOTA COLOMBIA SAS
A2: =+'DISPONIBLE Bo'!A2:F2 -> NIT 901233167-1
A4: INVENTARIO DE ACTIVOS - CARGOS DIFERIDOS
H5: =+'DISPONIBLE Bo'!F5 -> Corte al 15 de Octubre de 2024
A6: No | B6: NIT | C6: NOMBRE | D6: DESCRIPCION | E6: DOCUMENTO | F6: FECHA | G6: VALOR | H6: TOTAL POR DEUDOR
A7: 1 | B7: 890903407-9 | C7: HDI SEGUROS S.A POLIZA PERTENECIENTE A LOS RESTAURANTES | D7: Seguro | E7: FCC1FE011055370 | F7: 45497 | G7: 17292295 | H7: =+G7 -> 17292295
A8: =+A7+1 -> 2 | B8: 890903407 | C8: SEGUROS GENERALES SURAMERICANA SA | D8: Seguro | E8: FCCD10409804436 | F8: 45523 | G8: 318686 | H8: =SUM(G8:G11) -> 1637441.2
A9: =+A8+1 -> 3 | B9: 890903407 | C9: SEGUROS GENERALES SURAMERICANA SA | D9: Seguro | E9: FCCD10409804436 | F9: 45523 | G9: 587691
A10: =+A9+1 -> 4 | B10: 890903407 | C10: SEGUROS GENERALES SURAMERICANA SA | D10: Seguro | E10: FCCD10409541609 | F10: 45493 | G10: 438935.33
A11: =+A10+1 -> 5 | B11: 890903407 | C11: SEGUROS GENERALES SURAMERICANA SA | D11: Seguro | E11: FCCD10409542343 | F11: 45493 | G11: 292128.83
A12: =+A11+1 -> 6 | B12: 830034343-9 | C12: RENTEK SAS | D12: Fondo Nacional de Garantia | F12: 45176 | G12: 275744.82 | H12: =+G12 -> 275744.82
A13: =+A12+1 -> 7 | B13: 890300279-4 | C13: BANCO DE OCCIDENTE N.61448 | D13: Fondo Nacional de Garantia | F13: 45197 | G13: 100443.44 | H13: =SUM(G13:G16) -> 4231782.4
A14: =+A13+1 -> 8 | B14: 890300279-4 | C14: BANCO DE OCCIDENTE N.64178 | D14: Fondo Nacional de Garantia | F14: 45260 | G14: 1345160
A15: =+A14+1 -> 9 | B15: 890300279-4 | C15: BANCO OCCIDENTE FONDO NACIONAL DE GARANTIA CREDITOS OCCIDENTE | D15: Fondo Nacional de Garantia | F15: 45331 | G15: 501629
A16: =+A15+1 -> 10 | B16: 890300279-4 | C16: BANCO OCCIDENTE CREDITO 60030067080 | D16: Fondo Nacional de Garantia | F16: 45331 | G16: 2284550
A17: =+A16+1 -> 11 | B17: 890200756-7 | C17: BANCO PICHINCHA S A | D17: Fondo Nacional de Garantia | F17: 45335 | G17: 412137 | H17: =SUM(G17:G19) -> 14683480
A18: =+A17+1 -> 12 | B18: 890200756-7 | C18: BANCO PICHINCHA S A | D18: Fondo Nacional de Garantia | F18: 45260 | G18: 12461551
A19: =+A18+1 -> 13 | B19: 890200756-7 | C19: BANCO PICHINCHA S A | D19: Fondo Nacional de Garantia | F19: 45260 | G19: 1809792
A20: =+A19+1 -> 14 | B20: 890903938-8 | C20: BANCOLOMBIA LEASING | D20: Fondo Nacional de Garantia | F20: 45244 | G20: 1090511 | H20: =SUM(G20:G21) -> 1627639
A21: =+A20+1 -> 15 | B21: 890903938-8 | C21: BANCOLOMBIA LEASING 278442 | D21: Fondo Nacional de Garantia | F21: 45349 | G21: 537128
A22: =+A21+1 -> 16 | B22: 901040141-1 | C22: FINAKTIVA SAS | D22: Fondo Nacional de Garantia | F22: 45351 | G22: 4119281 | H22: =+G22 -> 4119281
F23: TOTAL ACTIVOS DIFERIDOS | H23: =SUM(H7:H22) -> 43867663
A25: INVENTARIO DE ACTIVOS - OTROS ACTIVOS NO FINANCIEROS CUENTAS POR COBRAR PROVEEDORES
A26: No | B26: ID | C26: CLIENTE | D26: DIRECCIÓN | E26: CIUDAD | F26: FECHA DE ORIGEN | G26: DOCUMENTO | H26: VALOR | I26: TOTAL POR DEUDOR
A27: 1 | B27: 800000276-8 | C27: AVICOLA EL MADRONO SA | D27: KM 6 AUT GIRON CR 12 57 88 BUCARAMANGA | E27: BUCARAMANGA | F27: 45576 | G27: CE0010-162 | H27: 11381100 | I27: =+H27 -> 11381100
A28: =+A27+1 -> 2 | B28: 13467003-4 | C28: CARLOS ARTURO PEÑA ARDILA | D28: CLL 22AN #18E-59 NIZA | E28: CUCUTA | F28: 45406 | G28: CE0004-421 | H28: 8223000 | I28: =SUM(H28:H41) -> 33288492
A29: =+A28+1 -> 3 | B29: 13467003-4 | C29: CARLOS ARTURO PEÑA ARDILA | D29: CLL 22AN #18E-59 NIZA | E29: CUCUTA | F29: 45408 | G29: CE0004-501 | H29: 3184400
A30: =+A29+1 -> 4 | B30: 13467003-4 | C30: CARLOS ARTURO PEÑA ARDILA | D30: CLL 22AN #18E-59 NIZA | E30: CUCUTA | F30: 45476 | G30: CE0007-144 | H30: 209655.51
A31: =+A30+1 -> 5 | B31: 13467003-4 | C31: CARLOS ARTURO PEÑA ARDILA | D31: CLL 22AN #18E-59 NIZA | E31: CUCUTA | F31: 45482 | G31: CE0007-143 | H31: 192825.59
A32: =+A31+1 -> 6 | B32: 13467003-4 | C32: CARLOS ARTURO PEÑA ARDILA | D32: CLL 22AN #18E-59 NIZA | E32: CUCUTA | F32: 45513 | G32: CE0008-106 | H32: 168036.34
A33: =+A32+1 -> 7 | B33: 13467003-4 | C33: CARLOS ARTURO PEÑA ARDILA | D33: CLL 22AN #18E-59 NIZA | E33: CUCUTA | F33: 45513 | G33: CE0008-106 | H33: 2790916.7
A34: =+A33+1 -> 8 | B34: 13467003-4 | C34: CARLOS ARTURO PEÑA ARDILA | D34: CLL 22AN #18E-59 NIZA | E34: CUCUTA | F34: 45513 | G34: CE0008-106 | H34: 54527.86
A35: =+A34+1 -> 9 | B35: 13467003-4 | C35: CARLOS ARTURO PEÑA ARDILA | D35: CLL 22AN #18E-59 NIZA | E35: CUCUTA | F35: 45538 | G35: CE0009-077 | H35: 89250.79
A36: =+A35+1 -> 10 | B36: 13467003-4 | C36: CARLOS ARTURO PEÑA ARDILA | D36: CLL 22AN #18E-59 NIZA | E36: CUCUTA | F36: 45539 | G36: CE0009-053 | H36: 3600393.4
A37: =+A36+1 -> 11 | B37: 13467003-4 | C37: CARLOS ARTURO PEÑA ARDILA | D37: CLL 22AN #18E-59 NIZA | E37: CUCUTA | F37: 45540 | G37: CE0009-066 | H37: 5136620.5
A38: =+A37+1 -> 12 | B38: 13467003-4 | C38: CARLOS ARTURO PEÑA ARDILA | D38: CLL 22AN #18E-59 NIZA | E38: CUCUTA | F38: 45541 | G38: CE0009-098 | H38: 847206.17
A39: =+A38+1 -> 13 | B39: 13467003-4 | C39: CARLOS ARTURO PEÑA ARDILA | D39: CLL 22AN #18E-59 NIZA | E39: CUCUTA | F39: 45545 | G39: CE0010-012 | H39: 2026147.8
A40: =+A39+1 -> 14 | B40: 13467003-4 | C40: CARLOS ARTURO PEÑA ARDILA | D40: CLL 22AN #18E-59 NIZA | E40: CUCUTA | F40: 45566 | G40: CE0010-012 | H40: 630139.42
A41: =+A40+1 -> 15 | B41: 13467003-4 | C41: CARLOS ARTURO PEÑA ARDILA | D41: CLL 22AN #18E-59 NIZA | E41: CUCUTA | F41: 45580 | G41: CE0010-198 | H41: 6135372.1
A42: =+A41+1 -> 16 | B42: 901712450-5 | C42: CHARCUTERIA VILLANUEVA SW SAS | D42: CLL 5 4 66 BRR LATINO | E42: CUCUTA | F42: 45570 | G42: CE0010-069 | H42: 233000 | I42: =+H42 -> 233000
A43: =+A42+1 -> 17 | B43: 901596348-3 | C43: COMERCIALIZADORA M&M EXPORT S.A.S | D43: ANILLO VIAL ORIENTAL 7N 51 PARQUE EMPRESARIAL BOCONO | E43: CUCUTA | F43: 45314 | G43: CE0001-227 | H43: 36821.85 | I43: =+H43 -> 36821.85
A44: =+A43+1 -> 18 | B44: 901442603-6 | C44: COMPAÑIA DE PRODUCTOS ALIMENTICIOS NORTCARNICOS SAS | D44: CLL 5 7-42 CALLEJON CENTRO | E44: CUCUTA | F44: 45467 | G44: CE0006-443 | H44: 1560000 | I44: =+H44 -> 1560000
A45: =+A44+1 -> 19 | B45: 890500580-5 | C45: CUERPO DE BOMBEROS VOLUNTARIOS DE CUCUTA | D45: AVENIDA 6 NRO. 1-46 BARRIO CALLEJON | E45: CUCUTA | F45: 45489 | G45: CMB107-016 | H45: 436105 | I45: =+H45 -> 436105
A46: =+A45+1 -> 20 | B46: 900276962-1 | C46: D1 SAS | D46: AVENIDA 3 CALLE 26 CC MAYORISTAS | E46: CUCUTA | F46: 45577 | G46: CE0010-187 | H46: 158880 | I46: =+H46 -> 158880
A47: =+A46+1 -> 21 | B47: 901346023-3 | C47: DISTRIBUIDORA LA NOTA SAS | D47: AVENIDA 10 NRO 32 60 BARRIO LA SABANA LOS PATIOS | E47: CUCUTA | F47: 45465 | H47: 1.1895599e+08 | I47: =+H47 -> 1.1895599e+08
A48: =+A47+1 -> 22 | B48: 88249450-1 | C48: DOUGLAX ALEXIS GIRALDO MARIN | D48: GALPON AZUL P 3 - 72 CENABASTOS | E48: CUCUTA | F48: 45495 | H48: 101564 | I48: =+H48 -> 101564
A49: =+A48+1 -> 23 | B49: 13440451-3 | C49: FELIX MARIA CHACON VEGA | D49: AVENDA 7 NRO 16 A - 23 BARRIO EL PARAMO | E49: CUCUTA | F49: 45476 | H49: 250000 | I49: =+H49 -> 250000
A50: =+A49+1 -> 24 | B50: 860001697-8 | C50: GASEOSAS LUX | D50: Av. de las Américas #53-09 | E50: BOGOTA | F50: 45531 | H50: 445703.26 | I50: =+H50 -> 445703.26
A51: =+A50+1 -> 25 | B51: 900799483-8 | C51: GRUPO FH | D51: CR 52 7 SUR 85 | E51: MEDELLIN | F51: 45572 | G51: CE0010-082 | H51: 421962 | I51: =+H51 -> 421962
A52: =+A51+1 -> 26 | B52: 901525816-5 | C52: IMPORT GROUP PRO SAS | D52: CR 17 50 29 | E52: BOGOTA | F52: 45316 | G52: CE0001-293 | H52: 24520000 | I52: =+H52 -> 24520000
A53: =+A52+1 -> 27 | B53: 900996743-2 | C53: INDUSTRIAS FOOD COLOMBIA SAS | D53: CALLE 36 NRO 2E 33 SANTA ROSA DE LIMA | E53: CUCUTA | F53: 45576 | G53: CE0010-168 | H53: 981500 | I53: =+H53 -> 981500
A54: =+A53+1 -> 28 | B54: 890903858-7 | C54: INDUSTRIAS NACIONAL DE GASEOSAS SAS | D54: AVENIDA EL PORTICO NRO 44-130 | E54: CUCUTA | H54: 46418 | I54: =+H54 -> 46418
A55: =+A54+1 -> 29 | B55: 900942916-8 | C55: INNOVACION MBC CONSTRUCTORES SAS | D55: INNOVACION MBC CONSTRUCTORES SAS | E55: CUCUTA | H55: 60000000 | I55: =+H55 -> 60000000
A56: =+A55+1 -> 30 | B56: 1032472119-1 | C56: JHON FREDI ROZO | D56: CLL 41 H 80 F 80 SUR | E56: CUCUTA | F56: 45517 | H56: 4900000 | I56: =+H56 -> 4900000
A57: =+A56+1 -> 31 | B57: 900897401-4 | C57: MAKOS COMPANY S.A.S. | D57: CRA 46 NRO 49 SUR 130 ENVIGADO | E57: BOGOTA | H57: 142000 | I57: =+H57 -> 142000
A58: =+A57+1 -> 32 | B58: 900059238-5 | C58: MAKRO SUPERMAYORISTAS | D58: BLOQUE D CENTRO COMERCIAL BOLIVAR | E58: CUCUTA | H58: 1264643 | I58: =+H58 -> 1264643
A59: =+A58+1 -> 33 | B59: 60346585-0 | C59: MARIA ESTHER CONTRERAS MEDINA | D59: CL 7 11 60 CENTRO | E59: CUCUTA | F59: 45309 | G59: CE0001-157 | H59: 50820700 | I59: =+H59 -> 50820700
A60: =+A59+1 -> 34 | B60: 900833399-2 | C60: MULTIESPACIO SIGLO XXI SAS | D60: AVENIDA 12 NRO 10 50 BARRIO EL LLANO | E60: CUCUTA | H60: 100000 | I60: =+H60 -> 100000
A61: =+A60+1 -> 35 | B61: 1090384620-2 | C61: PAREDES BLANCO ESTIVEN NOMBEYQUER | D61: CLL 23 AK 105 | E61: CUCUTA | H61: 80000 | I61: =+H61 -> 80000
A62: =+A61+1 -> 36 | B62: 1026030 | C62: SILVIA KATHERINE RAMIREZ GALAVIZ | D62: EDIFICIO MABEFOR APTO 903 RIVIERA | E62: CUCUTA | H62: 398093 | I62: =+H62 -> 398093
A63: =+A62+1 -> 37 | B63: 901470213-6 | C63: SUMINISTROS DORI SAS | D63: GALPON AZUL F 83 CENABASTOS | E63: CUCUTA | H63: 377100 | I63: =+H63 -> 377100
A64: =+A63+1 -> 38 | B64: 1092395298-8 | C64: WUINTON MANUEL THOUS CALDERON | D64: CALLE 24 24 16 BRR NUEVO BELEN | E64: CUCUTA | F64: 45423 | G64: CE0005-175 | H64: 17915582 | I64: =+H64 -> 17915582
E65: TOTAL OTROS ACTIVOS NO FINANCIEROS CUENTAS POR COBRAR PROVEEDORES | I65: =SUM(I27:I64) -> 3.2881566e+08
A67: INVENTARIO DE ACTIVOS - EMBARGOS JUDICIALES
A68: No | B68: ID | C68: CLIENTE | D68: DIRECCIÓN | E68: CIUDAD | F68: FECHA DE ORIGEN | G68: DOCUMENTO | H68: VALOR | I68: TOTAL POR DEUDOR
A69: 1 | B69: 811007729-4 | C69: IRIS CF - COMPAÑIA DE FINANCIAMIENTO S.A. | D69: CARRERA 43A N0. 7 - 50A MEDELLIN | E69: MEDELLIN | F69: 45363 | G69: CE0003-261 | H69: 860261.62 | I69: =SUM(H69:H107) -> 1.1399638e+08
A70: =+A69+1 -> 2 | B70: 811007729-4 | C70: IRIS CF - COMPAÑIA DE FINANCIAMIENTO S.A. | D70: CARRERA 43A N0. 7 - 50A MEDELLIN | E70: MEDELLIN | F70: 45364 | G70: CE0003-262 | H70: 1611619
A71: =+A70+1 -> 3 | B71: 811007729-4 | C71: IRIS CF - COMPAÑIA DE FINANCIAMIENTO S.A. | D71: CARRERA 43A N0. 7 - 50A MEDELLIN | E71: MEDELLIN | F71: 45365 | G71: CE0003-263 | H71: 2436669
A72: =+A71+1 -> 4 | B72: 811007729-4 | C72: IRIS CF - COMPAÑIA DE FINANCIAMIENTO S.A. | D72: CARRERA 43A N0. 7 - 50A MEDELLIN | E72: MEDELLIN | F72: 45366 | G72: CE0003-264 | H72: 1141648
A73: =+A72+1 -> 5 | B73: 811007729-4 | C73: IRIS CF - COMPAÑIA DE FINANCIAMIENTO S.A. | D73: CARRERA 43A N0. 7 - 50A MEDELLIN | E73: MEDELLIN | F73: 45369 | G73: CE0003-265 | H73: 7729633
A74: =+A73+1 -> 6 | B74: 811007729-4 | C74: IRIS CF - COMPAÑIA DE FINANCIAMIENTO S.A. | D74: CARRERA 43A N0. 7 - 50A MEDELLIN | E74: MEDELLIN | F74: 45370 | G74: CE0003-273 | H74: 468186
A75: =+A74+1 -> 7 | B75: 811007729-4 | C75: IRIS CF - COMPAÑIA DE FINANCIAMIENTO S.A. | D75: CARRERA 43A N0. 7 - 50A MEDELLIN | E75: MEDELLIN | F75: 45371 | G75: CE0003-294 | H75: 2126941
A76: =+A75+1 -> 8 | B76: 811007729-4 | C76: IRIS CF - COMPAÑIA DE FINANCIAMIENTO S.A. | D76: CARRERA 43A N0. 7 - 50A MEDELLIN | E76: MEDELLIN | F76: 45372 | G76: CE0003-331 | H76: 1657743
A77: =+A76+1 -> 9 | B77: 811007729-4 | C77: IRIS CF - COMPAÑIA DE FINANCIAMIENTO S.A. | D77: CARRERA 43A N0. 7 - 50A MEDELLIN | E77: MEDELLIN | F77: 45373 | G77: CE0003-361 | H77: 1484250
A78: =+A77+1 -> 10 | B78: 811007729-4 | C78: IRIS CF - COMPAÑIA DE FINANCIAMIENTO S.A. | D78: CARRERA 43A N0. 7 - 50A MEDELLIN | E78: MEDELLIN | F78: 45377 | G78: CE0003-431 | H78: 9743911
A79: =+A78+1 -> 11 | B79: 811007729-4 | C79: IRIS CF - COMPAÑIA DE FINANCIAMIENTO S.A. | D79: CARRERA 43A N0. 7 - 50A MEDELLIN | E79: MEDELLIN | F79: 45378 | G79: CE0003-432 | H79: 1813275
A80: =+A79+1 -> 12 | B80: 811007729-4 | C80: IRIS CF - COMPAÑIA DE FINANCIAMIENTO S.A. | D80: CARRERA 43A N0. 7 - 50A MEDELLIN | E80: MEDELLIN | F80: 45383 | G80: CE0004-003 | H80: 32014548
A81: =+A80+1 -> 13 | B81: 811007729-4 | C81: IRIS CF - COMPAÑIA DE FINANCIAMIENTO S.A. | D81: CARRERA 43A N0. 7 - 50A MEDELLIN | E81: MEDELLIN | F81: 45383 | G81: CE0004-027 | H81: 9813599
... A107: =+A106+1 -> 39 | B107: 811007729-4 | C107: IRIS CF - COMPAÑIA DE FINANCIAMIENTO S.A. | D107: CARRERA 43A N0. 7 - 50A MEDELLIN | E107: MEDELLIN | F107: 45428 | G107: CE0005-258 | H107: 718882.53
G108: TOTAL OTROS ACTIVOS NO FINANCIEROS EMBARGOS JUDICIALES | I108: =SUM(I69) -> 1.1399638e+08
B110: NOTA ACLARATORIA | D110: VALOR
B111: TOTAL INVENTARIO DE ACTIVOS - DIFERIDOS | D111: =+H23 -> 43867663
B112: TOTAL INVENTARIO DE ACTIVOS - CUENTAS POR COBRAR PROVEEDORES | D112: =+I65 -> 3.2881566e+08
B113: TOTAL OTROS ACTIVOS NO FINANCIEROS EMBARGOS JUDICIALES | D113: =+I108 -> 1.1399638e+08
B114: TOTAL OTROS ACTIVOS NO FINANCIEROS | D114: =SUM(D111:D113) -> 4.866797e+08
B122: Pedro Jose Calderon Rivas | D122: Leonel López Galindo | G122: Nilson Martinez Ascanio
B123: Representante Legal | D123: Contador | G123: Revisor Fiscal
B124: C.E 1026034 | D124: C.C. 79837280 | G124: C.C. 13278139
D125: T.P.112277-T | G125: T.P. 173932 T

Sheet OTROS ACTIVOS
A1: =+'DISPONIBLE Bo'!A1:F1 -> LA NOTA COLOMBIA SAS
A2: =+'DISPONIBLE Bo'!A2:F2 -> NIT 901233167-1
A4: INVENTARIO DE ACTIVOS - CUENTAS POR COBRAR SOCIOS
I5: Corte a 31 de Agosto de 2024
A6: No | B6: ID | C6: CLIENTE | D6: DIRECCIÓN | E6: CIUDAD | F6: FECHA DE ORIGEN | G6: DOCUMENTO | H6: TOTAL | I6: TOTAL POR DEUDOR
A7: 1 | B7: 1026034 | C7: PEDRO JOSE CALDERON RIVAS | D7: CALLE 27 #11-30, CASA 8 | E7: Cucuta | F7: 45473 | H7: 137030687 | I7: =+H7 -> 137030687
A8: 2 | B8: 1026030 | C8: SILVIA KATHERINE RAMIREZ GALAVIZ | D8: CALLE 27 #11-30, CASA 8 | E8: Cucuta | F8: 45473 | H8: 78788288 | I8: =+H8 -> 78788288
I10: =SUM(I7:I8) -> 215818975
B20: Pedro Jose Calderon Rivas | E20: Leonel López Galindo | H20: Nilson Martinez Ascanio
B21: Representante Legal | E21: Contador | H21: Revisor Fiscal
B22: C.E 1026034 | E22: C.C. 79837280 | H22: C.C. 13278139
E23: T.P.112277-T | H23: T.P. 173932 T

Sheet ACTIVOS NO CORRIENTES Bo. (1)
A1: =+'[1]DISPONIBLE Bo'!A1:F1 -> LA NOTA COLOMBIA SAS
A2: =+'[1]DISPONIBLE Bo'!A2:F2 -> NIT 901233167-1
A3: INVENTARIO DE ACTIVOS - ACTIVOS FIJOS
A5: PROPIEDAD PLANTA Y EQUIPO - TERRENOS
A6: ITEM | B6: BIEN | C6: MATRICULA INMOBILIARIA | D6: DIRECCION | E6: CIUDAD | F6: LIMITACION DE DOMINIO | G6: GRAVAMEN | H6: VALOR
H7: 0
H8: 0
H9: 0
A10: TOTAL TERRENOS | H10: =SUM(H7:H9) -> 0
A12: PROPIEDAD PLANTA Y EQUIPO - CONSTRUCCIONES Y EDIFICACIONES
H13: =+'CLIENTES Bo'!J5 -> Corte al 15 de Octubre de 2024
A14: ITEM | B14: BIEN | C14: MATRICULA INMOBILIARIA | D14: DIRECCION | E14: CIUDAD | F14: LIMITACION DE DOMINIO | G14: DESCRIPCION | H14: VALOR
A15: 1 | B15: Tienda Ventura Plaza | C15: N/A | D15: CALLE 10 Y 11 DIAGONAL SANTANDER SECTOR QUINTA VELEZ CENTRO COMERCIAL VENTURA PLAZA | E15: cucuta | F15: NO | G15: LOCAL COMERCIAL | H15: 1.7320436e+08
A16: =+A15+1 -> 2 | B16: Tienda Pinar del Rio | C16: N/A | D16: AV 10 # 61-60 LOTE 1 14B PINAR DEL RIO | E16: cucuta | F16: NO | G16: LOCAL COMERCIAL | H16: 1.0676187e+08
A17: =+A16+1 -> 3 | B17: Tienda Prados del Este | C17: N/A | D17: AV 5C # 5-05 LOTE # 19, MANAZANA 19- UBR PRADOS DEL ESTE | E17: cucuta | F17: NO | G17: LOCAL COMERCIAL | H17: 2.4717423e+08
A18: =+A17+1 -> 4 | B18: Tienda Quinta Oriental | C18: N/A | D18: AV 8 E #2-135 QUINTA ORIENTAL LOCAL 1 | E18: cucuta | F18: NO | G18: LOCAL COMERCIAL | H18: 67292045
A19: =+A18+1 -> 5 | B19: Tienda Guaimaral | C19: N/A | D19: AV 11 E #11N-109 LOTE 2 CALLE 13 N # 11-E-17 | E19: cucuta | F19: NO | G19: LOCAL COMERCIAL | H19: 4.30381e+08
A20: =+A19+1 -> 6 | B20: Centro de Distribucion | C20: N/A | D20: AV 2 CALLE 15 Y 16 # 15-35-59-63 BARRIO LA PLAYA | E20: cucuta | F20: NO | G20: LOCAL COMERCIAL | H20: 2.5996906e+08
A21: =+A20+1 -> 7 | B21: Diagonal Santander | C21: N/A | D21: CALLE 12 #5E-101 LOTE 2-2 LOCAL # 1 | E21: cucuta | F21: NO | G21: LOCAL COMERCIAL | H21: 7.3461194e+08
A22: =+A21+1 -> 8 | B22: Tienda la nota Bar Jardin plaza | C22: N/A | D22: CENTRO COMERCIAL JARDIN PLAZA RM14-RM15-RM36 | E22: cucuta | F22: NO | G22: LOCAL COMERCIAL | H22: 1.2341758e+09
A23: =+A22+1 -> 9 | B23: Tienda la nota Bar Ventura | C23: N/A | D23: LOCAL 2 URBANIZACION QUINTA VELEZ EDIFICIO VENTURA PLAZA | E23: cucuta | F23: NO | G23: LOCAL COMERCIAL | H23: 3.6906043e+08
A24: =+A23+1 -> 10 | B24: Administrativo City Place | C24: N/A | D24: Barrio Colsag av libertadores Nro 7A-50 | E24: cucuta | F24: NO | G24: LOCAL COMERCIAL | H24: 6.4655802e+08
A25: =+A24+1 -> 11 | B25: Tienda NotaW | C25: N/A | D25: CALLE 10-11 DIAGONAL SANTANDER | E25: cucuta | F25: NO | G25: LOCAL COMERCIAL | H25: 37032008
A26: =+A25+1 -> 12 | B26: medición valor razonable | C26: N/A | D26: Barrio Colsag av libertadores Nro 7A-50 | E26: cucuta | F26: NO | G26: LOCAL COMERCIAL | H26: 879722617
A27: TOTAL CONSTRUCCIONES Y EDIFICACIONES | H27: =SUM(H15:H26) -> 5.1859434e+09
A29: PROPIEDAD PLANTA Y EQUIPO - MUEBLES Y ENSERES
A30: ITEM | B30: BIEN | C30: SERIE | D30: CANTIDAD | E30: CIUDAD | F30: MARCA | G30: ESTADO | H30: VALOR ACTUAL
A31: 1 | B31: IMPRESORA MULTIFUNCIONAL L3110 | E31: cucuta | G31: Activo | H31: 100774.8
A32: =+A31+1 -> 2 | B32: IMPRESORA MULTIFUNCIONAL L3110 | E32: cucuta | G32: Activo | H32: 100774.8
A33: =+A32+1 -> 3 | B33: IMPRESORA MULTIFUNCIONAL L3160 Y PORTATIL PENT G256GB | E33: cucuta | G33: Activo | H33: 169884
A34: =+A33+1 -> 4 | B34: MULTIFUNCIONAL WIFI L3160 Y PORTATIL PENT G 256GB SSD | E34: cucuta | G34: Activo | H34: 321860
A35: =+A34+1 -> 5 | B35: MUEBLES Y ENSERES (SANDRA YANETH RAMOS) | E35: cucuta | G35: Activo | H35: 52000
A36: =+A35+1 -> 6 | B36: MESA 2,0*60 | E36: cucuta | G36: Activo | H36: 82000
A37: =+A36+1 -> 7 | B37: MESA 2,30*60 | E37: cucuta | G37: Activo | H37: 90000
A38: =+A37+1 -> 8 | B38: MESA 60*60 | E38: cucuta | G38: Activo | H38: 152000
A39: =+A38+1 -> 9 | B39: MESA 1,20*60 | E39: cucuta | G39: Activo | H39: 208000
A40: =+A39+1 -> 10 | B40: MESA 3,30*60 | E40: cucuta | G40: Activo | H40: 280000
A41: =+A40+1 -> 11 | B41: MESA 60*60 | E41: cucuta | G41: Activo | H41: 342000
A42: =+A41+1 -> 12 | B42: SILLAS (HERNAN ROJAS) | E42: cucuta | G42: Activo | H42: 58000
A43: =+A42+1 -> 13 | B43: MUEBLES Y ENSERES (Sodimac) | E43: cucuta | G43: Activo | H43: 59980
A44: =+A43+1 -> 14 | B44: MUEBLES Y ENSERES (Sodimac) | E44: cucuta | G44: Activo | H44: 99960
A45: =+A44+1 -> 15 | B45: MUEBLE TAPIZADO DE 2 MTES EN COLOR ROJO (Hector Hernan Sanchez) | C45: . | E45: cucuta | G45: Activo | H45: 98000
A46: =+A45+1 -> 16 | B46: 3 SILLAS BUTACAS COLORES ROJO Y PALO D ROSA, PATAS EN MADERA FLOR MORADO (Hector Hernan Sanchez) | C46: . | E46: cucuta | G46: Activo | H46: 116000
A47: =+A46+1 -> 17 | B47: 3 SILLAS BUTACA COLORES RUBI Y AZUL, PATAS EN MADERA FLOR MORADO (Hector Hernan Sanchez) | C47: . | E47: cucuta | G47: Activo | H47: 174000
A48: =+A47+1 -> 18 | B48: PERGOLA EN MADERA CEDRO 6X4X286 PARA ESPACIO DE 3,70 X2,90 (HECTOR HERNANS SANCHEZ ROJAS) | C48: . | E48: cucuta | G48: Activo | H48: 140000
A49: =+A48+1 -> 19 | B49: 3 SILLAS BUTACAS COLORES AUZL Y PALO ROSA, PATAS EN MADERA FLOR MORADO (Hector Hernan Sanchez) | C49: . | E49: cucuta | G49: Activo | H49: 174000
A50: =+A49+1 -> 20 | B50: PERGONA EN ESTERA BISELADA MEDIDA DE AREA 3 MTS X 19,96 MTS(Hector Hernan Sanchez) | C50: . | E50: cucuta | G50: Activo | H50: 180000
A51: =+A50+1 -> 21 | B51: 1ESPEJO CON LUCES MEDIDAS 60*84, 1 MUEBLE DE 2 MTS RETAPIZADO EN ROJO Y BEIG, Y 1 PERGOLA (Hector Hernan Sanchez) | C51: . | E51: cucuta | G51: Activo | H51: 148000
A52: =+A51+1 -> 22 | B52: MUEBLES Y ENSERES (Sodimac) | E52: cucuta | G52: Activo | H52: 61980
A53: =+A52+1 -> 23 | B53: MUEBLES Y ENSERES (Colmbiana de comercio) | E53: cucuta | G53: Activo | H53: 25960
A54: =+A53+1 -> 24 | B54: DOS PERSIANAS ENROLLABLES (Sandra Milena Espinoza) | E54: cucuta | G54: Activo | H54: 150000
A55: =+A54+1 -> 25 | B55: PERSIANAS (Sandra Milena Espinosa) | E55: cucuta | G55: Activo | H55: 190000
A56: =+A55+1 -> 26 | B56: PERSIANAS (Sandra Milena Espinosa) | E56: cucuta | G56: Activo | H56: 126000
A57: =+A56+1 -> 27 | B57: PERSIANAS (Sandra Milena Espinosa) | E57: cucuta | G57: Activo | H57: 160000
A58: =+A57+1 -> 28 | B58: MUEBLES Y ENSERES (Hector Hernan Sanchez) | E58: cucuta | G58: Activo | H58: 230000
A59: =+A58+1 -> 29 | B59: MUEBLES Y ENSERES (Hector Hernan Sanchez) | E59: cucuta | G59: Activo | H59: 370000
A60: =+A59+1 -> 30 | B60: PERSIANAS ENRROLLABLES (Sandra Milena Espinosa) | E60: cucuta | G60: Activo | H60: 190000
A61: =+A60+1 -> 31 | B61: MUELBES Y ENSERES (MAKRO) | E61: cucuta | G61: Activo | H61: 30980
A62: =+A61+1 -> 32 | B62: SILLA COMEDOR PARA BEBE PARDO VERDE LIMA(Grupo empresarial) | E62: cucuta | G62: Activo | H62: 29720
A63: =+A62+1 -> 33 | B63: PERSIANAS ENRROLLABLES (Sandra Milena Espinosa) | E63: cucuta | G63: Activo | H63: 240000
A64: =+A63+1 -> 34 | B64: SILLA COMEDOR PARA BEBE PARDO VERDE LIMA (Grupo empresarial Ferran) | C64: . | E64: cucuta | G64: Activo | H64: 356640
A65: =+A64+1 -> 35 | B65: (1) SILLON RATTAN PE C/B (Sodimac) | E65: cucuta | G65: Activo | H65: 69980
A66: =+A65+1 -> 36 | B66: (1) VENTILADOR INDUSTRIAL 14(Sodimac) | E66: cucuta | G66: Activo | H66: 79980
A67: =+A66+1 -> 37 | B67: (2) SILLA FIJA KING VERDE (Panamericana Librería y papeleria) | E67: cucuta | G67: Activo | H67: 79960
A68: =+A67+1 -> 38 | B68: (2) SILLAS JAMEN BLANCA CON RAYAS (Grupo inverstex SAS) | E68: cucuta | G68: Activo | H68: 115960
A69: =+A68+1 -> 39 | B69: (5) VENTILADRO INDUSTRIAL 14(Sodimac) | E69: cucuta | G69: Activo | H69: 359910
A70: =+A69+1 -> 40 | B70: CAJA FUERTE PANTALLA (HOMECENTER) | E70: cucuta | G70: Activo | H70: 90980
A71: =+A70+1 -> 41 | B71: VENTILADOR PISO IND (HOMECENTER) | E71: cucuta | G71: Activo | H71: 49980
A72: =+A71+1 -> 42 | B72: (1) SILLA IBAR IBIZA NEGRA (HOMECENTER SODIMAC) | E72: cucuta | G72: Activo | H72: 49980
A73: =+A72+1 -> 43 | B73: (1)MESA DIM 2*60: (1) MESA 10*60 (YORMAN ANDRES ARTEAGA MONTES) | C73: . | E73: cucuta | G73: Activo | H73: 150000
A74: =+A73+1 -> 44 | B74: 2 ESTANTERIA METAL CT (SODIMAC COLOMBIA SA) | E74: cucuta | G74: Activo | H74: 79960
A75: =+A74+1 -> 45 | B75: (DESING LOIUNGE AK SAS) | E75: cucuta | G75: Activo | H75: 428400
A76: =+A75+1 -> 46 | B76: 1 SILLA BAR IBIZA NEGRA(SODIMAC COLOMBIA SA) | E76: cucuta | G76: Activo | H76: 52941.8
A77: =+A76+1 -> 47 | B77: (DESING LOIUNGE AK SAS) | E77: cucuta | G77: Activo | H77: 154000
A78: =+A77+1 -> 48 | B78: (SODIMAC COLOMBIA SA) | E78: cucuta | G78: Activo | H78: 49980
A79: =+A78+1 -> 49 | B79: SILLA ESCRITORIO PC NEUMATICA (JHON ALEXANDER NAJAR LANCHERSO) | C79: . | E79: cucuta | G79: Activo | H79: 101940
A80: =+A79+1 -> 50 | B80: 2 SOFA DOBLE (HECTOR PEROZO NIÑO) | E80: cucuta | G80: Activo | H80: 291363
A81: =+A80+1 -> 51 | B81: MARSELLA NEGRA (TAPIZANDER) | E81: cucuta | G81: Activo | H81: 348600
A82: =+A81+1 -> 52 | B82: BALI BLANCO (TAPIZANDER) | E82: cucuta | G82: Activo | H82: 264180
A83: =+A82+1 -> 53 | B83: CORTINAS (SANDRA MILENA ESPINOSA) | E83: cucuta | G83: Activo | H83: 468000
A84: =+A83+1 -> 54 | B84: 1 BUTACO OVAL PINT H75CM (ARQUIMUEBLES) | E84: cucuta | G84: Activo | H84: 114240
A85: =+A84+1 -> 55 | B85: 10 SILLAS(ALCIDES MARIN RIVERA) | E85: cucuta | G85: Activo | H85: 180000
A86: =+A85+1 -> 56 | B86: HECTOR PEROZO NIÑO DSE5925 | E86: cucuta | G86: Activo | H86: 74595
A87: =+A86+1 -> 57 | B87: MUEBLES Y ENSERES (JARDIN PLAZA) | E87: cucuta | G87: Activo | H87: 47000000
A88: =+A87+1 -> 58 | B88: MUEBLES Y ENSERES (JARDIN PLAZA) | E88: cucuta | G88: Activo | H88: 52000000
A89: =+A88+1 -> 59 | B89: COMPUTADOR HP DF0013LA RYZEN MARKETHING | E89: cucuta | G89: Activo | H89: 2465299
A90: =+A89+1 -> 60 | B90: MESA 1,15*60 | E90: cucuta | G90: Activo | H90: 2329600
A91: =+A90+1 -> 61 | B91: SILLAS | E91: cucuta | G91: Activo | H91: 8378794
A92: =+A91+1 -> 62 | B92: MINISPLIT SMART DUAL SISTEMA (Comercializadora hvc sas) | E92: cucuta | G92: Activo | H92: 1893920
A93: =+A92+1 -> 63 | B93: MUEBLE DOBLE DE COLOR ROJO DE 1,20C1,00 MATERIAL CUEROTEX Y ESTRUCTURA PARDILLO, SOFA DE 2,50 MTS COLOR ROJO Y BEIGE ESTRUCTURA EN PARDILLO Y ENCHAPES EN PINTURA BRILLANTE MADERA, SOFA DE 4 MTS COLOR ROJO Y BEIGE ESTRUCTURA EN PARDILLO Y ENCHAPES EN PINTURA BRILLANTE MADERA (Hector Hernan Sanchez) | C93: . | E93: cucuta | G93: Activo | H93: 4791666
A94: =+A93+1 -> 64 | B94: MUEBLES Y ENSERES (Sodimac) | E94: cucuta | G94: Activo | H94: 1993180
A95: =+A94+1 -> 65 | B95: AIRE MINISPLISR HIGH WALL INVERTER (Comercializadora hvc sas) | E95: cucuta | G95: Activo | H95: 7236080
A96: =+A95+1 -> 66 | B96: MUEBLES Y ENSERES (Hector Perozo Niño) | E96: cucuta | G96: Activo | H96: 2106000
A97: =+A96+1 -> 67 | B97: MUEBLES Y ENSERES (Sodimac Colombia) | E97: cucuta | G97: Activo | H97: 8422653
A98: =+A97+1 -> 68 | B98: MESA DIM 1,20*60 Y MESA DIM 60*60, (Yorman Andres Montes), | E98: cucuta | G98: Activo | H98: 4414800
A99: =+A98+1 -> 69 | B99: MUEBLE DE DOBLE COLOR Y PEROGASN EN MELAMINA (Hernan Sanchez Rojas) | C99: . | E99: cucuta | G99: Activo | H99: 5920200
A100: =+A99+1 -> 70 | B100: AIRE MINISPLISTS (inversiones HMCR SAS) | E100: cucuta | G100: Activo | H100: 5160534
A101: =+A100+1 -> 71 | B101: MESA DIM 0,60X0,60(Yorman Andres Arteaga Montes) | E101: cucuta | G101: Activo | H101: 1730666
A102: =+A101+1 -> 72 | B102: (Yorman Andres Arteaga Montes) | E102: cucuta | G102: Activo | H102: 1691334
A103: =+A102+1 -> 73 | B103: 1 LED 70SAMSUNG SMART TV 4K PROCESADOR CRYSTAL 3 PTOS HOMI SERIE 7, 1 LED 65 HYUNDAI SMART TV 4K WEBOS MAGIC CONTROL COMANDO DE VOZ NETFLIX PRIME VIDEO SIN BORDES(comercializadora HVC SAS) | C103: . | E103: cucuta | G103: Activo | H103: 4665720
...

Sheet ACTIVOS NO CORRIENTES Bo. (2)
A1: LA NOTA COLOMBIA SAS
A2: NIT 901233167-1
A3: INVENTARIO DE ACTIVOS - ACTIVOS FIJOS
I4: =+'ACTIVOS NO CORRIENTES Bo. (1)'!H13 -> Corte al 15 de Octubre de 2024
A5: PROPIEDAD PLANTA Y EQUIPO - MAQUINARIA Y EQUIPO
A6: ITEM | B6: BIEN | C6: SERIE | D6: CANTIDAD | E6: UBICACIÓN | F6: CIUDAD | G6: MARCA | H6: ESTADO | I6: VALOR ACTUAL
A7: 1 | B7: PLATILLERA EN ACERO INOX 304.DE 1,00 DE PARED (Pablo Daza) | F7: cucuta | H7: activo | I7: 110000
A8: =+A7+1 -> 2 | B8: PLATILLERA EN ACERO INOX 304 DE 1,00 DE PARED (Pablo Daza) | F8: cucuta | H8: activo | I8: 110000.03
A9: =+A8+1 -> 3 | B9: ASADOR AHUMADOR DE BARRIL CILINDRICO DE 40 CM (Pablo Daza) | F9: cucuta | H9: activo | I9: 144000
A10: =+A9+1 -> 4 | B10: DUCTO LAMIAN GALVANIZADO DE 40X40, CODO EN GALVANIZADO, FALDON DE CAMPANA (Pablo Daza) | C10: . | F10: cucuta | H10: activo | I10: 342000.05
A11: =+A10+1 -> 5 | B11: (1)ACOPLE, (1) GUARDO MOTOR, (1) GUARDA MOTOR , (1) DUCTO LAMINA GALVANIZADO (Pablo Daza)FE 537 | C11: . | F11: cucuta | H11: activo | I11: 365999.97
A12: =+A11+1 -> 6 | B12: SARTEN 26CM ANODIZA (SODIMAC) | C12: . | F12: cucuta | H12: activo | I12: 25960
A13: =+A12+1 -> 7 | B13: MUEBLES (ASTRID TERESA PABON GRIMALDI) | C13: . | F13: cucuta | H13: activo | I13: 115060
A14: =+A13+1 -> 8 | B14: (1) FORMADORA DE HAMBURGUESAS IMPORTADA DE 13 CM (PABLO DAZA) | C14: . | F14: cucuta | H14: activo | I14: 107562
A15: =+A14+1 -> 9 | B15: DUCTO DE 90Z20 FABRICADO EN ACERO INOX CON CAJA PARA ADAPTAR | C15: . | F15: cucuta | H15: activo | I15: 40000
A16: =+A15+1 -> 10 | B16: (1)MESA PARA MAQUINA DE 80X70X90 EN ACERO, (1)MESA PASA PLATOS DE 80X60X90 EN ACERO, (1) MESA DE APOYO DE 90X60 FABRICADO EN ACERO INOXIDABLE, SERVICIO DE PULIDA (PABLO DAZA) | C16: . | F16: cucuta | H16: activo | I16: 481983.31
A17: =+A16+1 -> 11 | B17: (1) PLATAFORMA BAJO PERFIL (BANCOLOMBIA) | C17: . | F17: cucuta | H17: activo | I17: 368823.53
A18: =+A17+1 -> 12 | B18: (1) INDUSTRY-20 INDICADOR (BANCOLOMBIA) | C18: . | F18: cucuta | H18: activo | I18: 86218.656
A19: =+A18+1 -> 13 | B19: (1)ESCABILADERO 15 BANDEJAS, (1) ESCABILADERO DE 6 BANDEJAS, (12) BANDEJAS TROQUELADAS 65X45 EN ALUMINIO | C19: . | F19: cucuta | H19: activo | I19: 342572.4
A20: =+A19+1 -> 14 | B20: MESA DE 185X70 FABRICADA EN ACERO INOXIDABLE CON REPISA SUPERIOR DE APOYO DE 40CM BASE EN TUBO REDONDO (PABLO DAZA) | C20: . | F20: cucuta | H20: activo | I20: 369748
A21: =+A20+1 -> 15 | B21: CARRO PLATAFORMA ZORRA PLEGABLE (TUFERRETERIA.COM SAS) | C21: . | F21: cucuta | H21: activo | I21: 109980
... A235: =+A234+1 -> 229 | B235: CONGELADORA HORIZONTAL ELECTROLUX 150 LT | C235: . | F235: cucuta | H235: activo | I235: 380000
A236: =+A235+1 -> 230 | B236: LICUADORA INDUSTRIAL 1,5 LT | F236: cucuta | H236: activo | I236: 398268
A237: =+A236+1 -> 231 | B237: FORMADORA DE HAMBURGUESAS | F237: cucuta | H237: activo | I237: 136000
A238: =+A237+1 -> 232 | B238: MAQUINARIA Y EQUIPO | F238: cucuta | H238: activo | I238: 28000
A239: =+A238+1 -> 233 | B239: CANASTA FREIDORA DE PAPAS | F239: cucuta | H239: activo | I239: 80000
A240: =+A239+1 -> 234 | B240: PARLANTE TECHO 8128 BLANCO | F240: cucuta | H240: activo | I240: 140504.2
A241: =+A240+1 -> 235 | B241: PARLANTE AMBIENTAL QSC AC | F241: cucuta | H241: activo | I241: 221932.8
A242: =+A241+1 -> 236 | B242: AMPLIFICADOR AMBIENTAL | F242: cucuta | H242: activo | I242: 344363
A243: =+A242+1 -> 237 | B243: PARLANTE DE TECHO 8124 | F243: cucuta | H243: activo | I243: 63865.6
A244: =+A243+1 -> 238 | B244: PARLANTE TECHO Y AMPLIFICADOR AMBIENTAL | F244: cucuta | H244: activo | I244: 139721.8
A245: =+A244+1 -> 239 | B245: AMPLIFICADOR AMBIENTAL CON PARLANTES DE TECHO | F245: cucuta | H245: activo | I245: 231512.6
A246: =+A245+1 -> 240 | B246: SOBRE PARA CAMPANA EXTRACTORA | F246: cucuta | H246: activo | I246: 67227
A247: =+A246+1 -> 241 | B247: SOBRE PARA CAMPANA EXTRACTORA | F247: cucuta | H247: activo | I247: 73949.8
... A269: =+A268+1 -> 263 | B269: ESPEJOS PERSONALIZADOS | F269: cucuta | H269: activo | I269: 342000
A270: =+A269+1 -> 264 | B270: (15)PANERA HACER, (1)JARRA MEDIDORA, (1)DOCENA CUCHARITAS POSTRE SIGMA,(1) CHAIRA ACERO INOXIDABEL 8 PARATY, (2)ESPUMADERA DOMESTICA CADERO INOXIDABLE,(1) COLADOR PLASTICO CONIO 7 CMS,(2) PINZA CUCHARA ACERO INOXIDABLE,(2) CALDERO ALUMINIO,(15) VASO TEQUILLERO, (2)SALSERO PIMENTERO,(1) CUCHARAS, (1)DESCORCHADOR (Alumar) | C270: . | F270: cucuta | H270: activo | I270: 217708
A271: =+A270+1 -> 265 | B271: ESPEJOS PERSONALIZADOS | F271: cucuta | H271: activo | I271: 98000
A272: =+A271+1 -> 266 | B272: CAJON MONEDERO NEWPRINT, E IMPRESORA POS TERMICA NP REF7800-S (max printer) | C272: . | F272: cucuta | H272: activo | I272: 183000
A273: =+A272+1 -> 267 | B273: ASADOR CILILINDRICO EN ACERO INOX DE 50 CM DE DIAMETRO X 80 | F273: cucuta | H273: activo | I273: 160018.2
A274: =+A273+1 -> 268 | B274: MAQUINARIA Y EQUIPO (Pablo Daza) | F274: cucuta | H274: activo | I274: 380000
A275: =+A274+1 -> 269 | B275: CANASTILLAS PARA FREIDORA MANGO PLASTICO | F275: cucuta | H275: activo | I275: 25823
A276: =+A275+1 -> 270 | B276: TERMOSTATO | F276: cucuta | H276: activo | I276: 75446
A277: =+A276+1 -> 271 | B277: REPISA EN ACERO DE 90X20X35 MEDIDA TOTAL CON MALLA EN ACERO INOX | C277: . | F277: cucuta | H277: activo | I277: 118000.07
A278: =+A277+1 -> 272 | B278: LICUADORAS | F278: cucuta | H278: activo | I278: 93360
A279: =+A278+1 -> 273 | B279: (1) ESCALERA 3,555 M 12 PM (SODIMAC) | F279: cucuta | H279: activo | I279: 71980
A280: =+A279+1 -> 274 | B280: (1) IMPRESORA MAXPRINTER REF T800-S (MAX PRINTER) | F280: cucuta | H280: activo | I280: 150000
A281: =+A280+1 -> 275 | B281: (1) ESCALERA TIJERA 7 PASOS TIPO 1 ALUMINIA (COMERCIAL TELLEZ) | F281: cucuta | H281: activo | I281: 53500
A282: =+A281+1 -> 276 | B282: (1) CONGELADOR ELECTROLUX S.A.S. (Makro Supermayoristas SAS) | F282: cucuta | H282: activo | I282: 205663.8
A283: =+A282+1 -> 277 | B283: (1) PARRILLA DE SOBREPONER A GAS 3 QUEMADORES (Inventto Group SAS) | C283: . | F283: cucuta | H283: activo | I283: 456111
A284: =+A283+1 -> 278 | B284: BATIDORA ELECTRICA 5V HOME ELEMENT (Makro Supermayoristas SAS) | F284: cucuta | H284: activo | I284: 18580
A285: =+A284+1 -> 279 | B285: ESCALERA 3,55M (SODIMAC COLOMBIA S.A.) | F285: cucuta | H285: activo | I285: 97182
A286: =+A285+1 -> 280 | B286: OLLA ARROCERA UNIVERSAL (MAKRO SUPERMAYORISTA S.A.S.) | F286: cucuta | H286: activo | I286: 34780
A287: =+A286+1 -> 281 | B287: (1) HORNO MICROONDAS (SODIMAC COLOMBIA S.A.) | F287: cucuta | H287: activo | I287: 71980
A288: =+A287+1 -> 282 | B288: (1) ESCALERA (SODIMAC COLOMBIA SAS) | F288: cucuta | H288: activo | I288: 98781
A289: =+A288+1 -> 283 | B289: (1) ESCALERA (SODIMAC COLOMBIA SAS) | F289: cucuta | H289: activo | I289: 60701.6
A290: =+A289+1 -> 284 | B290: HORNO MICROONDAS ELECTRICO (SODIMAC COLOMBIA SAS) | F290: cucuta | H290: activo | I290: 71980
A291: =+A290+1 -> 285 | B291: HIDRILAVADORA BLACK & DECKER (FERRETITO SAS) | F291: cucuta | H291: activo | I291: 62830.4
A292: =+A291+1 -> 286 | B292: (1) CONGELADOR ELECTROLUX BLA 150M (MAKRO SUPERMAYORITA) | F292: cucuta | H292: activo | I292: 229980
A293: =+A292+1 -> 287 | B293: (1) ZORRA 250 KG 130MX 55 CM (SODIMAC COLOMBIA SAS) | F293: cucuta | H293: activo | I293: 38973.6
A294: =+A293+1 -> 288 | B294: CANASTA ACERO INOXIDABLE CHIP COLOR 8.5 CMS (GRUPO MAJOLIM) | F294: cucuta | H294: activo | I294: 225200
A295: =+A294+1 -> 289 | B295: EMBUTIDORA MANUAL 10 LITROS Y MANTEQUILLERA ACERO INOXIDABLE (SAN ANDRES COMERCIALIZADORA FACT No. SA1110) | C295: . | F295: cucuta | H295: activo | I295: 344000
A296: =+A295+1 -> 290 | B296: CONGELADOR ELECTROLUX HORIZ 1921 CA/DISTRIBUCION | F296: cucuta | H296: activo | I296: 235980
A297: =+A296+1 -> 291 | B297: VENTILADOR SAMURAI (2) - CENCOSUD COLOMBIA VT | F297: cucuta | H297: activo | I297: 91960
A298: =+A297+1 -> 292 | B298: EQUIPO DE SONIDO PARA RESTAURANTE | F298: cucuta | H298: activo | I298: 3641936
A299: =+A298+1 -> 293 | B299: AIRE ACONDICIONADO | F299: cucuta | H299: activo | I299: 16672667
A300: =+A299+1 -> 294 | B300: AIRE ACONDICIONADO | F300: cucuta | H300: activo | I300: 2124400
A301: =+A300+1 -> 295 | B301: AIRE ACONDICIONADO | F301: cucuta | H301: activo | I301: 10716000
A302: =+A301+1 -> 296 | B302: AIRE ACONDICIONADO | F302: cucuta | H302: activo | I302: 6244480
A303: =+A302+1 -> 297 | B303: Plancha Asadora gas de Sobrepon | F303: cucuta | H303: activo | I303: 3687324.5
A304: =+A303+1 -> 298 | B304: Freidor a Gas un tanque 26L | F304: cucuta | H304: activo | I304: 10535213
A305: =+A304+1 -> 299 | B305: Base Cheef 72" 4 cajones | F305: cucuta | H305: activo | I305: 10628002
A306: =+A305+1 -> 300 | B306: Estacion de Sandwich y ensaladas | F306: cucuta | H306: activo | I306: 3267866.9
A307: =+A306+1 -> 301 | B307: Estacion de Sandwich y ensaladas | F307: cucuta | H307: activo | I307: 3267866.9
... A333: =+A332+1 -> 327 | B333: BOTELLERO 450 BOTELLAS CUBETERO CUBIERTA EN ACERO | F333: cucuta | H333: activo | I333: 3321008.5
A334: =+A333+1 -> 328 | B334: MESA DE TRABAJO CON AZAFRANES ANCHO 1,2 MTS DOS PUERTAS EN ACERO INOXIDABLE | C334: . | F334: cucuta | H334: activo | I334: 3582856.6
A335: =+A334+1 -> 329 | B335: MESA DE TRABAJO CON AZAFRANES REFRIGERADORA DE 2 PUERTAS | F335: cucuta | H335: activo | I335: 5293176.6
A336: =+A335+1 -> 330 | B336: WONDER VERTICAL 2200 LTS DUPLEX PUERTA | F336: cucuta | H336: activo | I336: 20739838
A337: =+A336+1 -> 331 | B337: FREIDORA ECONOMAX RET LG300 | F337: cucuta | H337: activo | I337: 2964000
A338: =+A337+1 -> 332 | B338: CAMARAS, AMPLIFICADOR, PARLANTE, GABINETE, MATERIALES DE INSTALACION, PARLANTE, CLABLES, DISCO DURO | C338: . | F338: cucuta | H338: activo | I338: 6758680
A339: =+A338+1 -> 333 | B339: ASADOR PARA CARNE, ESTUFA 4 PUESTOS,MESA DE TRABAJO CON REPISA DE CENTRO, CAMPANA EXTRACTORA ACERO SAT,ASADOR DE 30 POLLOS EN ACERO INOX,DUCTO LAMINA GALVANIZADO,EXTRACTRO TIPO TIPO HONGO (PABLO DAZA) | C339: . | F339: cucuta | H339: activo | I339: 21011721
A340: =+A339+1 -> 334 | B340: VENTILADOR INDUSTRIAL 14, SILLA BAR IBIZA NEGRA (Sodimac) | F340: cucuta | H340: activo | I340: 2159761.3
A341: =+A340+1 -> 335 | B341: ENFRIADOR DE 370 LITROS DOBLE CUBETERO ALTO 94 CM, FRENTE 106 CM Y FONDO 78,6 CM (Grupo Wonder) | C341: . | F341: cucuta | H341: activo | I341: 1993333.3
A342: =+A341+1 -> 336 | B342: WONDER VERTICAL 22000 LITROS DUPLES PUERTA SOLDIA, MESA DE TRABAJO REGRIGERACCION ANCHO 1,2 MTS DOS PUERTAS EN ACERO INOXIDABLE, BASE CHEF REFRIGERADORA 2 CAJONES, CONGELADOSR HORIZONTAL TAPA COFRE M155 L GABINETE INTERNO ZN (Grupo Wonder) | C342: . | F342: cucuta | H342: activo | I342: 21006667
A343: =+A342+1 -> 337 | B343: MAQUINARIA Y EQUPIO (Grupo wonder) | F343: cucuta | H343: activo | I343: 2989999.2
A344: =+A343+1 -> 338 | B344: PLATILLERA,REPISA,PINCHETA,MANTEQUILLERA,MESA DE TRABAJO,REJILLA TIPO CARCAMO | C344: . | F344: cucuta | H344: activo | I344: 2359890
A345: =+A344+1 -> 339 | B345: ESCABILADERO,BANDEJAS TROQUELADAS, ESTANTE LAMINA,PORTA COMANDERAS, MESON DE LAVADO,TRAMPA DE GRASA,PROTECTORA DE CAÑERIAS EN ACERO INOX,MUEBLE DE BAÑO MARIA, MESA DE TRABAJO CON RESPISA DE CENTRO, DUCTO ACERO. | C345: . | F345: cucuta | H345: activo | I345: 7910993.6
A346: =+A345+1 -> 340 | B346: CAMPANA EXTRACTORA A ACERO EXTRACTOR INDUSTRIAL TIPO HONGO 24 | C346: . | F346: cucuta | H346: activo | I346: 15015000
A347: =+A346+1 -> 341 | B347: ASADOR DE CARBON, STUFA 4 PUESTOS SENCILLOS, CAMPANA EXTRACTORA ACERO SAT, ACOPLE PARA EXTRACTOR,EXTRACTOR TIPO HONGO, ASADOR DE 42 POLLOS QUIRURGICO | C347: . | F347: cucuta | H347: activo | I347: 24690901
A348: =+A347+1 -> 342 | B348: FREIDOR BROASTER A PRESION | F348: cucuta | H348: activo | I348: 30732000
A349: =+A348+1 -> 343 | B349: BOTELLERO 450 BOTELLAS, MESA DE TRABAJO INOX CONGELADORA 338 LTS, MESA DE TRABAJO REFRIGERACION ANCHO 1,2 MTS DOS PUERTAS EN ACERO INOXIDABLE (Grupo Wonder) | C349: . | F349: cucuta | H349: activo | I349: 16699268
A350: =+A349+1 -> 344 | B350: Maqunaria y Equipo | F350: cucuta | H350: activo | I350: 5439920.4
A351: =+A350+1 -> 345 | B351: (1)AIRE MINISPLITSHIG WALL INVERTER 24000 BTU DAIKIN,(1) CONDENSADORA 60,000 BTU MCQUAY 5 TON INVERTER, (1)EVAPORADORA TIPO CASSETTE 5 TON 60.000 BTU MCQUAY, (1)EVAPORADORA TIPO CASSSETTE, (1) CONDENSADORA 36,000 BTU (INVERSIONES HMCR) | C351: . | F351: cucuta | H351: activo | I351: 11154274
A352: =+A351+1 -> 346 | B352: ASADOR DE POLLOS A CARBON EN ACERO (Pablo Daza) | F352: cucuta | H352: activo | I352: 3389360.8
A353: =+A352+1 -> 347 | B353: HORNO PROFESIONAL INTELIGENTE (PABLO DAZA) | F353: cucuta | H353: activo | I353: 19137273
A354: =+A353+1 -> 348 | B354: EVAPORADORA TIPO CASSETTE (INVERSIONES HMCR SAS) | F354: cucuta | H354: activo | I354: 25988986
A355: =+A354+1 -> 349 | B355: BASE CHEF REGRIGERADORA 2 CAJONES (GRUPO WONDER) | F355: cucuta | H355: activo | I355: 5715342.7
A356: =+A355+1 -> 350 | B356: VITRINA VERTICAL CONGELADORA PUERTA SOLIDA (GRUPO WONDER) | F356: cucuta | H356: activo | I356: 29214288
A357: =+A356+1 -> 351 | B357: CUARTO FRIO MODULAR 3,10 *2,60 /INVERESIONES H.M.C.R SAS) | F357: cucuta | H357: activo | I357: 15504202
A358: =+A357+1 -> 352 | B358: CUARTO FRIO MODULAR /INVERESIONES H.M.C.R SAS) | F358: cucuta | H358: activo | I358: 12300000
A359: =+A358+1 -> 353 | B359: CUARTO FRIO MODULAR /INVERESIONES H.M.C.R SAS) | F359: cucuta | H359: activo | I359: 12300000
...

Sheet MAYOR 90 DIAS
A1: =+'DISPONIBLE Bo'!A1 -> LA NOTA COLOMBIA SAS
A2: =+'DISPONIBLE Bo'!A2 -> NIT 901233167-1
A4: RELACION TOTAL PASIVO
A6: No. | B6: Nit | C6: Nombre Acreedor | D6: Domicilio Acreedor | E6: Numero de la Obligacion | F6: Capital | G6: Interés Pactado | H6: Fecha Generación | I6: Fecha Termenación Crédito | J6: Dias Mora | K6: Soporte | L6: Valor Total | M6: Valor por Entidad | N6: Corte a:
A7: 1 | B7: 80310468 | C7: ANTONIO RODRIGUEZ | E7: CC-000092 | F7: 131256000 | G7: 0 | H7: 41395 | I7: 41395 | J7: =+N7-I7 -> 668 | K7: Pagare | L7: 91154000 | M7: 91154000 | N7: 42063
A8: 2 | B8: 496347 | C8: RAMOS GUILLERMO | E8: NA-000008 | F8: 10000000 | G8: 0 | H8: 41609 | I8: 41699 | J8: =#N/A -> #N/A | K8: Pagare | L8: 10000000 | M8: 10000000 | N8: 42063
A9: 3 | B9: 17150211 | C9: PULIDO RODROGIEZ JOSE ENRIQUE | E9: NA-000009 | F9: 20000000 | G9: 0 | H9: 41640 | I9: 41730 | J9: =#N/A -> #N/A | K9: Pagare | L9: 20000000 | M9: 20000000 | N9: 42063
A10: 4 | C10: JORGE GIL GUTIERREZ | E10: OI-000035 | F10: 25000000 | G10: 0 | H10: 40835 | I10: 40925 | J10: =#N/A -> #N/A | K10: Pagare | L10: 25000000 | M10: 25000000 | N10: 42063
A11: 5 | B11: 19306049 | C11: RUIZ TRIVIÑO CARLOS HERNAN | F11: 138485000 | G11: 0 | H11: 41648 | I11: 41738 | J11: =#N/A -> #N/A | K11: Pagare | L11: =+F11-61973385 -> 76511615 | M11: =+L11 -> 76511615 | N11: 42063
A12: 6 | B12: 51560780 | C12: RODRIGUEZ RODRIGUEZ MARTHA LAUDICES | E12: CC-000057 | F12: 164915177 | G12: 0 | H12: 40189 | I12: 40279 | J12: =#N/A -> #N/A | K12: Pagare | L12: 164915177 | M12: 164915177 | N12: 42063
A13: 7 | B13: 800147371-1 | C13: CAMARPLAST Y CIA LDA | D13: CRA 34 12B 41 | E13: CRA 34 12B 41 | F13: 6253850 | G13: 0 | H13: 41968 | I13: =+H13+60 -> 42028 | J13: =#N/A -> #N/A | K13: FACTURA No 51414 | L13: 0 | M13: =SUM(L13:L27) -> 0 | N13: 42063
F14: 7286700 | G14: 0 | H14: 41978 | I14: =#N/A -> #N/A | J14: =#N/A -> #N/A | K14: FACTURA No 51466 | L14: 0 | N14: 42063
F15: 4812400 | G15: 0 | H15: 41981 | I15: =#N/A -> #N/A | J15: =#N/A -> #N/A | K15: FACTURA No 51481 | L15: 0 | N15: 42063
F16: 5765800 | G16: 0 | H16: 41977 | I16: =#N/A -> #N/A | J16: =#N/A -> #N/A | K16: FACTURA No 51449 | L16: 0 | N16: 42063
F17: 4801050 | G17: 0 | H17: 41986 | I17: =#N/A -> #N/A | J17: =#N/A -> #N/A | K17: FACTURA No 51515 | L17: 0 | N17: 42063
F18: 6197100 | G18: 0 | H18: 41994 | I18: =#N/A -> #N/A | J18: =#N/A -> #N/A | K18: FACTURA No 51559 | L18: 0 | N18: 42063
F19: 4857800 | G19: 0 | H19: 42001 | I19: =#N/A -> #N/A | J19: =#N/A -> #N/A | K19: FACTURA No 51585 | L19: 0 | N19: 42063
F20: 7309400 | G20: 0 | H20: 42007 | I20: =#N/A -> #N/A | J20: =#N/A -> #N/A | K20: FACTURA No 51610 | L20: 0 | N20: 42063
F21: 5765800 | G21: 0 | H21: 42015 | I21: =#N/A -> #N/A | J21: =#N/A -> #N/A | K21: FACTURA No 51654 | L21: 0 | N21: 42063
F22: 5913350 | G22: 0 | H22: 42019 | I22: =#N/A -> #N/A | J22: =#N/A -> #N/A | K22: FACTURA No 51672 | L22: 0 | N22: 42063
F23: 9908550 | G23: 0 | H23: 42021 | I23: =#N/A -> #N/A | J23: =#N/A -> #N/A | K23: FACTURA No 51700 | L23: 0 | N23: 42063
F24: 9829100 | G24: 0 | H24: 42009 | I24: =#N/A -> #N/A | J24: =#N/A -> #N/A | K24: FACTURA No 51753 | L24: 0 | N24: 42063
F25: 8047150 | G25: 0 | H25: 42023 | I25: =#N/A -> #N/A | J25: =#N/A -> #N/A | K25: FACTURA No 51782 | L25: 0 | N25: 42063
... F27: 6038200 | G27: 0 | H27: 42037 | I27: =#N/A -> #N/A | J27: =#N/A -> #N/A | K27: FACTURA No 51844 | L27: 0 | N27: 42063
A28: 7 | B28: 800179761-8 | C28: RESISTENCIAS RODHER S.A.S | D28: Cra 67 No 11 - 26 | E28: Cra 67 No 11 - 26 | F28: 36888 | G28: 0 | H28: 41765 | I28: =+H28+60 -> 41825 | J28: =#N/A -> #N/A | K28: FACTURA No 86131 | L28: 36888 | M28: =SUM(L28:L46) -> 20740505 | N28: 42063
F29: 100509.36 | G29: 0 | H29: 41734 | I29: =#N/A -> #N/A | J29: =#N/A -> #N/A | K29: FACTURA No 85640 | L29: 100509.36 | N29: 42063
F30: 77140 | G30: 0 | H30: 41714 | I30: =#N/A -> #N/A | J30: =#N/A -> #N/A | K30: FACTURA No 85283 | L30: 77140 | N30: 42063
F31: 18096 | G31: 0 | H31: 41688 | I31: =#N/A -> #N/A | J31: =#N/A -> #N/A | K31: FACTURA No 85096 | L31: 18096 | N31: 42063
F32: 351736 | G32: 0 | H32: 41683 | I32: =#N/A -> #N/A | J32: =#N/A -> #N/A | K32: FACTURA No 85008 | L32: 351736 | N32: 42063
F33: 8644750 | G33: 0 | H33: 41677 | I33: =#N/A -> #N/A | J33: =#N/A -> #N/A | K33: FACTURA No 84906 | L33: 8644750 | N33: 42063
F34: 293552 | G34: 0 | H34: 41672 | I34: =#N/A -> #N/A | J34: =#N/A -> #N/A | K34: FACTURA No 84774 | L34: 293552 | N34: 42063
F35: 356896.5 | G35: 0 | H35: 41660 | I35: =#N/A -> #N/A | J35: =#N/A -> #N/A | K35: FACTURA No 84602 | L35: 356896.5 | N35: 42063
F36: 654175.2 | G36: 0 | H36: 41659 | I36: =#N/A -> #N/A | J36: =#N/A -> #N/A | K36: FACTURA No 84596 | L36: 654175.2 | N36: 42063
F37: 130500 | G37: 0 | H37: 41659 | I37: =#N/A -> #N/A | J37: =#N/A -> #N/A | K37: FACTURA No 84586 | L37: 130500 | N37: 42063
F38: 458200 | G38: 0 | H38: 41655 | I38: =#N/A -> #N/A | J38: =#N/A -> #N/A | K38: FACTURA No 84532 | L38: 458200 | N38: 42063
F39: 458200 | G39: 0 | H39: 41645 | I39: =#N/A -> #N/A | J39: =#N/A -> #N/A | K39: FACTURA No 84355 | L39: 458200 | N39: 42063
F40: 2565000 | G40: 0 | H40: 41998 | I40: =#N/A -> #N/A | J40: =#N/A -> #N/A | K40: FACTURA No 84161 | L40: 0 | N40: 42063
... F46: 609862 | G46: 0 | H46: 41626 | I46: =#N/A -> #N/A | J46: =#N/A -> #N/A | K46: FACTURA No 84017 | L46: 609862 | N46: 42063
A47: 9 | B47: 830031442-6 | C47: ASISTECNING LTDA | D47: Cra 69 37 b 16 SUR | E47: Cra 69 37 b 16 SUR | F47: 1645750 | G47: 0 | H47: 41966 | I47: =#N/A -> #N/A | J47: =#N/A -> #N/A | K47: FACTURA No 2740 | L47: 0 | M47: =SUM(L47:L52) -> 0 | N47: 42063
F48: 1540422 | G48: 0 | H48: 42015 | I48: =#N/A -> #N/A | J48: =#N/A -> #N/A | K48: FACTURA No 2772 | L48: 0 | N48: 42063
F49: 868956 | G49: 0 | H49: 42046 | I49: =#N/A -> #N/A | J49: =#N/A -> #N/A | K49: FACTURA No 2793 | L49: 0 | N49: 42063
F50: 289652 | G50: 0 | H50: 42057 | I50: =#N/A -> #N/A | J50: =#N/A -> #N/A | K50: FACTURA No 2805 | L50: 0 | N50: 42063
F51: 565600 | G51: 0 | H51: 42048 | I51: =#N/A -> #N/A | J51: =#N/A -> #N/A | K51: FACTURA No 2825 | L51: 0 | N51: 42063
F52: 716800 | G52: 0 | H52: 42053 | I52: =#N/A -> #N/A | J52: =#N/A -> #N/A | K52: FACTURA No 2832 | L52: 0 | N52: 42063
A53: 10 | B53: 830124585-0 | C53: CROMAPACK LTDA | D53: CALLE 9A SUR 68D 12 | E53: ELABORACION DE CIRELES | F53: 523953.92 | G53: 0 | H53: 42025 | I53: =#N/A -> #N/A | J53: =#N/A -> #N/A | K53: FACTURA No 16218 | L53: 0 | M53: =SUM(L53:L67) -> 0 | N53: 42063
F54: 631143.52 | G54: 0 | H54: 42025 | I54: =#N/A -> #N/A | J54: =#N/A -> #N/A | K54: FACTURA No 16219 | L54: 0 | N54: 42063
F55: 212147.04 | G55: 0 | H55: 42048 | I55: =#N/A -> #N/A | J55: =#N/A -> #N/A | K55: FACTURA No 16357 | L55: 0 | N55: 42063
F56: 527590.56 | G56: 0 | H56: 42048 | I56: =#N/A -> #N/A | J56: =#N/A -> #N/A | K56: FACTURA No 16358 | L56: 0 | N56: 42063
F57: 125048 | G57: 0 | H57: 42049 | I57: =#N/A -> #N/A | J57: =#N/A -> #N/A | K57: FACTURA No 16367 | L57: 0 | N57: 42063
F58: 444803 | G58: 0 | H58: 42049 | I58: =#N/A -> #N/A | J58: =#N/A -> #N/A | K58: FACTURA No 16366 | L58: 0 | N58: 42063
F59: 414556.8 | G59: 0 | H59: 42035 | I59: =#N/A -> #N/A | J59: =#N/A -> #N/A | K59: FACTURA No 16288 | L59: 0 | N59: 42063
F60: 113511.8 | G60: 0 | H60: 42056 | I60: =#N/A -> #N/A | J60: =#N/A -> #N/A | K60: FACTURA No 16398 | L60: 0 | N60: 42063
F61: 403874.24 | G61: 0 | H61: 42039 | I61: =#N/A -> #N/A | J61: =#N/A -> #N/A | K61: FACTURA No 16318 | L61: 0 | N61: 42063
F62: 271395.04 | G62: 0 | H62: 42039 | I62: =#N/A -> #N/A | J62: =#N/A -> #N/A | K62: FACTURA No 16540 | L62: 0 | N62: 42063
F63: 113425.76 | G63: 0 | H63: 42039 | I63: =#N/A -> #N/A | J63: =#N/A -> #N/A | K63: FACTURA No 16539 | L63: 0 | N63: 42063
F64: 236237.12 | G64: 0 | H64: 42046 | I64: =#N/A -> #N/A | J64: =#N/A -> #N/A | K64: FACTURA No 16567 | L64: 0 | N64: 42063
F65: 199488.8 | G65: 0 | H65: 42046 | I65: =#N/A -> #N/A | J65: =#N/A -> #N/A | K65: FACTURA No 16566 | L65: 0 | N65: 42063
... F67: 86558.04 | G67: 0 | H67: 42061 | I67: =#N/A -> #N/A | J67: =#N/A -> #N/A | K67: FACTURA No 16665 | L67: 0 | N67: 42063
A68: 11 | B68: 830117804 | C68: SMC MASTER | D68: CRA 69 BIS 31 113 SUR | F68: 471424 | G68: 0 | H68: 42036 | I68: =#N/A -> #N/A | J68: =#N/A -> #N/A | K68: FACTURA No 18579 | L68: 0 | M68: =SUM(L68:L71) -> 0 | N68: 42063
F69: 3649651.5 | G69: 0 | H69: 42051 | I69: =#N/A -> #N/A | J69: =#N/A -> #N/A | K69: FACTURA No 18659 | L69: 0 | N69: 42063
F70: 974374.8 | G70: 0 | H70: 42053 | I70: =#N/A -> #N/A | J70: =#N/A -> #N/A | K70: FACTURA No 077 | L70: 0 | N70: 42063
F71: 1639144.3 | G71: 0 | H71: 42054 | I71: =#N/A -> #N/A | J71: =#N/A -> #N/A | K71: FACTURA No 087 | L71: 0 | N71: 42063
A72: 12 | B72: 800034626-9 | C72: PERMAQUIM S.A.S | D72: Cra 69 B No 22 44 SUR | F72: 577778.6 | G72: 0 | H72: 42059 | I72: =#N/A -> #N/A | J72: =#N/A -> #N/A | K72: FACTURA No 99531 | L72: 0 | M72: =+L72 -> 0 | N72: 42063
A73: 13 | B73: 830120839-8 | C73: MULTISUMINISTROS INDUSTRIALES S.A.S | D73: TRANS 22 No 17 -22 PALOQUEMAO | F73: 302569.76 | G73: 0 | H73: 42025 | I73: =#N/A -> #N/A | J73: =#N/A -> #N/A | K73: FACTURA No 57655 | L73: 0 | M73: =SUM(L73:L74) -> 0 | N73: 42063
F74: 1009445.9 | G74: 0 | H74: 42053 | I74: =#N/A -> #N/A | J74: =#N/A -> #N/A | K74: FACTURA No 58418 | L74: 0 | N74: 42063
A75: 14 | B75: 23853900 | C75: MARIA SANDRA DEVIVERO DE CASTRO | F75: 4011473 | G75: 0 | H75: 41988 | I75: =#N/A -> #N/A | J75: =#N/A -> #N/A | K75: DE-000842 | L75: 0 | M75: =+L75 -> 0 | N75: 42063
A76: 8 | B76: 51778847 | C76: LIZCANO BERNAL MARIA ANGELICA | F76: 1503000 | G76: 0 | H76: 41334 | I76: =#N/A -> #N/A | J76: =#N/A -> #N/A | K76: DE-000556 | L76: 1503000 | M76: =SUM(L76:L81) -> 9015000 | N76: 42063
F77: 1503000 | G77: 0 | H77: 41365 | I77: =#N/A -> #N/A | J77: =#N/A -> #N/A | K77: DE-000553 | L77: 1503000 | N77: 42063
F78: 1503000 | G78: 0 | H78: 41405 | I78: =#N/A -> #N/A | J78: =#N/A -> #N/A | K78: DE-000574 | L78: 1503000 | N78: 42063
F79: 1503000 | G79: 0 | H79: 41429 | I79: =#N/A -> #N/A | J79: =#N/A -> #N/A | K79: DE-000588 | L79: 1503000 | N79: 42063
F80: 1500000 | G80: 0 | H80: 41485 | I80: =#N/A -> #N/A | J80: =#N/A -> #N/A | K80: DE-000602 | L80: 1500000 | N80: 42063
F81: 1503000 | G81: 0 | H81: 41487 | I81: =#N/A -> #N/A | J81: =#N/A -> #N/A | K81: DE-000615 | L81: 1503000 | N81: 42063
A82: 16 | B82: 17166603 | C82: ALMONACID PRIETO ALVARO | F82: 668778 | G82: 0 | H82: 41988 | I82: =#N/A -> #N/A | J82: =#N/A -> #N/A | K82: DE-000843 | L82: 0 | M82: =+L82 -> 0 | N82: 42063
A83: 17 | C83: TEST CLEAN E.U. | F83: 696000 | G83: 0 | H83: 42027 | I83: =#N/A -> #N/A | J83: =#N/A -> #N/A | K83: CP-002037 | L83: 0 | M83: =+L83 -> 0 | N83: 42063
A84: 18 | C84: CAMPOS ANGELA ADRIAN | F84: 30256 | G84: 0 | H84: 42034 | I84: =#N/A -> #N/A | J84: =#N/A -> #N/A | K84: DE-000866 | L84: 0 | M84: =+F84 -> 30256 | N84: 42063
A85: 19 | C85: NIETO GUERRERO ALFRE | F85: 154741 | G85: 0 | H85: 42034 | I85: =#N/A -> #N/A | J85: =#N/A -> #N/A | K85: DE-000864 | L85: 0 | M85: =+F85 -> 154741 | N85: 42063
A86: 20 | C86: ORTEGA ANGARITA ANTO | F86: 118855 | G86: 0 | H86: 42034 | I86: =#N/A -> #N/A | J86: =#N/A -> #N/A | K86: DE-000865 | L86: 0 | M86: =+L86 -> 0 | N86: 42063
A87: 21 | C87: QUINTERO MONSALVE MI | F87: 119411 | G87: 0 | H87: 42034 | I87: =#N/A -> #N/A | J87: =#N/A -> #N/A | K87: DE-000863 | L87: 0 | M87: =+L87 -> 0 | N87: 42063
A88: 22 | C88: RIA ROZO JUAN DAVI | F88: 405431 | G88: 0 | H88: 42034 | I88: =#N/A -> #N/A | J88: =#N/A -> #N/A | K88: DE-000862 | L88: 0 | M88: =+L88 -> 0 | N88: 42063
A89: 9 | B89: 800140949 | C89: CAFESALUD E.P.S | F89: 742347 | G89: 0 | H89: 41638 | I89: =+H89+8 -> 41646 | J89: =#N/A -> #N/A | K89: APORTES E P S DIC 2013 | L89: 742347 | M89: =SUM(L89:L96) -> 6018904 | N89: 42063
F90: 641053 | G90: 0 | H90: 41669 | I90: =#N/A -> #N/A | J90: =#N/A -> #N/A | K90: APORTES E P S ENE 2014 | L90: 641053 | N90: 42063
F91: 720620 | G91: 0 | H91: 41698 | I91: =#N/A -> #N/A | J91: =#N/A -> #N/A | K91: APORTES E P S FEB 2014 | L91: 720620 | N91: 42063
F92: 720620 | G92: 0 | H92: 41728 | I92: =#N/A -> #N/A | J92: =#N/A -> #N/A | K92: APORTES E P S MAR 2014 | L92: 720620 | N92: 42063
F93: 720620 | G93: 0 | H93: 41759 | I93: =#N/A -> #N/A | J93: =#N/A -> #N/A | K93: APORTES E P S ABR 2014 | L93: 720620 | N93: 42063
F94: 720620 | G94: 0 | H94: 41789 | I94: =#N/A -> #N/A | J94: =#N/A -> #N/A | K94: APORTES E P S MAY 2014 | L94: 720620 | N94: 42063
F95: 772980 | G95: 0 | H95: 41820 | I95: =#N/A -> #N/A | J95: =#N/A -> #N/A | K95: APORTES E P S JUN 2014 | L95: 772980 | N95: 42063
F96: 980044 | G96: 0 | H96: 41850 | I96: =#N/A -> #N/A | J96: =#N/A -> #N/A | K96: APORTES E P S JUL 2014 | L96: 980044 | N96: 42063
A97: 10 | B97: 800144331 | C97: PORVENIR | F97: 1196253 | G97: 0 | H97: 41638 | I97: =#N/A -> #N/A | J97: =#N/A -> #N/A | K97: APORTES FONDO DE PENSIONADOS DIC 2013 | L97: 1196253 | M97: =SUM(L97:L104) -> 9351951 | N97: 42063
F98: 1002063 | G98: 0 | H98: 41669 | I98: =#N/A -> #N/A | J98: =#N/A -> #N/A | K98: APORTES FONDO DE PENSIONADOS ENE 2014 | L98: 1002063 | N98: 42063
F99: 1144153 | G99: 0 | H99: 41698 | I99: =#N/A -> #N/A | J99: =#N/A -> #N/A | K99: APORTES FONDO DE PENSIONADOS FEB 2014 | L99: 1144153 | N99: 42063
F100: 1144153 | G100: 0 | H100: 41728 | I100: =#N/A -> #N/A | J100: =#N/A -> #N/A | K100: APORTES FONDO DE PENSIONADOS MAR 2014 | L100: 1144153 | N100: 42063
F101: 1144153 | G101: 0 | H101: 41759 | I101: =#N/A -> #N/A | J101: =#N/A -> #N/A | K101: APORTES FONDO DE PENSIONADOS ABR 2014 | L101: 1144153 | N101: 42063
F102: 1144153 | G102: 0 | H102: 41789 | I102: =#N/A -> #N/A | J102: =#N/A -> #N/A | K102: APORTES FONDO DE PENSIONADOS MAY 2014 | L102: 1144153 | N102: 42063
F103: 1045593 | G103: 0 | H103: 41820 | I103: =#N/A -> #N/A | J103: =#N/A -> #N/A | K103: APORTES FONDO DE PENSIONADOS JUN 2014 | L103: 1045593 | N103: 42063
F104: 1531430 | G104: 0 | H104: 41850 | I104: =#N/A -> #N/A | J104: =#N/A -> #N/A | K104: APORTES FONDO DE PENSIONADOS JUL 2014 | L104: 1531430 | N104: 42063
A105: 11 | B105: 800220739 | C105: PROTECCION PENSIONESY CESANTIAS | F105: 204013 | G105: 0 | H105: 41243 | I105: =#N/A -> #N/A | J105: =#N/A -> #N/A | K105: APORTES E P S NOV 2012 | L105: 204013 | M105: =+L105 -> 204013 | N105: 42063
A106: 12 | B106: 800231967 | C106: HORIZONTE PENSIONES YCESANTIAS | F106: 136008 | G106: 0 | H106: 41243 | I106: =#N/A -> #N/A | J106: =#N/A -> #N/A | K106: APORTES E P S NOV 2012 | L106: 136008 | M106: =SUM(L106:L114) -> 924384 | N106: 42063
F107: 75457 | G107: 0 | H107: 41638 | I107: =#N/A -> #N/A | J107: =#N/A -> #N/A | K107: APORTES FONDO DE PENSIONADOS DIC 2013 | L107: 75457 | N107: 42063
F108: 72278 | G108: 0 | H108: 41669 | I108: =#N/A -> #N/A | J108: =#N/A -> #N/A | K108: APORTES FONDO DE PENSIONADOS ENE 2014 | L108: 72278 | N108: 42063
F109: 98561 | G109: 0 | H109: 41698 | I109: =#N/A -> #N/A | J109: =#N/A -> #N/A | K109: APORTES FONDO DE PENSIONADOS FEB 2014 | L109: 98561 | N109: 42063
...

Sheet PROVEEDORES Bo.
A1: LA NOTA COLOMBIA SAS
A2: NIT 901233167-1
A4: INVENTARIO DE PASIVOS - PROVEEDORES
J5: =+'DISPONIBLE Bo'!F5 -> Corte al 15 de Octubre de 2024
A6: No | B6: PROVEEDOR | C6: ID | D6: DIRECCIÓN | E6: CIUDAD | F6: FECHA DE ORIGEN | G6: VENCIMIENTO | H6: DOCUMENTO | I6: TOTAL | J6: TOTAL POR TERCERO
A7: 1 | B7: AJOVER DARNEL SAS | C7: 860013771-7 | D7: TRANSVERSAL 93 N° 65A-30 11001 - Bogota D.C. | E7: BOGOTA | F7: 45546 | G7: 45576 | H7: AFE5918066 | I7: 467670 | J7: =SUM(I7:I16) -> 3396022
A8: 2 | B8: AJOVER DARNEL SAS | C8: 860013771-7 | D8: TRANSVERSAL 93 N° 65A-30 11001 - Bogota D.C. | E8: BOGOTA | F8: 45546 | G8: 45576 | H8: AFE5918461 | I8: 436135
A9: 3 | B9: AJOVER DARNEL SAS | C9: 860013771-7 | D9: TRANSVERSAL 93 N° 65A-30 11001 - Bogota D.C. | E9: BOGOTA | F9: 45552 | G9: 45582 | H9: AFE5937678 | I9: 603211
A10: 4 | B10: AJOVER DARNEL SAS | C10: 860013771-7 | D10: TRANSVERSAL 93 N° 65A-30 11001 - Bogota D.C. | E10: BOGOTA | F10: 45557 | G10: 45587 | H10: AFE5952603 | I10: 47600
A11: 5 | B11: AJOVER DARNEL SAS | C11: 860013771-7 | D11: TRANSVERSAL 93 N° 65A-30 11001 - Bogota D.C. | E11: BOGOTA | F11: 45570 | G11: 45600 | H11: AFE5992978 | I11: 132566
A12: 6 | B12: AJOVER DARNEL SAS | C12: 860013771-8 | D12: TRANSVERSAL 93 N° 65A-30 11001 - Bogota D.C. | E12: BOGOTA | F12: 45572 | G12: 45602 | H12: AFE5994745 | I12: 485520
A13: 7 | B13: AJOVER DARNEL SAS | C13: 860013771-9 | D13: TRANSVERSAL 93 N° 65A-30 11001 - Bogota D.C. | E13: BOGOTA | F13: 45573 | G13: 45603 | H13: AFE5998754 | I13: 189567
A14: 8 | B14: AJOVER DARNEL SAS | C14: 860013771-10 | D14: TRANSVERSAL 93 N° 65A-30 11001 - Bogota D.C. | E14: BOGOTA | F14: 45575 | G14: 45605 | H14: AFE6006775 | I14: 579054
A15: 9 | B15: AJOVER DARNEL SAS | C15: 860013771-11 | D15: TRANSVERSAL 93 N° 65A-30 11001 - Bogota D.C. | E15: BOGOTA | F15: 45575 | G15: 45605 | H15: AFE6007419 | I15: 265132
A16: 10 | B16: AJOVER DARNEL SAS | C16: 860013771-12 | D16: TRANSVERSAL 93 N° 65A-30 11001 - Bogota D.C. | E16: BOGOTA | F16: 45576 | G16: 45606 | H16: AFE6010802 | I16: 189567
A17: 11 | B17: ANCLA Y VIENTO SAS | C17: 830026818-1 | D17: CRA 116 N° 22H - 31 Bogota D.C. | E17: BOGOTA | F17: 45554 | G17: 45569 | H17: FC1242938 | I17: 2334450 | J17: =SUM(I17:I24) -> 26572718
A18: 12 | B18: ANCLA Y VIENTO SAS | C18: 830026818-1 | D18: CRA 116 N° 22H - 31 Bogota D.C. | E18: BOGOTA | F18: 45558 | G18: 45573 | H18: FC1243367 | I18: 1704562.2
A19: 13 | B19: ANCLA Y VIENTO SAS | C19: 830026818-1 | D19: CRA 116 N° 22H - 31 Bogota D.C. | E19: BOGOTA | F19: 45558 | G19: 45573 | H19: FC1243373 | I19: 6217143
A20: 14 | B20: ANCLA Y VIENTO SAS | C20: 830026818-1 | D20: CRA 116 N° 22H - 31 Bogota D.C. | E20: BOGOTA | F20: 45561 | G20: 45576 | H20: FC1243963 | I20: 2334450
A21: 15 | B21: ANCLA Y VIENTO SAS | C21: 830026818-1 | D21: CRA 116 N° 22H - 31 Bogota D.C. | E21: BOGOTA | F21: 45566 | G21: 45581 | H21: FC1244297 | I21: 4728665
A22: 16 | B22: ANCLA Y VIENTO SAS | C22: 830026818-1 | D22: CRA 116 N° 22H - 31 Bogota D.C. | E22: BOGOTA | F22: 45568 | G22: 45583 | H22: FC1244929 | I22: 1327990
A23: 17 | B23: ANCLA Y VIENTO SAS | C23: 830026818-1 | D23: CRA 116 N° 22H - 31 Bogota D.C. | E23: BOGOTA | F23: 45572 | G23: 45587 | H23: FC1245335 | I23: 2371791.4
A24: 18 | B24: ANCLA Y VIENTO SAS | C24: 830026818-1 | D24: CRA 116 N° 22H - 31 Bogota D.C. | E24: BOGOTA | F24: 45575 | G24: 45590 | H24: FC1245964 | I24: 5553666
A25: 19 | B25: ANDRES FELIPE DUARTE CARRILLO | C25: 1010090258-5 | D25: MZ 5 CASA 19 LA CAMPIÑA Los Patios | E25: CUCUTA | F25: 45310 | G25: 45310 | H25: FCDSE8812 | I25: 999594 | J25: =SUM(I25:I26) -> 1079594
A26: 20 | B26: ANDRES FELIPE DUARTE CARRILLO | C26: 1010090258-5 | D26: MZ 5 CASA 19 LA CAMPIÑA Los Patios | E26: CUCUTA | F26: 45322 | G26: 45322 | H26: FCDSE9010 | I26: 80000
A27: 21 | B27: ARTE IMPRESO CUCUTA S.A.S | C27: 900582639-7 | D27: CLL 15 2 56 BRR LA PLAYA | E27: CUCUTA | F27: 45169 | G27: 45199 | H27: AI2881 | I27: 1411550 | J27: =SUM(I27:I63) -> 51613815
A28: 22 | B28: ARTE IMPRESO CUCUTA S.A.S | C28: 900582639-7 | D28: CLL 15 2 56 BRR LA PLAYA | E28: CUCUTA | F28: 45173 | G28: 45203 | H28: AI2891 | I28: 1747500
A29: 23 | B29: ARTE IMPRESO CUCUTA S.A.S | C29: 900582639-7 | D29: CLL 15 2 56 BRR LA PLAYA | E29: CUCUTA | F29: 45174 | G29: 45204 | H29: AI2893 | I29: 1808662.5
A30: 24 | B30: ARTE IMPRESO CUCUTA S.A.S | C30: 900582639-7 | D30: CLL 15 2 56 BRR LA PLAYA | E30: CUCUTA | F30: 45178 | G30: 45208 | H30: AI2904 | I30: 2796000
A31: 25 | B31: ARTE IMPRESO CUCUTA S.A.S | C31: 900582639-7 | D31: CLL 15 2 56 BRR LA PLAYA | E31: CUCUTA | F31: 45180 | G31: 45210 | H31: AI2909 | I31: 3436750
A32: 26 | B32: ARTE IMPRESO CUCUTA S.A.S | C32: 900582639-7 | D32: CLL 15 2 56 BRR LA PLAYA | E32: CUCUTA | F32: 45196 | G32: 45226 | H32: AI2959 | I32: 665797.5
A33: 27 | B33: ARTE IMPRESO CUCUTA S.A.S | C33: 900582639-7 | D33: CLL 15 2 56 BRR LA PLAYA | E33: CUCUTA | F33: 45196 | G33: 45226 | H33: AI2960 | I33: 1535178.8
A34: 28 | B34: ARTE IMPRESO CUCUTA S.A.S | C34: 900582639-7 | D34: CLL 15 2 56 BRR LA PLAYA | E34: CUCUTA | F34: 45202 | G34: 45232 | H34: AI2975 | I34: 1438775
A35: 29 | B35: ARTE IMPRESO CUCUTA S.A.S | C35: 900582639-7 | D35: CLL 15 2 56 BRR LA PLAYA | E35: CUCUTA | F35: 45204 | G35: 45234 | H35: AI2990 | I35: 640000
A36: 30 | B36: ARTE IMPRESO CUCUTA S.A.S | C36: 900582639-7 | D36: CLL 15 2 56 BRR LA PLAYA | E36: CUCUTA | F36: 45204 | G36: 45234 | H36: AI2990 | I36: 121600
A37: 31 | B37: ARTE IMPRESO CUCUTA S.A.S | C37: 900582639-7 | D37: CLL 15 2 56 BRR LA PLAYA | E37: CUCUTA | F37: 45218 | G37: 45248 | H37: AI3034 | I37: 1880310
A38: 32 | B38: ARTE IMPRESO CUCUTA S.A.S | C38: 900582639-7 | D38: CLL 15 2 56 BRR LA PLAYA | E38: CUCUTA | F38: 45220 | G38: 45250 | H38: AI3042 | I38: 1041250
A39: 33 | B39: ARTE IMPRESO CUCUTA S.A.S | C39: 900582639-7 | D39: CLL 15 2 56 BRR LA PLAYA | E39: CUCUTA | F39: 45224 | G39: 45254 | H39: AI3048 | I39: 635000
... A63: 57 | B63: ARTE IMPRESO CUCUTA S.A.S | C63: 900582639-7 | D63: CLL 15 2 56 BRR LA PLAYA | E63: CUCUTA | F63: 45352 | G63: 45382 | H63: AI3391 | I63: 2766875
A64: 58 | B64: ATLANTIC FS SAS | C64: 900040299-0 | D64: AVENIDA 5 NRO 2 47 CENTRO | E64: CUCUTA | F64: 45295 | G64: 45340 | H64: 1660139299 | I64: 5177084.5 | J64: =SUM(I64:I78) -> 1.8175756e+08
A65: 59 | B65: ATLANTIC FS SAS | C65: 900040299-0 | D65: AVENIDA 5 NRO 2 47 CENTRO | E65: CUCUTA | F65: 45302 | G65: 45347 | H65: 1660139696 | I65: 21521671
A66: 60 | B66: ATLANTIC FS SAS | C66: 900040299-0 | D66: AVENIDA 5 NRO 2 47 CENTRO | E66: CUCUTA | F66: 45310 | G66: 45355 | H66: 1660140096 | I66: 14518000
A67: 61 | B67: ATLANTIC FS SAS | C67: 900040299-0 | D67: AVENIDA 5 NRO 2 47 CENTRO | E67: CUCUTA | F67: 45310 | G67: 45355 | H67: 1660140114 | I67: 14568172
A68: 62 | B68: ATLANTIC FS SAS | C68: 900040299-0 | D68: AVENIDA 5 NRO 2 47 CENTRO | E68: CUCUTA | F68: 45316 | G68: 45361 | H68: 1660140438 | I68: 13241275
A69: 63 | B69: ATLANTIC FS SAS | C69: 900040299-0 | D69: AVENIDA 5 NRO 2 47 CENTRO | E69: CUCUTA | F69: 45316 | G69: 45361 | H69: 1660140439 | I69: 8748250
A70: 64 | B70: ATLANTIC FS SAS | C70: 900040299-0 | D70: AVENIDA 5 NRO 2 47 CENTRO | E70: CUCUTA | F70: 45329 | G70: 45374 | H70: 1660141138 | I70: 18506880
A71: 65 | B71: ATLANTIC FS SAS | C71: 900040299-0 | D71: AVENIDA 5 NRO 2 47 CENTRO | E71: CUCUTA | F71: 45331 | G71: 45376 | H71: 1660141254 | I71: 2641800
A72: 66 | B72: ATLANTIC FS SAS | C72: 900040299-0 | D72: AVENIDA 5 NRO 2 47 CENTRO | E72: CUCUTA | F72: 45331 | G72: 45376 | H72: 1660141255 | I72: 14518000
A73: 67 | B73: ATLANTIC FS SAS | C73: 900040299-0 | D73: AVENIDA 5 NRO 2 47 CENTRO | E73: CUCUTA | F73: 45343 | G73: 45388 | H73: 1660141997 | I73: 19662802
A74: 68 | B74: ATLANTIC FS SAS | C74: 900040299-0 | D74: AVENIDA 5 NRO 2 47 CENTRO | E74: CUCUTA | F74: 45351 | G74: 45396 | H74: 1660142449 | I74: 17484141
A75: 69 | B75: ATLANTIC FS SAS | C75: 900040299-0 | D75: AVENIDA 5 NRO 2 47 CENTRO | E75: CUCUTA | F75: 45352 | G75: 45397 | H75: 1660142466 | I75: 19057475
A76: 70 | B76: ATLANTIC FS SAS | C76: 900040299-0 | D76: AVENIDA 5 NRO 2 47 CENTRO | E76: CUCUTA | F76: 45352 | G76: 45397 | H76: 1660142467 | I76: 34629
A77: 71 | B77: ATLANTIC FS SAS | C77: 900040299-0 | D77: AVENIDA 5 NRO 2 47 CENTRO | E77: CUCUTA | F77: 45384 | G77: 45429 | H77: 1660144285 | I77: 4132621
A78: 72 | B78: ATLANTIC FS SAS | C78: 900040299-0 | D78: AVENIDA 5 NRO 2 47 CENTRO | E78: CUCUTA | I78: 7944762.7
A79: 73 | B79: AVSA S.A | C79: 890201881-4 | D79: CENTRO COMERCIAL MAYORISTAS LOCAL 1 REDOMA SAN MATEO | E79: CUCUTA | F79: 45435 | G79: 45443 | H79: 70979683 | I79: 3237105 | J79: =+I79 -> 3237105
A80: 74 | B80: CARNES FINAS LOS NOVILLOS SAS | C80: 900585295-0 | D80: CL 42 A SUR 80 F 21 2 | E80: BOGOTA | F80: 45265 | G80: 45266 | H80: 4166 | I80: 8192639 | J80: =SUM(I80:I83) -> 31737784
A81: 75 | B81: CARNES FINAS LOS NOVILLOS SAS | C81: 900585295-0 | D81: CL 42 A SUR 80 F 21 2 | E81: BOGOTA | F81: 45273 | G81: 45274 | H81: FE4188 | I81: 8370037.5
A82: 76 | B82: CARNES FINAS LOS NOVILLOS SAS | C82: 900585295-0 | D82: CL 42 A SUR 80 F 21 2 | E82: BOGOTA | F82: 45301 | G82: 45302 | H82: FE4244 | I82: 7844343
A83: 77 | B83: CARNES FINAS LOS NOVILLOS SAS | C83: 900585295-0 | D83: CL 42 A SUR 80 F 21 2 | E83: BOGOTA | F83: 45308 | G83: 45309 | H83: FE4265 | I83: 7330764
A84: 78 | B84: CARNES RAFIKO S.A.S | C84: 901430521-9 | D84: CENABASTOS GALPON AMARILLO LC26,34 | E84: CUCUTA | F84: 45560 | G84: 45605 | H84: RA4392 | I84: 2400700 | J84: =SUM(I84:I89) -> 15867740
A85: 79 | B85: CARNES RAFIKO S.A.S | C85: 901430521-9 | D85: CENABASTOS GALPON AMARILLO LC26,34 | E85: CUCUTA | F85: 45567 | G85: 45612 | H85: RA4431 | I85: 3517600
A86: 80 | B86: CARNES RAFIKO S.A.S | C86: 901430521-9 | D86: CENABASTOS GALPON AMARILLO LC26,34 | E86: CUCUTA | F86: 45567 | G86: 45612 | H86: RA4432 | I86: 1979400
A87: 81 | B87: CARNES RAFIKO S.A.S | C87: 901430521-9 | D87: CENABASTOS GALPON AMARILLO LC26,34 | E87: CUCUTA | F87: 45574 | G87: 45619 | H87: RA4482 | I87: 3994200
A88: 82 | B88: CARNES RAFIKO S.A.S | C88: 901430521-9 | D88: CENABASTOS GALPON AMARILLO LC26,34 | E88: CUCUTA | F88: 45577 | G88: 45622 | H88: RA4504 | I88: 3219000
A89: 83 | B89: CARNES RAFIKO S.A.S | C89: 901430521-9 | D89: CENABASTOS GALPON AMARILLO LC26,34 | E89: CUCUTA | F89: 45580 | G89: 45625 | H89: RA4515 | I89: 756840
A90: 84 | B90: CENTURION FOODS S.A.S | C90: 900102966-2 | D90: IA 40 71 197 BG 616 CENTRO INDUSTRIAL | E90: BARRANQUILLA | F90: 45195 | G90: 45225 | H90: CFS494520 | I90: 5085599.3 | J90: =SUM(I90:I94) -> 23436146
A91: 85 | B91: CENTURION FOODS S.A.S | C91: 900102966-2 | D91: IA 40 71 197 BG 616 CENTRO INDUSTRIAL | E91: BARRANQUILLA | F91: 45202 | G91: 45203 | H91: CFS495425 | I91: 5782646.4
A92: 86 | B92: CENTURION FOODS S.A.S | C92: 900102966-2 | D92: IA 40 71 197 BG 616 CENTRO INDUSTRIAL | E92: BARRANQUILLA | F92: 45209 | G92: 45209 | H92: CFS496177 | I92: 4573807.5
A93: 87 | B93: CENTURION FOODS S.A.S | C93: 900102966-2 | D93: IA 40 71 197 BG 616 CENTRO INDUSTRIAL | E93: BARRANQUILLA | F93: 45216 | G93: 45224 | H93: CFS496927 | I93: 5602613.2
A94: 88 | B94: CENTURION FOODS S.A.S | C94: 900102966-2 | D94: IA 40 71 197 BG 616 CENTRO INDUSTRIAL | E94: BARRANQUILLA | F94: 45223 | G94: 45253 | H94: CFS500086 | I94: 2391480
A95: 89 | B95: CHARCUTERIA VILLANUEVA SVV S.A.S | C95: 901712450-5 | D95: CLL 5 4 66 BRR LATINO | E95: CUCUTA | F95: 45401 | G95: 45401 | H95: FECV222 | I95: 1261600 | J95: =SUM(I95:I113) -> 21363157
A96: 90 | B96: CHARCUTERIA VILLANUEVA SVV S.A.S | C96: 901712450-5 | D96: CLL 5 4 66 BRR LATINO | E96: CUCUTA | F96: 45402 | G96: 45402 | H96: FECV225 | I96: 165000
A97: 91 | B97: CHARCUTERIA VILLANUEVA SVV S.A.S | C97: 901712450-5 | D97: CLL 5 4 66 BRR LATINO | E97: CUCUTA | F97: 45404 | G97: 45404 | H97: FECV227 | I97: 165000
A98: 92 | B98: CHARCUTERIA VILLANUEVA SVV S.A.S | C98: 901712450-5 | D98: CLL 5 4 66 BRR LATINO | E98: CUCUTA | F98: 45418 | G98: 45418 | H98: FECV274 | I98: 330000
A99: 93 | B99: CHARCUTERIA VILLANUEVA SVV S.A.S | C99: 901712450-5 | D99: CLL 5 4 66 BRR LATINO | E99: CUCUTA | F99: 45419 | G99: 45419 | H99: FECV283 | I99: 330000
A100: 94 | B100: CHARCUTERIA VILLANUEVA SVV S.A.S | C100: 901712450-5 | D100: CLL 5 4 66 BRR LATINO | E100: CUCUTA | F100: 45422 | G100: 45422 | H100: FECV294 | I100: 1592814
A101: 95 | B101: CHARCUTERIA VILLANUEVA SVV S.A.S | C101: 901712450-5 | D101: CLL 5 4 66 BRR LATINO | E101: CUCUTA | F101: 45429 | G101: 45429 | H101: FECV313 | I101: 2341814
A102: 96 | B102: CHARCUTERIA VILLANUEVA SVV S.A.S | C102: 901712450-5 | D102: CLL 5 4 66 BRR LATINO | E102: CUCUTA | F102: 45484 | G102: 45484 | H102: FECV354 | I102: 1877337
A103: 97 | B103: CHARCUTERIA VILLANUEVA SVV S.A.S | C103: 901712450-5 | D103: CLL 5 4 66 BRR LATINO | E103: CUCUTA | F103: 45495 | G103: 45495 | H103: FECV371 | I103: 472000
A104: 98 | B104: CHARCUTERIA VILLANUEVA SVV S.A.S | C104: 901712450-6 | D104: CLL 5 4 66 BRR LATINO | E104: CUCUTA | F104: 45499 | G104: 45499 | H104: FECV383 | I104: 420000
A105: 99 | B105: CHARCUTERIA VILLANUEVA SVV S.A.S | C105: 901712450-7 | D105: CLL 5 4 66 BRR LATINO | E105: CUCUTA | F105: 45510 | G105: 45510 | H105: FECV395 | I105: 2580831
A106: 100 | B106: CHARCUTERIA VILLANUEVA SVV S.A.S | C106: 901712450-8 | D106: CLL 5 4 66 BRR LATINO | E106: CUCUTA | F106: 45520 | G106: 45520 | H106: FECV433 | I106: 1491761
A107: 101 | B107: CHARCUTERIA VILLANUEVA SVV S.A.S | C107: 901712450-8 | D107: CLL 5 4 66 BRR LATINO | E107: CUCUTA | F107: 45528 | G107: 45528 | H107: FECV448 | I107: 946000
... A113: 107 | B113: CHARCUTERIA VILLANUEVA SVV S.A.S | C113: 901712450-8 | D113: CLL 5 4 66 BRR LATINO | E113: CUCUTA | F113: 45570 | G113: 45570 | H113: FECV532 | I113: 1626000
A114: 108 | B114: COMERCIALIZADORA ANMAR SAS | C114: 900320248-7 | D114: Colombia. Diagonal 15 No. 45 - 192 Centro Comercial La Rosita - Bodega 6 | E114: BUCARAMANGA | F114: 45264 | G114: 45272 | H114: SFV50815 | I114: 7748908.4 | J114: =SUM(I114:I116) -> 14395752
A115: 109 | B115: COMERCIALIZADORA ANMAR SAS | C115: 900320248-7 | D115: Colombia. Diagonal 15 No. 45 - 192 Centro Comercial La Rosita - Bodega 7 | E115: BUCARAMANGA | F115: 45278 | G115: 45286 | H115: SFV51398 | I115: 5566300
A116: 110 | B116: COMERCIALIZADORA ANMAR SAS | C116: 900320248-7 | D116: Colombia. Diagonal 15 No. 45 - 192 Centro Comercial La Rosita - Bodega 8 | E116: BUCARAMANGA | F116: 45287 | G116: 45295 | H116: SFV51801 | I116: 1080544
A117: 111 | B117: COMERCIALIZADORA CIFUENTES S.A.S | C117: 900284274-4 | D117: MZN 25 LT 370 LOCAL 3 VIDELSO | E117: CUCUTA | F117: 45568 | G117: 45576 | H117: FEN7263 | I117: 2368250 | J117: =SUM(I117:I119) -> 4730500
A118: 112 | B118: COMERCIALIZADORA CIFUENTES S.A.S | C118: 900284274-4 | D118: MZN 25 LT 370 LOCAL 3 VIDELSO | E118: CUCUTA | F118: 45570 | G118: 45578 | H118: FEN7285 | I118: 341750
A119: 113 | B119: COMERCIALIZADORA CIFUENTES S.A.S | C119: 900284274-4 | D119: MZN 25 LT 370 LOCAL 3 VIDELSO | E119: CUCUTA | F119: 45580 | G119: 45588 | H119: FEN7377 | I119: 2020500
A120: 114 | B120: COMERCIALIZADORA MONTES DE COLOMBIA SAS | C120: 900603041-5 | I120: 70965.44 | J120: =SUM(I120) -> 70965.44
A121: 115 | B121: COMPAÑIA PESQUERA DEL MAR SAS | C121: 900659798-2 | F121: 45572 | G121: 45574 | H121: FCUC6034408 | I121: 708788 | J121: =SUM(I121) -> 708788
A122: 116 | B122: DISTRIBUIDORA BETMAN SAS | C122: 900688317-7 | D122: AVENIDA 3 NRO. 7N - 60 ZONA INDUSTRIAL | E122: CUCUTA | F122: 45399 | G122: 45414 | H122: 99867 | I122: 5988729.3 | J122: =SUM(I122:I139) -> 40508466
A123: 117 | B123: DISTRIBUIDORA BETMAN SAS | C123: 900688317-7 | D123: AVENIDA 3 NRO. 7N - 60 ZONA INDUSTRIAL | E123: CUCUTA | F123: 45401 | G123: 45416 | H123: 100122 | I123: 3931503.9
A124: 118 | B124: DISTRIBUIDORA BETMAN SAS | C124: 900688317-7 | D124: AVENIDA 3 NRO. 7N - 60 ZONA INDUSTRIAL | E124: CUCUTA | F124: 45409 | G124: 45424 | H124: 100798 | I124: 1999229.3
A125: 119 | B125: DISTRIBUIDORA BETMAN SAS | C125: 900688317-7 | D125: AVENIDA 3 NRO. 7N - 60 ZONA INDUSTRIAL | E125: CUCUTA | F125: 45421 | G125: 45801 | H125: 101912 | I125: 2169577.2
A126: 120 | B126: DISTRIBUIDORA BETMAN SAS | C126: 900688317-7 | D126: AVENIDA 3 NRO. 7N - 60 ZONA INDUSTRIAL | E126: CUCUTA | F126: 45422 | G126: 45437 | H126: 102001 | I126: 1006532
A127: 121 | B127: DISTRIBUIDORA BETMAN SAS | C127: 900688317-7 | D127: AVENIDA 3 NRO. 7N - 60 ZONA INDUSTRIAL | E127: CUCUTA | F127: 45427 | G127: 45442 | H127: 102433 | I127: 1344335
A128: 122 | B128: DISTRIBUIDORA BETMAN SAS | C128: 900688317-7 | D128: AVENIDA 3 NRO. 7N - 60 ZONA INDUSTRIAL | E128: CUCUTA | F128: 45429 | G128: 45444 | H128: 102706 | I128: 2819797.8
A129: 123 | B129: DISTRIBUIDORA BETMAN SAS | C129: 900688317-7 | D129: AVENIDA 3 NRO. 7N - 60 ZONA INDUSTRIAL | E129: CUCUTA | F129: 45431 | G129: 45446 | H129: 102797 | I129: 76951.05
...

Sheet COSTOS Y GASTOS POR PAGAR B
A2: =+'DISPONIBLE Bo'!A1:F1 -> LA NOTA COLOMBIA SAS
A3: =+'DISPONIBLE Bo'!A2:F2 -> NIT 901233167-1
J4: =+'DISPONIBLE Bo'!F5 -> Corte al 15 de Octubre de 2024
A5: INVENTARIO DE PASIVOS - OTRAS CUENTAS POR PAGAR COSTOS Y GASTOS
A6: No | B6: PROVEEDOR | C6: ID | D6: DIRECCIÓN | E6: CIUDAD | F6: FECHA DE ORIGEN | G6: VENCIMIENTO | H6: DOCUMENTO | I6: TOTAL | J6: TOTAL POR DEUDOR
A7: 1 | B7: AEROPUERTOS DE ORIENTE SAS | C7: 900373778-6 | D7: AEROPUERTO SIMON BOLIVAR | E7: CUCUTA | F7: 45237 | G7: 45237 | H7: FCB10AINR3705 | I7: 4760000 | J7: =SUM(I7:I14) -> 36633446
C8: 900373778-6 | D8: AEROPUERTO SIMON BOLIVAR | E8: CUCUTA | F8: 45265 | G8: 45272 | H8: FCB10AINR4180 | I8: 4864085.7
C9: 900373778-6 | D9: AEROPUERTO SIMON BOLIVAR | E9: CUCUTA | F9: 45303 | G9: 45310 | H9: FCB10AINR4709 | I9: 5384512
C10: 900373778-6 | D10: AEROPUERTO SIMON BOLIVAR | E10: CUCUTA | F10: 45330 | G10: 45337 | H10: FCB10AINR5192 | I10: 5384512
C11: 900373778-6 | D11: AEROPUERTO SIMON BOLIVAR | E11: CUCUTA | F11: 45359 | G11: 45366 | H11: FCB10AINR5700 | I11: 5384512
C12: 900373778-6 | D12: AEROPUERTO SIMON BOLIVAR | E12: CUCUTA | F12: 45386 | G12: 45393 | H12: FCB10AINR5947 | I12: 5384512
C13: 900373778-6 | D13: AEROPUERTO SIMON BOLIVAR | E13: CUCUTA | F13: 45418 | G13: 45425 | H13: FCB10AINR6602 | I13: 5384512
C14: 900373778-6 | D14: AEROPUERTO SIMON BOLIVAR | E14: CUCUTA | F14: 45385 | G14: 45385 | H14: FCB10SKCC22444 | I14: 86800
A15: 2 | B15: AGROPECUARIA ALIAR SA | C15: 890207037-1 | D15: CALLE 21 N° 23 45 | E15: BUCARAMANGA | F15: 45580 | G15: 45580 | H15: 105174106 | I15: 4899227 | J15: =+I15 -> 4899227
A16: 3 | B16: AGUAS KPITAL CUCUTA SA ESP | C16: 900080956-2 | D16: AVENIDA 6 CALLE 11 ESQUINA EDIFICIO SAN JOSE | E16: CUCUTA | F16: 45385 | G16: 45394 | H16: 46980874 | I16: 298400 | J16: =SUM(I16:I44) -> 7176420
C17: 900080956-2 | D17: AVENIDA 6 CALLE 11 ESQUINA EDIFICIO SAN JOSE | E17: CUCUTA | F17: 45416 | G17: 45426 | H17: 47197328 | I17: 514030
C18: 900080956-2 | D18: AVENIDA 6 CALLE 11 ESQUINA EDIFICIO SAN JOSE | E18: CUCUTA | F18: 45448 | G18: 45455 | H18: 47411481 | I18: 397140
C19: 900080956-2 | D19: AVENIDA 6 CALLE 11 ESQUINA EDIFICIO SAN JOSE | E19: CUCUTA | F19: 45450 | G19: 45462 | H19: 47466734 | I19: 527930
C20: 900080956-2 | D20: AVENIDA 6 CALLE 11 ESQUINA EDIFICIO SAN JOSE | E20: CUCUTA | F20: 45477 | G20: 45486 | H20: 47628834 | I20: 77500
C21: 900080956-2 | D21: AVENIDA 6 CALLE 11 ESQUINA EDIFICIO SAN JOSE | E21: CUCUTA | F21: 45482 | G21: 45491 | H21: 47684212 | I21: 591620
C22: 900080956-2 | D22: AVENIDA 6 CALLE 11 ESQUINA EDIFICIO SAN JOSE | E22: CUCUTA | F22: 45482 | G22: 45491 | H22: 53416077 | I22: 247070
C23: 900080956-2 | D23: AVENIDA 6 CALLE 11 ESQUINA EDIFICIO SAN JOSE | E23: CUCUTA | F23: 45482 | G23: 45491 | H23: 53416080 | I23: 54690
C24: 900080956-2 | D24: AVENIDA 6 CALLE 11 ESQUINA EDIFICIO SAN JOSE | E24: CUCUTA | F24: 45491 | G24: 45501 | H24: 47752200 | I24: 77540
C25: 900080956-2 | D25: AVENIDA 6 CALLE 11 ESQUINA EDIFICIO SAN JOSE | E25: CUCUTA | F25: 45493 | G25: 45503 | H25: 47746013 | I25: 464070
C26: 900080956-2 | D26: AVENIDA 6 CALLE 11 ESQUINA EDIFICIO SAN JOSE | E26: CUCUTA | F26: 45509 | G26: 45518 | H26: 47848583 | I26: 76080
C27: 900080956-2 | D27: AVENIDA 6 CALLE 11 ESQUINA EDIFICIO SAN JOSE | E27: CUCUTA | F27: 45515 | G27: 45525 | H27: 47903649 | I27: 581620
C28: 900080956-2 | D28: AVENIDA 6 CALLE 11 ESQUINA EDIFICIO SAN JOSE | E28: CUCUTA | F28: 45515 | G28: 45525 | H28: 47903918 | I28: 71970
... C44: 900080956-2 | D44: AVENIDA 6 CALLE 11 ESQUINA EDIFICIO SAN JOSE | E44: CUCUTA | F44: 45574 | G44: 45585 | H44: 54489042 | I44: 338850
A45: 4 | B45: ALCIDES MARIN RIVERA | C45: 71600416-3 | D45: AV 7 6 39 BRR SAN LUIS | E45: CUCUTA | F45: 45085 | G45: 45085 | H45: 404 | I45: 794920 | J45: =SUM(I45:I46) -> 1068449
C46: 71600416-3 | D46: AV 7 6 39 BRR SAN LUIS | E46: CUCUTA | F46: 45128 | G46: 45128 | H46: 361 | I46: 273529
A47: 5 | B47: ARTE IMPRESO CUCUTA S.A.S | C47: 900582639-7 | D47: CLL 15 2 56 BRR LA PLAYA | E47: CUCUTA | F47: 45342 | G47: 45342 | H47: CE0002-289 | I47: 1660050 | J47: =SUM(I47:I49) -> 2070600
C48: 900582639-7 | D48: CLL 15 2 56 BRR LA PLAYA | E48: CUCUTA | F48: 45342 | G48: 45342 | H48: CE0002-289 | I48: 261800
C49: 900582639-7 | D49: CLL 15 2 56 BRR LA PLAYA | E49: CUCUTA | I49: 148750
A50: 6 | B50: AVICOLA EL MADRONO S A | C50: 800000276-8 | D50: KM 6 AUT GIRON CR 12 57 88 BUCARAMANGA | E50: BUCARAMANGA | F50: 45576 | G50: 45584 | I50: 6954900 | J50: =SUM(I50:I51) -> 11381100
C51: 800000276-8 | D51: KM 6 AUT GIRON CR 12 57 88 BUCARAMANGA | E51: BUCARAMANGA | F51: 45580 | G51: 45588 | I51: 4426200
A52: 7 | B52: CARLOS ARTURO PEÑA ARDILA | C52: 13467003-4 | D52: CLL 22AN # 18E-59 NIZA | E52: CUCUTA | F52: 45098 | G52: 45128 | H52: FCMERFVC217 | I52: 3000000 | J52: =SUM(I52:I60) -> 47495325
C53: 13467003-4 | D53: CLL 22AN # 18E-59 NIZA | E53: CUCUTA | F53: 45128 | G53: 45158 | H53: FCMERFVC228 | I53: 7507500
C54: 13467003-4 | D54: CLL 22AN # 18E-59 NIZA | E54: CUCUTA | F54: 45177 | G54: 44934 | H54: FCMERFVC239 | I54: 5197500
C55: 13467003-4 | D55: CLL 22AN # 18E-59 NIZA | E55: CUCUTA | F55: 45177 | G55: 45229 | H55: FCMERFVC246 | I55: 5197500
C56: 13467003-4 | D56: CLL 22AN # 18E-59 NIZA | E56: CUCUTA | F56: 45225 | G56: 45225 | H56: FCMERFVC251 | I56: 5197500
C57: 13467003-4 | D57: CLL 22AN # 18E-59 NIZA | E57: CUCUTA | F57: 45253 | G57: 45283 | H57: FCMERFVC260 | I57: 5197500
C58: 13467003-4 | D58: CLL 22AN # 18E-59 NIZA | E58: CUCUTA | F58: 45279 | G58: 45309 | H58: FCMERFVC270 | I58: 5197500
C59: 13467003-4 | D59: CLL 22AN # 18E-59 NIZA | E59: CUCUTA | F59: 45324 | G59: 45354 | H59: FCMERFVC279 | I59: 5167575
C60: 13467003-4 | D60: CLL 22AN # 18E-59 NIZA | E60: CUCUTA | F60: 45342 | G60: 45372 | H60: FCMERFVC284 | I60: 5832750
A61: 8 | B61: CENTRAL CONTROL SAS | C61: 805030587-1 | D61: CARRERA 98 #16-200 OF ADM. | E61: CUCUTA | F61: 45111 | G61: 45121 | H61: FCNBJAFF3267 | I61: 232029.01 | J61: =SUM(I61:I109) -> 5.5849033e+08
C62: 805030587-1 | D62: CARRERA 98 #16-200 OF ADM. | E62: CUCUTA | F62: 45112 | G62: 45122 | H62: FCNBJAFF3408 | I62: 19997405
C63: 805030587-1 | D63: CARRERA 98 #16-200 OF ADM. | E63: CUCUTA | F63: 45118 | G63: 45128 | H63: FCC1AFF3480 | I63: 1044994.9
C64: 805030587-1 | D64: CARRERA 98 #16-200 OF ADM. | E64: CUCUTA | F64: 45139 | G64: 45148 | H64: FCNBJAFF3674 | I64: 10234624
C65: 805030587-1 | D65: CARRERA 98 #16-200 OF ADM. | E65: CUCUTA | F65: 45139 | G65: 45149 | H65: FCNBJAFF3814 | I65: 19997405
C66: 805030587-1 | D66: CARRERA 98 #16-200 OF ADM. | E66: CUCUTA | F66: 45149 | G66: 45159 | H66: FCC1AFF3901 | I66: 1811493.9
C67: 805030587-1 | D67: CARRERA 98 #16-200 OF ADM. | E67: CUCUTA | F67: 45170 | G67: 45180 | H67: FCNBJAFF4088 | I67: 10234624
C68: 805030587-1 | D68: CARRERA 98 #16-200 OF ADM. | E68: CUCUTA | F68: 45173 | G68: 45183 | H68: FCNBJAFF4231 | I68: 19997405
C69: 805030587-1 | D69: CARRERA 98 #16-200 OF ADM. | E69: CUCUTA | F69: 45188 | G69: 45198 | H69: FCC1AFF4436 | I69: 5448078.2
C70: 805030587-1 | D70: CARRERA 98 #16-200 OF ADM. | E70: CUCUTA | F70: 45200 | G70: 45212 | H70: FCNBJAFF4524 | I70: 5234623.6
C71: 805030587-1 | D71: CARRERA 98 #16-200 OF ADM. | E71: CUCUTA | F71: 45231 | G71: 45241 | H71: FCNBJAFF4927 | I71: 10234624
C72: 805030587-1 | D72: CARRERA 98 #16-200 OF ADM. | E72: CUCUTA | F72: 45237 | G72: 45247 | H72: FCNBJAFF5089 | I72: 19997405
C73: 805030587-1 | D73: CARRERA 98 #16-200 OF ADM. | E73: CUCUTA | F73: 45245 | G73: 45255 | H73: FCC1AFF5180 | I73: 12411639
... C109: 805030587-1 | D109: CARRERA 98 #16-200 OF ADM. | E109: CUCUTA | F109: 45310 | G109: 45320 | H109: AFF6172 | I109: 22216637
A110: 9 | B110: CENTRALES ELECTRICAS DEL NORTE DEL SANTANDER SA ESP | C110: 890500514-9 | D110: AVENIDA SEVILLA | E110: CUCUTA | F110: 45108 | G110: 45120 | H110: 1067112169 | I110: 179040 | J110: =SUM(I110:I162) -> 415027443
C111: 890500514-9 | D111: AVENIDA SEVILLA | E111: CUCUTA | F111: 45170 | G111: 45170 | H111: 1068426561 | I111: 66980
C112: 890500514-9 | D112: AVENIDA SEVILLA | E112: CUCUTA | F112: 45194 | G112: 45194 | H112: 1069100498 | I112: 57600
C113: 890500514-9 | D113: AVENIDA SEVILLA | E113: CUCUTA | F113: 45225 | G113: 45225 | H113: 1069801127 | I113: 60120
C114: 890500514-9 | D114: AVENIDA SEVILLA | E114: CUCUTA | F114: 45257 | G114: 45257 | H114: 1070477491 | I114: 59160
C115: 890500514-9 | D115: AVENIDA SEVILLA | E115: CUCUTA | F115: 45281 | G115: 45300 | H115: 1071035479 | I115: 2027783
C116: 890500514-9 | D116: AVENIDA SEVILLA | E116: CUCUTA | F116: 45287 | G116: 45302 | H116: 1071164100 | I116: 59390
C117: 890500514-9 | D117: AVENIDA SEVILLA | E117: CUCUTA | F117: 45310 | G117: 45329 | H117: 1071666457 | I117: 6394421
C118: 890500514-9 | D118: AVENIDA SEVILLA | E118: CUCUTA | F118: 45310 | G118: 45329 | H118: 1071654692 | I118: 564469
C119: 890500514-9 | D119: AVENIDA SEVILLA | E119: CUCUTA | F119: 45310 | G119: 45329 | H119: 1071655582 | I119: 6787777
C120: 890500514-9 | D120: AVENIDA SEVILLA | E120: CUCUTA | F120: 45315 | G120: 45331 | H120: 1071740948 | I120: 754090
C121: 890500514-9 | D121: AVENIDA SEVILLA | E121: CUCUTA | F121: 45315 | G121: 45329 | H121: 1071740949 | I121: 152202
C122: 890500514-9 | D122: AVENIDA SEVILLA | E122: CUCUTA | F122: 45315 | G122: 45331 | H122: 1071750339 | I122: 1178850
... C124: 890500514-9 | D124: AVENIDA SEVILLA | E124: CUCUTA | F124: 45342 | G124: 45358 | H124: 1072323265 | I124: 239890
C125: 890500514-9 | D125: AVENIDA SEVILLA | E125: CUCUTA | F125: 45342 | G125: 45342 | H125: USUARIO: 677314 | I125: 262774056
C126: 890500514-9 | D126: AVENIDA SEVILLA | E126: CUCUTA | F126: 45343 | G126: 45343 | H126: 1089752 | I126: 12481731
C127: 890500514-9 | D127: AVENIDA SEVILLA | E127: CUCUTA | F127: 45348 | G127: 45364 | H127: 1072485915 | I127: 64620
C128: 890500514-9 | D128: AVENIDA SEVILLA | E128: CUCUTA | F128: 45377 | G128: 45398 | H128: 1073115954 | I128: 67330
C129: 890500514-9 | D129: AVENIDA SEVILLA | E129: CUCUTA | F129: 45400 | G129: 45418 | H129: 1073605023 | I129: 5204011
C130: 890500514-9 | D130: AVENIDA SEVILLA | E130: CUCUTA | F130: 45401 | G130: 45419 | H130: 1073680590 | I130: 7443258
C131: 890500514-9 | D131: AVENIDA SEVILLA | E131: CUCUTA | F131: 45408 | G131: 45426 | H131: 1073864484 | I131: 69820
C132: 890500514-9 | D132: AVENIDA SEVILLA | E132: CUCUTA | F132: 45433 | G132: 45448 | H132: 1074315127 | I132: 984608
C133: 890500514-9 | D133: AVENIDA SEVILLA | E133: CUCUTA | F133: 45434 | G133: 45449 | H133: 1074379365 | I133: 4892414
C134: 890500514-9 | D134: AVENIDA SEVILLA | E134: CUCUTA | F134: 45439 | G134: 45457 | H134: 1074482564 | I134: 70811
C135: 890500514-9 | D135: AVENIDA SEVILLA | E135: CUCUTA | F135: 45463 | G135: 45481 | H135: 1074967949 | I135: 767796
C136: 890500514-9 | D136: AVENIDA SEVILLA | E136: CUCUTA | F136: 45464 | G136: 45481 | H136: 1075011505 | I136: 1826667
C137: 890500514-9 | D137: AVENIDA SEVILLA | E137: CUCUTA | F137: 45491 | G137: 45510 | H137: 1075610207 | I137: 383700
... C162: 890500514-9 | D162: AVENIDA SEVILLA | E162: CUCUTA | F162: 45560 | G162: 45575 | H162: 1077154255 | I162: 3255552
A163: 10 | B163: CHILCO DISTRIBUIDORA DE GAS Y ENERGIA SAS ESP | C163: 900396759-5 | D163: TRASVERSAL 23 NRO 95 53 PISO 7 EDIFICIO ECOTEK | E163: CUCUTA | F163: 45526 | G163: 45556 | H163: CUCU41021479 | I163: 1160723.1 | J163: =SUM(I163:I171) -> 7725037.2
C164: 900396759-5 | D164: TRASVERSAL 23 NRO 95 53 PISO 7 EDIFICIO ECOTEK | E164: CUCUTA | F164: 45541 | G164: 45571 | I164: 559719.72
C165: 900396759-5 | D165: TRASVERSAL 23 NRO 95 53 PISO 7 EDIFICIO ECOTEK | E165: CUCUTA | F165: 45541 | G165: 45571 | I165: 549290.16
C166: 900396759-5 | D166: TRASVERSAL 23 NRO 95 53 PISO 7 EDIFICIO ECOTEK | E166: CUCUTA | F166: 45541 | G166: 45571 | I166: 557981.46
C167: 900396759-5 | D167: TRASVERSAL 23 NRO 95 53 PISO 7 EDIFICIO ECOTEK | E167: CUCUTA | F167: 45545 | G167: 45575 | I167: 1149424.4
C168: 900396759-5 | D168: TRASVERSAL 23 NRO 95 53 PISO 7 EDIFICIO ECOTEK | E168: CUCUTA | F168: 45561 | G168: 45591 | I168: 872576.55
C169: 900396759-5 | D169: TRASVERSAL 23 NRO 95 53 PISO 7 EDIFICIO ECOTEK | E169: CUCUTA | F169: 45561 | G169: 45591 | I169: 444155.4
C170: 900396759-5 | D170: TRASVERSAL 23 NRO 95 53 PISO 7 EDIFICIO ECOTEK | E170: CUCUTA | F170: 45561 | G170: 45591 | I170: 1024974
C171: 900396759-5 | D171: TRASVERSAL 23 NRO 95 53 PISO 7 EDIFICIO ECOTEK | E171: CUCUTA | F171: 45575 | G171: 45575 | I171: 1406192.4
A172: 11 | B172: COLOMBIA TELECOMUNICACIONES SA ESP | C172: 830122566-1 | D172: TRANSVERSAL 60 NRO 114A - 55 BOGOTA | E172: BOGOTA | F172: 45538 | G172: 45546 | H172: 580831219417 | I172: 2354878.3 | J172: =SUM(I172:I178) -> 5391465.1
C173: 830122566-1 | D173: TRANSVERSAL 60 NRO 114A - 55 BOGOTA | E173: BOGOTA | F173: 45566 | G173: 45579 | H173: BEC407709951 | I173: 3027
C174: 830122566-1 | D174: TRANSVERSAL 60 NRO 114A - 55 BOGOTA | E174: BOGOTA | F174: 45566 | G174: 45579 | H174: BEC407745094 | I174: 143819
C175: 830122566-1 | D175: TRANSVERSAL 60 NRO 114A - 55 BOGOTA | E175: BOGOTA | F175: 45569 | G175: 45576 | H175: 580831231757 | I175: 2472206.4
C176: 830122566-1 | D176: TRANSVERSAL 60 NRO 114A - 55 BOGOTA | E176: BOGOTA | F176: 45577 | G176: 45583 | H176: BEC408448678 | I176: 81387
...

Sheet OBLIG FINAN
A2: =+'[2]PROVEEDORES Bo.'!A2:J2 -> LA NOTA COLOMBIA SAS
A3: =+'[2]PROVEEDORES Bo.'!A3:J3 -> NIT 901233167-1
K4: =+'CLIENTES Bo'!J5 -> Corte al 15 de Octubre de 2024
A5: INVENTARIO DE PASIVOS - OBLIGACIONES FINANCIERAS CREDITOS ORDINARIOS
A6: Nº | B6: Nombre Acreedor | C6: Nit. o Cedula | D6: Domicilio Acreedor | E6: Ciudad | F6: Fecha de Origen deuda | G6: Fecha de Vencimiento | H6: Concepto | I6: Soporte Documento | J6: Valor Total | K6: Total por Acreedor
A7: 1 | B7: BANCO DAVIVIENDA S.A | C7: 860034313-7 | D7: AVENIDA EL DORADO 68 C 61 P 10 | E7: CUCUTA | F7: 45152 | G7: 46248 | H7: CREDITO BANCO DAVIVIENDA NRO 476102 | I7: PX00476102 | J7: 1.9262146e+08 | K7: =+J7 -> 1.9262146e+08
A8: 2 | B8: BANCO DE COMERCIO EXTERIOR DE COLOMBIA S.A. | C8: 800149923-6 | D8: CALLE 28 NRO 13A15 PISO 37 AL 42 | E8: BOGOTA | F8: 45138 | G8: 46965 | H8: CREDITO BANCOLDEX | I8: PX0010041370 | J8: 560000000 | K8: =+J8 -> 560000000
A9: 3 | B9: BANCO DE OCCIDENTE | C9: 890300279-4 | D9: Edif.C.C. Plaza, Cl. 11 #4-26 P.2 | E9: CUCUTA | F9: 45331 | G9: 46427 | H9: FINAGRO CARTERA SUSTITUTA | I9: 60030067080 | J9: 99117170 | K9: =SUM(J9:J19) -> 1.797193e+09
C10: 890300279-4 | D10: Edif.C.C. Plaza, Cl. 11 #4-26 P.2 | E10: CUCUTA | F10: 44448 | G10: 45440 | H10: CARTERA ORDINARIA | I10: 60000231631 | J10: 3842966
C11: 890300279-4 | D11: Edif.C.C. Plaza, Cl. 11 #4-26 P.2 | E11: CUCUTA | F11: 45260 | G11: 45442 | H11: LIBRE INVERSION DE TESORERIA | I11: 60030064178 | J11: 350000000
C12: 890300279-4 | D12: Edif.C.C. Plaza, Cl. 11 #4-26 P.2 | E12: CUCUTA | F12: 45339 | G12: 45574 | H12: FINAGRO CARTERA SUSTITUTA | I12: 60030067064 | J12: 1032844134
C13: 890300279-4 | D13: Edif.C.C. Plaza, Cl. 11 #4-26 P.2 | E13: CUCUTA | F13: 45329 | G13: 45695 | H13: FINAGRO CARTERA SUSTITUTA | I13: 60030066843 | J13: 227012500
C14: 890300279-4 | D14: Edif.C.C. Plaza, Cl. 11 #4-26 P.2 | E14: CUCUTA | F14: 45378 | G14: 45413 | H14: CARTERA ORDINARIA | I14: 60030069615 | J14: 29456007
C15: 890300279-4 | D15: Edif.C.C. Plaza, Cl. 11 #4-26 P.3 | E15: CUCUTA | H15: TARJETA CREDITO VISA 2280 | J15: 6260149.8
C16: 890300279-4 | D16: Edif.C.C. Plaza, Cl. 11 #4-26 P.4 | E16: CUCUTA | H16: TARJETA CREDITO0446 | J16: 10086597
C17: 890300279-4 | H17: TARJETA CREDITO0446 MASTER | J17: 315477.5
C18: 890300279-4 | D18: Edif.C.C. Plaza, Cl. 11 #4-26 P.5 | E18: CUCUTA | H18: TARJETA CREDITO2604 | J18: 23226379
C19: 890300279-4 | H19: TARJETA CREDITO2604 MASTER | J19: 15031612
A20: 4 | B20: BANCO PICHINCHA S A | C20: 890200756-7 | D20: AVENIDA 0 NO. 14 - 70, BARRIO LA PLAYA | E20: CUCUTA | F20: 44602 | G20: 45698 | H20: Crédito Pymes | I20: PXC1100030612 | J20: 17249850 | K20: =SUM(J20:J23) -> 99484942
C21: 890200756-7 | D21: AVENIDA 0 NO. 14 - 70, BARRIO LA PLAYA | E21: CUCUTA | F21: 44832 | G21: 45928 | H21: Crédito Pymes | I21: PXC12265 | J21: 51460344
C22: 890200756-8 | D22: AVENIDA 0 NO. 14 - 70, BARRIO LA PLAYA | E22: CUCUTA | H22: TARJETA CREDITO 7239 | J22: 19702291
C23: 890200756-9 | D23: AVENIDA 0 NO. 14 - 70, BARRIO LA PLAYA | E23: CUCUTA | H23: TARJETA CREDITO 2526 | J23: 11072457
A24: 5 | B24: BANCOLOMBIA SA | C24: 890903938-8 | D24: La Gran Colombia 11E #12 | E24: CUCUTA | F24: 44764 | G24: 45860 | H24: CARTERA ORDINARIA | I24: PXC18320091522 | J24: 55554390 | K24: =SUM(J24:J26) -> 57156757
C25: 890903938-8 | D25: La Gran Colombia 11E #12 | E25: CUCUTA | H25: TARJETA CREDITO 0139 | J25: 314542.98
C26: 890903938-8 | D26: La Gran Colombia 11E #12 | E26: CUCUTA | H26: TARJETA CREDITO 3378 | J26: 1287824.3
A27: 6 | B27: BANCOOMEVA | C27: 900406150-5 | D27: Calle 13 # 0-42 | E27: CUCUTA | F27: 44560 | G27: 06/01/2025 | H27: Credíto libre inversión | I27: PXC12952129000 | J27: 42612564 | K27: =SUM(J27:J30) -> 2.4355809e+08
C28: 900406150-5 | D28: Calle 13 # 0-42 | E28: CUCUTA | F28: 44704 | G28: 05/06/2025 | H28: CARTERA ORDINARIA | I28: PXC100002956616700 | J28: 66199419
C29: 900406150-5 | D29: Calle 13 # 0-42 | E29: CUCUTA | F29: 45142 | G29: 46178 | H29: CARTERA ORDINARIA | I29: PXC10558231 | J29: 124022846
C30: 900406150-5 | D30: Calle 13 # 0-42 | E30: CUCUTA | H30: TARJETA CREDITO 4334 | J30: 10723256
A31: 7 | B31: BBVA-BANCO BILBAO VIZCAYA ARGENTARIA COLOMBIA S.A. | C31: 860003020-1 | D31: CARRERA 9 N° 72 – 21, BOGOTÁ | E31: BOGOTA | F31: 44693 | G31: 45789 | H31: CARTERA ORDINARIA | I31: PX009600374133 | J31: 1.2497374e+08 | K31: =+J31 -> 1.2497374e+08
A32: 8 | B32: FINAKTIVA SAS | C32: 901040141-1 | D32: CARRERA 43 B 1 A SUR 70 EDIFICIO BURO 4 0 | E32: MEDELLIN | F32: 44618 | G32: 45771 | H32: CARTERA ORDINARIA | I32: PXC11403F | J32: 47054686 | K32: =SUM(J32:J34) -> 4.2421694e+08
C33: 901040141-1 | D33: CARRERA 43 B 1 A SUR 70 EDIFICIO BURO 4 0 | E33: MEDELLIN | F33: 44617 | G33: 45771 | H33: CARTERA ORDINARIA | I33: PXC11402F | J33: 50054695
C34: 901040141-1 | D34: CARRERA 43 B 1 A SUR 70 EDIFICIO BURO 4 0 | E34: MEDELLIN | F34: 44949 | G34: 04/01/2026 | H34: CARTERA ORDINARIA | I34: PXC11950F | J34: 3.2710756e+08
A35: 9 | B35: RENTEK SAS | C35: 830034343-9 | D35: CALLE 76 11 35 PISO 9 | E35: BOGOTA | F35: 44749 | G35: 46137 | H35: CARTERA ORDINARIA | I35: PXC1C-0812-0001 | J35: 56275949 | K35: =SUM(J35:J36) -> 1.3655839e+08
C36: 830034343-9 | D36: CALLE 76 11 35 PISO 9 | E36: BOGOTA | F36: 45021 | G36: 46137 | H36: CARTERA ORDINARIA | I36: PX00C-0812-0002 | J36: 80282439
A37: 10 | B37: IRIS CF - COMPAÑIA DE FINANCIAMIENTO S.A. | C37: 811007729-4 | D37: CARRERA 43A N0. 7 - 50A MEDELLIN | E37: MEDELLIN | F37: 44804 | G37: 45535 | H37: CARTERA ORDINARIA | I37: PXC11 | J37: 1.1491378e+08 | K37: =+J37 -> 1.1491378e+08
A38: 11 | B38: POLIZA PYME RESTAURANT FINESA | C38: 805012610-5 | D38: Cl. 2 Oe. #26A-12, Miraflores, Cali, Valle | E38: CALI | H38: CARTERA ORDINARIA | J38: 16575079 | K38: =+J38 -> 16575079
G39: TOTAL OBLIGACIONES FINANCIERAS DEUDAS A LARGO PLAZO - CAPITAL | K39: =SUM(K7:K38) -> 3.7672522e+09
A41: DEUDAS A LARGO PLAZO - OBLIGACIONES FINANCIERAS LEASING CAPITAL
A42: Nº | B42: Nombre Acreedor | C42: Nit. o Cedula | D42: Domicilio Acreedor | E42: Ciudad | F42: Fecha de Origen deuda | G42: Fecha de Vencimiento | H42: Concepto | I42: Soporte Documento | J42: Valor Total | K42: Total por Acreedor
A43: 1 | B43: BANCO DE OCCIDENTE | C43: 890300279-4 | D43: Edif.C.C. Plaza, Cl. 11 #4-26 P.2 | E43: CUCUTA | F43: 44497 | G43: 28/10/2026 | H43: LEASING FINANCIERO | I43: Leasig PXC1180145280 | J43: 76708183 | K43: =SUM(J43:J79) -> 273754274
C44: 890300279-4 | D44: Edif.C.C. Plaza, Cl. 11 #4-26 P.2 | E44: CUCUTA | F44: 44497 | G44: 45469 | H44: LEASING FINANCIERO 180145280 | I44: 13/36 | J44: 1250066
C45: 890300279-4 | D45: Edif.C.C. Plaza, Cl. 11 #4-26 P.2 | E45: CUCUTA | F45: 44497 | G45: 45499 | H45: LEASING FINANCIERO 180145280 | I45: 14/36 | J45: 1221349
C46: 890300279-4 | D46: Edif.C.C. Plaza, Cl. 11 #4-26 P.2 | E46: CUCUTA | F46: 44497 | G46: 2024/08/26 | H46: LEASING FINANCIERO 180145280 | I46: 15/36 | J46: 1191289
C47: 890300279-4 | D47: Edif.C.C. Plaza, Cl. 11 #4-26 P.2 | E47: CUCUTA | F47: 44497 | G47: 45565 | H47: LEASING FINANCIERO 180145280 | I47: 16/36 | J47: 1191289
C48: 890300279-4 | D48: Edif.C.C. Plaza, Cl. 11 #4-26 P.2 | E48: CUCUTA | F48: 44447 | G48: 28/10/2026 | H48: LEASING FINANCIERO | I48: Leasig 180145281 | J48: 37288873
C49: 890300279-4 | D49: Edif.C.C. Plaza, Cl. 11 #4-26 P.2 | E49: CUCUTA | F49: 44497 | G49: 28/06/2024 | H49: LEASING FINANCIERO 180145281 | I49: 32/60 | J49: 1986351
C50: 890300279-4 | D50: Edif.C.C. Plaza, Cl. 11 #4-26 P.2 | E50: CUCUTA | F50: 44497 | G50: 29/07/2024 | H50: LEASING FINANCIERO 180145281 | I50: 33/60 | J50: 1937320
C51: 890300279-4 | D51: Edif.C.C. Plaza, Cl. 11 #4-26 P.2 | E51: CUCUTA | F51: 44497 | G51: 28/08/2024 | H51: LEASING FINANCIERO 180145281 | I51: 34/60 | J51: 1887426
C52: 890300279-4 | D52: Edif.C.C. Plaza, Cl. 11 #4-26 P.2 | E52: CUCUTA | F52: 44497 | G52: 45563 | H52: LEASING FINANCIERO 180145281 | I52: 35-60 | J52: 1887426
C53: 890300279-4 | D53: Edif.C.C. Plaza, Cl. 11 #4-26 P.2 | E53: CUCUTA | F53: 44901 | G53: 46000 | H53: LEASING FINANCIERO | I53: Leasig FCNBJ180151966 | J53: 30375447
C54: 890300279-4 | D54: Edif.C.C. Plaza, Cl. 11 #4-26 P.2 | E54: CUCUTA | F54: 44901 | G54: 45357 | H54: LEASING FINANCIERO 180151966 | I54: 15/36 | J54: 3545556
C55: 890300279-4 | D55: Edif.C.C. Plaza, Cl. 11 #4-26 P.2 | E55: CUCUTA | F55: 44901 | G55: 45390 | H55: LEASING FINANCIERO 180151966 | I55: 16/36 | J55: 3466967
C56: 890300279-4 | D56: Edif.C.C. Plaza, Cl. 11 #4-26 P.2 | E56: CUCUTA | F56: 44901 | G56: 45418 | H56: LEASING FINANCIERO 180151966 | I56: 17/36 | J56: 3386105
C57: 890300279-4 | D57: Edif.C.C. Plaza, Cl. 11 #4-26 P.2 | E57: CUCUTA | F57: 44901 | G57: 45449 | H57: LEASING FINANCIERO 180151966 | I57: 18/36 | J57: 3305724
C58: 890300279-4 | D58: Edif.C.C. Plaza, Cl. 11 #4-26 P.2 | E58: CUCUTA | F58: 44901 | G58: 45481 | H58: LEASING FINANCIERO 180151966 | I58: 19/36 | J58: 3237928
C59: 890300279-4 | D59: Edif.C.C. Plaza, Cl. 11 #4-26 P.2 | E59: CUCUTA | F59: 44901 | G59: 45510 | H59: LEASING FINANCIERO 180151966 | I59: 20/36 | J59: 3160783
C60: 890300279-4 | D60: Edif.C.C. Plaza, Cl. 11 #4-26 P.2 | E60: CUCUTA | F60: 44901 | G60: 45541 | H60: LEASING FINANCIERO 180151966 | I60: 21/36 | J60: 3160783
C61: 890300279-4 | D61: Edif.C.C. Plaza, Cl. 11 #4-26 P.2 | E61: CUCUTA | F61: 44901 | G61: 45571 | H61: LEASING FINANCIERO 180151966 | I61: 22/36 | J61: 3160783
C62: 890300279-4 | D62: Edif.C.C. Plaza, Cl. 11 #4-26 P.2 | E62: CUCUTA | F62: 45064 | G62: 19/05/2026 | H62: LEASING FINANCIERO | I62: Leasig PX00180153791 | J62: 19464379
C63: 890300279-4 | D63: Edif.C.C. Plaza, Cl. 11 #4-26 P.2 | E63: CUCUTA | F63: 45064 | G63: 18/06/2024 | H63: LEASING FINANCIERO 180153791 | I63: 13/36 | J63: 1186739
C64: 890300279-4 | D64: Edif.C.C. Plaza, Cl. 11 #4-26 P.2 | E64: CUCUTA | F64: 45064 | G64: 18/07/2024 | H64: LEASING FINANCIERO 180153791 | I64: 14/36 | J64: 1160697
C65: 890300279-4 | D65: Edif.C.C. Plaza, Cl. 11 #4-26 P.2 | E65: CUCUTA | F65: 45064 | G65: 45524 | H65: LEASING FINANCIERO 180153791 | I65: 15/36 | J65: 1131936
F66: 45064 | G66: 45555 | H66: LEASING FINANCIERO 180153791 | I66: 16/36 | J66: 1131936
C67: 890300279-4 | D67: Edif.C.C. Plaza, Cl. 11 #4-26 P.2 | E67: CUCUTA | F67: 45072 | G67: 26/05/2026 | H67: LEASING FINANCIERO | I67: Leasig PX00180153826 | J67: 16605997
C68: 890300279-4 | D68: Edif.C.C. Plaza, Cl. 11 #4-26 P.2 | E68: CUCUTA | F68: 45072 | G68: 26/06/2024 | H68: LEASING FINANCIERO 180153826 | I68: 13/36 | J68: 1250066
C69: 890300279-4 | D69: Edif.C.C. Plaza, Cl. 11 #4-26 P.2 | E69: CUCUTA | F69: 45072 | G69: 26/07/2024 | H69: LEASING FINANCIERO 180153826 | I69: 14/36 | J69: 1221349
C70: 890300279-4 | D70: Edif.C.C. Plaza, Cl. 11 #4-26 P.2 | E70: CUCUTA | F70: 45072 | G70: 26/08/2024 | H70: LEASING FINANCIERO 180153826 | I70: 15/36 | J70: 1191289
C71: 890300279-4 | D71: Edif.C.C. Plaza, Cl. 11 #4-26 P.2 | E71: CUCUTA | F71: 45072 | G71: 26/08/2024 | H71: LEASING FINANCIERO 180153826 | I71: 16/36 | J71: 1191289
C72: 890300279-4 | D72: Edif.C.C. Plaza, Cl. 11 #4-26 P.2 | E72: CUCUTA | F72: 45120 | G72: 13/07/2026 | H72: LEASING FINANCIERO | I72: Leasig PXCD180154312 | J72: 30515010
C73: 890300279-4 | D73: Edif.C.C. Plaza, Cl. 11 #4-26 P.2 | E73: CUCUTA | F73: 45120 | G73: 45397 | H73: LEASING FINANCIERO 180154312 | I73: 9/36 | J73: 1966548
C74: 890300279-4 | D74: Edif.C.C. Plaza, Cl. 11 #4-26 P.2 | E74: CUCUTA | F74: 45120 | G74: 45426 | H74: LEASING FINANCIERO 180154312 | I74: 10/36 | J74: 2103385
C75: 890300279-4 | D75: Edif.C.C. Plaza, Cl. 11 #4-26 P.2 | E75: CUCUTA | F75: 45120 | G75: 45456 | H75: LEASING FINANCIERO 180154312 | I75: 11/36 | J75: 2096325
C76: 890300279-4 | D76: Edif.C.C. Plaza, Cl. 11 #4-26 P.2 | E76: CUCUTA | F76: 45120 | G76: 45488 | H76: LEASING FINANCIERO 180154312 | I76: 12/36 | J76: 2085240
C77: 890300279-4 | D77: Edif.C.C. Plaza, Cl. 11 #4-26 P.2 | E77: CUCUTA | F77: 45120 | G77: 45517 | H77: LEASING FINANCIERO 180154312 | I77: 13/36 | J77: 2034147
C78: 890300279-4 | D78: Edif.C.C. Plaza, Cl. 11 #4-26 P.2 | E78: CUCUTA | F78: 45120 | G78: 45548 | H78: LEASING FINANCIERO 180154312 | I78: 14/36 | J78: 2034147
C79: 890300279-4 | D79: Edif.C.C. Plaza, Cl. 11 #4-26 P.2 | E79: CUCUTA | F79: 45120 | G79: 45578 | H79: LEASING FINANCIERO 180154312 | I79: 15/36 | J79: 2034147
A80: 2 | B80: =+B24 -> BANCOLOMBIA SA | C80: 890903938-8 | D80: La Gran Colombia 11E #8 | E80: CUCUTA | F80: 44527 | G80: 46353 | H80: LEASING FINANCIERO | I80: Leasig FC00278442 | J80: 26920571 | K80: =SUM(J80:J83) -> 1.4235348e+08
C81: 890903938-8 | D81: La Gran Colombia 11E #9 | E81: CUCUTA | F81: 44784 | G81: 46626 | H81: LEASING FINANCIERO | I81: Leasig FC00306326 | J81: 46544617
C82: 890903938-8 | D82: La Gran Colombia 11E #10 | E82: CUCUTA | F82: 44595 | G82: 46609 | H82: LEASING FINANCIERO | I82: Leasig FCB9290909 | J82: 59679252
C83: 890903938-8 | D83: La Gran Colombia 11E #11 | E83: CUCUTA | F83: 44677 | G83: 46517 | H83: LEASING FINANCIERO | I83: Leasig FCDSR296982 | J83: 9209041
G84: TOTAL OBLIGACIONES FINANCIERAS LEASING | K84: =SUM(K43:K83) -> 4.1610776e+08
B87: NOTA ACLARATORIA | D87: VALOR
B88: TOTAL OBLIGACIONES FINANCIERAS DEUDAS A LARGO PLAZO - CAPITAL | D88: =+K39 -> 3.7672522e+09
B89: TOTAL OBLIGACIONES FINANCIERAS LEASING | D89: =+K84 -> 4.1610776e+08
B90: TOTAL OBLIGACIONES FINANCIERAS CORTO Y LARGO PLAZO | D90: =SUM(D88:D89) -> 4.1833599e+09
B98: Pedro Jose Calderon Rivas | F98: Leonel López Galindo | I98: Nilson Martinez Ascanio
B99: Representante Legal | F99: Contador | I99: Revisor Fiscal
B100: C.E 1026034 | F100: C.C. 79837280 | I100: C.C. 13278139
F101: T.P.112277-T | I101: T.P. 173932 T

Sheet  IMPUESTOS X PAGAR Bo.
A1: =+'[3]DISPONIBLE Bo'!A1 -> LA NOTA COLOMBIA SAS
A2: =+'[3]DISPONIBLE Bo'!A2 -> NIT 901233167-1
K3: =+'INVENTARIO Bo'!C5 -> AL 15 Octubre del 2024
A4: INVENTARIO DE PASIVOS - COSTOS Y GASTOS POR PAGAR -IMPUESTOS, GRAVÁMENES Y TASAS CORRIENTES
A5: No. | B5: Nombre Acreedor | C5: NIT O CÉDULA | D5: Domicilio Acreedor | E5: Ciudad | F5: Objeto Acreencia | G5: Año | H5: Periodo | I5: Vencimiento | J5: Valor Total | K5: Total por Acreedor
A6: 1 | B6: Direccion dd impuestos y aduanas nacionales | C6: 800.197.268-4 | D6: Calle 8 # 3-50 | E6: cucuta | F6: impuesto al consumo | G6: 2023 | H6: mayo-junio | I6: 45124 | J6: 129256000 | K6: =SUM(J6:J16) -> 1689248974
A7: 2 | B7: Direccion dd impuestos y aduanas nacionales | C7: 800.197.268-4 | D7: Calle 8 # 3-50 | E7: cucuta | F7: impuesto al consumo | G7: 2023 | H7: julio-agosto | I7: 45184 | J7: 267039000
A8: 3 | B8: Direccion dd impuestos y aduanas nacionales | C8: 800.197.268-4 | D8: Calle 8 # 3-50 | E8: cucuta | F8: impuesto al consumo | G8: 2023 | H8: septiembre-octubre | I8: 45247 | J8: 259169000
A9: 4 | B9: Direccion de impuestos y aduanas nacionales | C9: 800.197.268-4 | D9: Calle 8 # 3-50 | E9: cucuta | F9: impuesto al consumo | G9: 2023 | H9: noviembre-diciembre | I9: 45309 | J9: 262938000
A10: 5 | B10: Direccion de impuestos y aduanas nacionales | C10: 800.197.268-4 | D10: Calle 8 # 3-50 | E10: cucuta | F10: impuesto al consumo | G10: 2024 | H10: enero-febrero | I10: 45370 | J10: 168524000
A11: 6 | B11: Direccion de impuestos y aduanas nacionales | C11: 800.197.268-4 | D11: Calle 8 # 3-50 | E11: cucuta | F11: impuesto al consumo | G11: 2024 | H11: marzo-abril | I11: 45430 | J11: 163043000
A12: 7 | B12: Direccion de impuestos y aduanas nacionales | C12: 800.197.268-4 | D12: Calle 8 # 3-50 | E12: cucuta | F12: impuesto al consumo | G12: 2024 | H12: mayo-junio | I12: 45488 | J12: 180534000
A13: 8 | B13: Direccion de impuestos y aduanas nacionales | C13: 800.197.268-4 | D13: Calle 8 # 3-50 | E13: cucuta | F13: impuesto al consumo | G13: 2024 | H13: julio-agosto | I13: 45553 | J13: 142097000
A14: 9 | B14: Direccion de impuestos y aduanas nacionales | C14: 800.197.268-4 | D14: Calle 8 # 3-50 | E14: cucuta | F14: impuesto al consumo | G14: 2024 | H14: septiembre-octubre | I14: 45614 | J14: 99020974
A15: 10 | B15: Direccion de impuestos y aduanas nacionales | C15: 800.197.268-4 | D15: Calle 8 # 3-50 | E15: cucuta | F15: retencion en la fuente | G15: 2024 | H15: agosto | I15: 45608 | J15: 9532000
A16: 11 | B16: Direccion de impuestos y aduanas nacionales | C16: 800.197.268-4 | D16: Calle 8 # 3-50 | E16: cucuta | F16: retencion en la fuente | G16: 2024 | H16: septiembre | I16: 45638 | J16: 8096000
E17: TOTAL COSTOS Y GASTOS POR PAGAR - IMPUESTOS, GRAVÁMENES Y TASAS CORRIENTES | K17: =SUM(K6:K16) -> 1689248974
A19: INVENTARIO DE PASIVOS - COSTOS Y GASTOS POR PAGAR -RETENCIONES POR PAGAR
A20: No. | B20: Nombre Acreedor | C20: NIT O CÉDULA | D20: Domicilio Acreedor | E20: Ciudad | F20: Objeto Acreencia | G20: Año | H20: Periodo | I20: Vencimiento | J20: Valor Total | K20: Total por Acreedor
A21: 13 | B21: Municipio de san jose de cucuta | C21: 890.501.434-2 | D21: calle 11 # 5-49 | E21: cucuta | F21: autoretenciones ica cucuta | G21: 2023 | H21: marzo-abril | I21: 45061 | J21: 35563000 | K21: =SUM(J21:J29) -> 280005000
A22: 14 | B22: Municipio de san jose de cucuta | C22: 890.501.434-2 | D22: calle 11 # 5-49 | E22: cucuta | F22: autoretenciones ica cucuta | G22: 2023 | H22: mayo-junio | I22: 45122 | J22: 37026000
A23: 15 | B23: Municipio de san jose de cucuta | C23: 890.501.434-2 | D23: calle 11 # 5-49 | E23: cucuta | F23: autoretenciones ica cucuta | G23: 2023 | H23: julio-agosto | I23: 45184 | J23: 38217000
A24: 16 | B24: Municipio de san jose de cucuta | C24: 890.501.434-2 | D24: calle 11 # 5-49 | E24: cucuta | F24: autoretenciones ica cucuta | G24: 2023 | H24: septiembre-octubre | I24: 45247 | J24: 37050000
A25: 17 | B25: Municipio de san jose de cucuta | C25: 890.501.434-2 | D25: calle 11 # 5-49 | E25: cucuta | F25: autoretenciones ica cucuta | G25: 2023 | H25: noviembre-diciembre | I25: 45309 | J25: 37803000
A26: 18 | B26: Municipio de san jose de cucuta | C26: 890.501.434-2 | D26: calle 11 # 5-49 | E26: cucuta | F26: autoretenciones ica cucuta | G26: 2024 | H26: enero-febrero | I26: 45370 | J26: 23806000
A27: 19 | B27: Municipio de san jose de cucuta | C27: 890.501.434-2 | D27: calle 11 # 5-49 | E27: cucuta | F27: autoretenciones ica cucuta | G27: 2024 | H27: marzo-abril | I27: 45433 | J27: 23397000
A28: 20 | B28: Municipio de san jose de cucuta | C28: 890.501.434-2 | D28: calle 11 # 5-49 | E28: cucuta | F28: autoretenciones ica cucuta | G28: 2024 | H28: mayo-junio | I28: 45489 | J28: 25545000
A29: 21 | B29: Municipio de san jose de cucuta | C29: 890.501.434-2 | D29: calle 11 # 5-49 | E29: cucuta | F29: autoretenciones ica cucuta | G29: 2024 | H29: julio-agosto | I29: 45560 | J29: 21598000
A30: 22 | B30: Municipio de los patios | C30: 800.044.113-5 | D30: calle 35 # 3-80 | E30: cucuta | F30: autoretenciones ica Patios | G30: 2024 | H30: octubre | J30: 895996 | K30: =+J30 -> 895996
E31: TOTAL COSTOS Y GASTOS POR PAGAR - RETENCIONES POR PAGAR | K31: =SUM(K21:K30) -> 280900996
E33: TOTAL IMPUESTOS POR PAGAR | K33: =+K17+K31 -> 1970149970
B41: Pedro Jose Calderon Rivas | E41: Leonel López Galindo | I41: Nilson Martinez Ascanio
B42: Representante Legal | E42: Contador | I42: Revisor Fiscal
B43: C.E 1026034 | E43: C.C. 79837280 | I43: C.C. 13278139
E44: T.P.112277-T | I44: T.P. 173932 T

Sheet APORTES Bo 
A2: =+'[4]DISPONIBLE Bo'!A1:F1 -> LA NOTA COLOMBIA SAS
A3: =+'[4]DISPONIBLE Bo'!A2:F2 -> NIT 901233167-1
H4: =+'INVENTARIO Bo'!C5 -> AL 15 Octubre del 2024
A5: INVENTARIO DE PASIVOS - APORTES SEGURIDAD SOCIAL Y PARAFISCALES
A7: Nº | B7: ENTIDAD | C7: NIT | D7: Direccion | E7: Ciudad | F7: CONCEPTO | G7: TOTAL | H7: TOTAL POR ACREEDOR
A8: 1 | F8: EPS MES DE AGOSTO A PAGAR EL 16 DE SEPTIEMBRE | G8: 62300 | H8: =SUM(G8:G10) -> 243350
F9: EPS MES DE SEPTIEMBRE A PAGAR EL 16 DE OCTUBRE | G9: 120700
A10: 5 | B10: CAJA DE COMPENSACION FAMILIAR COMPENSAR EPS | C10: 860066942-7 | D10: avenida 68 No. 49 A-47, ENGATIVA | E10: Bogota | F10: EPS MES DE OCTUBRE A PAGAR EL 16 DE NOVIEMBRE | G10: 60350
A11: 2 | B11: CAJA DE COMPENSACIÓN FAMILIAR DEL NORTE DE SANTANDER – COMFANORTE | C11: 890500516-3 | D11: CALLE 9 CON AVENIDA 1 EDFICIO COMFANORTE | E11: Cucuta | F11: CCF MES DE MAYO A PAGAR EL 19 DE JUNIO | G11: 540000 | H11: =SUM(G11:G16) -> 11921150
A12: 11 | B12: CAJA DE COMPENSACIÓN FAMILIAR DEL NORTE DE SANTANDER – COMFANORTE | C12: 890500516-3 | D12: CALLE 9 CON AVENIDA 1 EDFICIO COMFANORTE | E12: Cucuta | F12: CCF MES DE JUNIO A PAGAR EL 16 DE JULIO | G12: 540000
A13: 12 | B13: CAJA DE COMPENSACIÓN FAMILIAR DEL NORTE DE SANTANDER – COMFANORTE | C13: 890500516-3 | D13: CALLE 9 CON AVENIDA 1 EDFICIO COMFANORTE | E13: Cucuta | F13: CCF MES DE AGOSTO A PAGAR EL 16 DE SEPTIEMBRE | G13: 1389700
F14: CCF MES DE SEPTIEMBRE A PAGAR EL 16 DE OCTUBRE | G14: 2813800
F15: CCF MES DE OCTUBRE A PAGAR EL 16 DE NOVIEMBRE | G15: 4425100
A16: 13 | B16: CAJA DE COMPENSACIÓN FAMILIAR DEL NORTE DE SANTANDER – COMFANORTE | C16: 890500516-3 | D16: CALLE 9 CON AVENIDA 1 EDFICIO COMFANORTE | E16: Cucuta | F16: EPS MES DE AGOSTO A PAGAR EL 16 DE SEPTIEMBRE | G16: 2212550
A17: 3 | B17: COLPENSIONES ADMINISTRADORA COLOMBIANA DE PENSIONES SA | C17: 900336004-7 | D17: CARRERA 10 # 72-33 PISO 11 | E17: Bogota | F17: AFP MES DE JULIO A PAGAR EL 16 DE AGOSTO | G17: 240000 | H17: =SUM(G17:G20) -> 2616900
F18: AFP MES DE AGOSTO A PAGAR EL 16 DE SEPTIEMBRE | G18: 872100
F19: AFP MES DE SEPTIEMBRE A PAGAR EL 16 DE OCTUBRE | G19: 1003200
A20: 19 | B20: COLPENSIONES ADMINISTRADORA COLOMBIANA DE PENSIONES SA | C20: 900336004-7 | D20: CARRERA 10 # 72-33 PISO 11 | E20: Bogota | F20: AFP MES DE OCTUBRE A PAGAR EL 16 DE NOVIEMBRE | G20: 501600
A21: 4 | B21: COOSALUD ENTIDAD PROMOTORA DE SALUD SA (COOSALUD EPS SA) | C21: 900226715-3 | D21: Bocagrande, Carrera 2da - Numero 11-81. Avenida San Martin. Edificio Murano Trade Center, | E21: Cartagena de Indias | F21: EPS MES DE JULIO A PAGAR EL 16 DE AGOSTO | G21: 53400 | H21: =SUM(G21:G24) -> 508450
F22: EPS MES DE AGOSTO A PAGAR EL 16 DE SEPTIEMBRE | G22: 167800
F23: EPS MES DE SEPTIEMBRE A PAGAR EL 16 DE OCTUBRE | G23: 191500
A24: 23 | B24: COOSALUD ENTIDAD PROMOTORA DE SALUD SA (COOSALUD EPS SA) | C24: 900226715-3 | D24: Bocagrande, Carrera 2da - Numero 11-81. Avenida San Martin. Edificio Murano Trade Center, | E24: Cartagena de Indias | F24: EPS MES DE OCTUBRE A PAGAR EL 16 DE NOVIEMBRE | G24: 95750
A25: 5 | B25: ENTIDAD PROMOTORA DE SALUD SANITAS S.A.S | C25: 800251440-6 | D25: CALLE 100 NRO 11B 95 | E25: Bogota | F25: EPS MES DE MAYO A PAGAR EL 17 DE JUNIO | G25: 540000 | H25: =SUM(G25:G30) -> 5051800
A26: 29 | B26: ENTIDAD PROMOTORA DE SALUD SANITAS S.A.S | C26: 800251440-6 | D26: CALLE 100 NRO 11B 95 | E26: Bogota | F26: EPS MES DE JUNIO A PAGAR EL 16 DE JULIO | G26: 540000
A27: 30 | B27: ENTIDAD PROMOTORA DE SALUD SANITAS S.A.S | C27: 800251440-6 | D27: CALLE 100 NRO 11B 95 | E27: Bogota | F27: EPS MES DE JULIO A PAGAR EL 16 DE AGOSTO | G27: 590100
F28: EPS MES DE AGOSTO A PAGAR EL 16 DE SEPTIEMBRE | G28: 976600
F29: EPS MES DE SPTIEMBRE A PAGAR EL 16 DE OCTUBRE | G29: 1603400
A30: 31 | B30: ENTIDAD PROMOTORA DE SALUD SANITAS S.A.S | C30: 800251440-6 | D30: CALLE 100 NRO 11B 95 | E30: Bogota | F30: EPS MES DE OCTUBRE A PAGAR EL 16 DE NOVIEMBRE | G30: 801700
A31: 6 | B31: NUEVA EMPRESA PROMOTORA DE SALUD S.A. (NUEVA EPS) | C31: 900156264-2 | D31: Cra 85K No. 46A-66 Piso 2 Y 3 | E31: Bogota | F31: EPS MES DE JULIO A PAGAR EL 16 DE AGOSTO | G31: 746200 | H31: =SUM(G31:G34) -> 5853500
F32: EPS MES DE AGOSTO A PAGAR EL 16 DE SEPTIEMBRE | G32: 1429900
F33: EPS MES DE SEPTIEMBRE A PAGAR EL 16 DE OCTUBRE | G33: 2451600
A34: 37 | B34: NUEVA EMPRESA PROMOTORA DE SALUD S.A. (NUEVA EPS) | C34: 900156264-2 | D34: Cra 85K No. 46A-66 Piso 2 Y 3 | E34: Bogota | F34: EPS MES DE OCTUBRE A PAGAR EL 16 DE NOVIEMBRE | G34: 1225800
A35: 7 | B35: POSITIVA COMPAÑIA DE SEGUROS SA | C35: 860011153-6 | D35: CARRERA 45 NRO 94-72 BOGOTA | E35: Bogota | F35: ARL MES DE MAYO A PAGAR EL 19 DE JUNIO | G35: 329000 | H35: =SUM(G35:G40) -> 6879350
A36: 43 | B36: POSITIVA COMPAÑIA DE SEGUROS SA | C36: 860011153-6 | D36: CARRERA 45 NRO 94-72 BOGOTA | E36: Bogota | F36: ARL MES DE JUNIO A PAGAR EL 16 DE JULIO | G36: 329000
A37: 44 | B37: POSITIVA COMPAÑIA DE SEGUROS SA | C37: 860011153-6 | D37: CARRERA 45 NRO 94-72 BOGOTA | E37: Bogota | F37: ARL MES DE JULIO A PAGAR EL 16 DE AGOSTO | G37: 823100
F38: ARL MES DE AGOSTO A PAGAR EL 16 DE SEPTIEMBRE | G38: 1586000
F39: ARL MES DE SEPTIEMBRE A PAGAR EL 16 DE OCTUBRE | G39: 2541500
A40: 45 | B40: POSITIVA COMPAÑIA DE SEGUROS SA | C40: 860011153-6 | D40: CARRERA 45 NRO 94-72 BOGOTA | E40: Bogota | F40: ARL MES DE OCTUBRE A PAGAR EL 16 DE NOVIEMBRE | G40: 1270750
A41: 8 | B41: PROTECCION DE FONDOS DE PENSIONES Y CESANTIAS SA | C41: 800138188-1 | D41: CALLE 49 ·63-100 ED TORRE PROTECCION | E41: Medellin | F41: AFP MES DE JULIO A PAGAR EL 16 DE AGOSTO | G41: 255900 | H41: =SUM(G41:G44) -> 3686250
F42: AFP MES DE AGOSTO A PAGAR EL 16 DE SEPTIEMBRE | G42: 1261500
F43: AFP MES DE SEPTIEMBRE A PAGAR EL 16 DE OCTUBRE | G43: 1445900
A44: 49 | B44: PROTECCION DE FONDOS DE PENSIONES Y CESANTIAS SA | C44: 800138188-1 | D44: CALLE 49 ·63-100 ED TORRE PROTECCION | E44: Medellin | F44: AFP MES DE OCTUBRE A PAGAR EL 16 DE NOVIEBRE | G44: 722950
A45: 9 | B45: SOCIEDAD ADMINISTRADORA DE FONDOS DE PENSIONES Y CESANTIAS PORVENIR S.A. | C45: 800144331-3 | D45: CARRERA 13 NRO 26A NRO 65 | E45: Bogota | F45: AFP MES DE MAYO A PAGAR EL 19 DE JUNIO | G45: 2250000 | H45: =SUM(G45:G50) -> 36526222
A46: 55 | B46: SOCIEDAD ADMINISTRADORA DE FONDOS DE PENSIONES Y CESANTIAS PORVENIR S.A. | C46: 800144331-3 | D46: CARRERA 13 NRO 26A NRO 65 | E46: Bogota | F46: AFP MES DE JUNIO A PAGAR EL 16 DE JULIO | G46: 2250000
A47: 56 | B47: SOCIEDAD ADMINISTRADORA DE FONDOS DE PENSIONES Y CESANTIAS PORVENIR S.A. | C47: 800144331-3 | D47: CARRERA 13 NRO 26A NRO 65 | E47: Bogota | F47: AFP MES DE JULIO A PAGAR EL 16 DE AGOSTO | G47: 5115000
F48: AFP MES DE AGOSTO A PAGAR EL 16 DE SEPTIEMBRE | G48: 8289500
F49: AFP MES DE SEPTIEMBRE A PAGAR EL 16 DE OCTUBRE | G49: 10977722
A50: 57 | B50: SOCIEDAD ADMINISTRADORA DE FONDOS DE PENSIONES Y CESANTIAS PORVENIR S.A. | C50: 800144331-3 | D50: CARRERA 13 NRO 26A NRO 65 | E50: Bogota | F50: AFP MES DE OCTUBRE A PAGAR EL 16 DE NOVIEMBRE | G50: 7644000
E51: TOTAL APORTE SEGURIDAD SOCIAL Y PARAFISCALES | H51: =SUM(H8:H50) -> 73286972
B60: Pedro Jose Calderon Rivas | E60: Leonel López Galindo | G60: Nilson Martinez Ascanio
B61: Representante Legal | E61: Contador | G61: Revisor Fiscal
B62: C.E 1026034 | E62: C.C. 79837280 | G62: C.C. 13278139
E63: T.P.112277-T | G63: T.P. 173932 T

Sheet OBLIG LAB Bo.
A1: =+'[4]DISPONIBLE Bo'!A1 -> LA NOTA COLOMBIA SAS
A2: =+'[4]DISPONIBLE Bo'!A2 -> NIT 901233167-1
A4: INVENTARIO DE PASIVOS - BENEFICIOS A EMPLEADOS - OBLIGACIONES LABORALES
H5: =+'DISPONIBLE Bo'!F5 -> Corte al 15 de Octubre de 2024
A6: Nº | B6: NOMBRE | C6: DOCUMENTO | D6: DIRECCIÓN | E6: CIUDAD | F6: CONCEPTO | G6: SUB TOTAL | H6: TOTAL POR TERCERO
A7: 1 | B7: ALBA ROSA PEÑA PEREZ | C7: PT 5835467 | D7: TORRE COLSAG CALLE 7A N 12E -04 | E7: Cucuta | F7: VACACIONES PENDIENTES POR PAGAR AL 31/08/2024 | G7: 325000 | H7: =SUM(G7:G10) -> 2007419
A8: =+A7+1 -> 2 | B8: ALBA ROSA PEÑA PEREZ | C8: PT 5835467 | D8: TORRE COLSAG CALLE 7A N 12E -04 | E8: Cucuta | F8: INTERESES DE CESANTIAS PENDIENTES POR PAGAR AL 31/08/2024 | G8: 102538
A9: =+A8+1 -> 3 | B9: ALBA ROSA PEÑA PEREZ | C9: PT 5835467 | D9: TORRE COLSAG CALLE 7A N 12E -04 | E9: Cucuta | F9: PRIMAS PENDIENTES POR PAGAR AL 31/08/2024 | G9: 438299
A10: =+A9+1 -> 4 | B10: ALBA ROSA PEÑA PEREZ | C10: PT 5835467 | D10: TORRE COLSAG CALLE 7A N 12E -04 | E10: Cucuta | F10: CESANTIAS PENDIENTES POR PAGAR AL 31/08/2024 | G10: 1141582
A11: 2 | B11: ALBERT YOVANNY ALBARRAN GARCIA | C11: PT 7434883 | D11: calle 4# 0n-46 TRIGAL DEL NORTE | E11: Cucuta | F11: INTERESES DE CESANTIAS PENDIENTES POR PAGAR AL 31/08/2024 | G11: 103420 | H11: =SUM(G11:G14) -> 2280582.3
A12: =+A11+1 -> 3 | B12: ALBERT YOVANNY ALBARRAN GARCIA | C12: PT 7434883 | D12: calle 4# 0n-46 TRIGAL DEL NORTE | E12: Cucuta | F12: PRIMAS PENDIENTES POR PAGAR AL 31/08/2024 | G12: 441896
A13: =+A12+1 -> 4 | B13: ALBERT YOVANNY ALBARRAN GARCIA | C13: PT 7434883 | D13: calle 4# 0n-46 TRIGAL DEL NORTE | E13: Cucuta | F13: VACACIONES PENDIENTES POR PAGAR AL 31/08/2024 | G13: 563333.33
A14: =+A13+1 -> 5 | B14: ALBERT YOVANNY ALBARRAN GARCIA | C14: PT 7434883 | D14: calle 4# 0n-46 TRIGAL DEL NORTE | E14: Cucuta | F14: CESANTIAS PENDIENTES POR PAGAR AL 31/08/2024 | G14: 1171933
A15: 3 | B15: ALISSON KARINA BOHORQUEZ VARGAS | C15: CC 1090481139 | D15: AV 21 # 8-52 B -28 DE FEBRERO | E15: Cucuta | F15: INTERESES DE CESANTIAS PENDIENTES POR PAGAR AL 31/08/2024 | G15: 52602 | H15: =SUM(G15:G18) -> 2276387
A16: =+A15+1 -> 4 | B16: ALISSON KARINA BOHORQUEZ VARGAS | C16: CC 1090481139 | D16: AV 21 # 8-52 B -28 DE FEBRERO | E16: Cucuta | F16: PRIMAS PENDIENTES POR PAGAR AL 31/08/2024 | G16: 610728
A17: =+A16+1 -> 5 | B17: ALISSON KARINA BOHORQUEZ VARGAS | C17: CC 1090481139 | D17: AV 21 # 8-52 B -28 DE FEBRERO | E17: Cucuta | F17: CESANTIAS PENDIENTES POR PAGAR AL 31/08/2024 | G17: 1446457
A18: =+A17+1 -> 6 | B18: ALISSON KARINA BOHORQUEZ VARGAS | C18: CC 1090481139 | D18: AV 21 # 8-52 B -28 DE FEBRERO | E18: Cucuta | F18: VACACIONES PENDIENTES POR PAGAR AL 31/08/2024 | G18: 166600
A19: 4 | B19: ALVARO CARRILLO CONTRERAS | C19: CC 1130244156 | D19: AV 9NA CON CALLE 12 BELISARIO | E19: Cucuta | F19: INTERESES DE CESANTIAS PENDIENTES POR PAGAR AL 31/08/2024 | G19: 103219 | H19: =SUM(G19:G22) -> 2353922.3
A20: =+A19+1 -> 5 | B20: ALVARO CARRILLO CONTRERAS | C20: CC 1130244156 | D20: AV 9NA CON CALLE 12 BELISARIO | E20: Cucuta | F20: PRIMAS PENDIENTES POR PAGAR AL 31/08/2024 | G20: 435798
A21: =+A20+1 -> 6 | B21: ALVARO CARRILLO CONTRERAS | C21: CC 1130244156 | D21: AV 9NA CON CALLE 12 BELISARIO | E21: Cucuta | F21: VACACIONES PENDIENTES POR PAGAR AL 31/08/2024 | G21: 655633.33
A22: =+A21+1 -> 7 | B22: ALVARO CARRILLO CONTRERAS | C22: CC 1130244156 | D22: AV 9NA CON CALLE 12 BELISARIO | E22: Cucuta | F22: CESANTIAS PENDIENTES POR PAGAR AL 31/08/2024 | G22: 1159272
A23: 5 | B23: ALVIR YORENDER CARRILLO CORREA | C23: CC 1090540060 | D23: AV 9 CALLE 12 BELISARIO | E23: Cucuta | F23: INTERESES DE CESANTIAS PENDIENTES POR PAGAR AL 31/08/2024 | G23: 112078 | H23: =SUM(G23:G26) -> 2515556.7
A24: =+A23+1 -> 6 | B24: ALVIR YORENDER CARRILLO CORREA | C24: CC 1090540060 | D24: AV 9 CALLE 12 BELISARIO | E24: Cucuta | F24: PRIMAS PENDIENTES POR PAGAR AL 31/08/2024 | G24: 466860
A25: =+A24+1 -> 7 | B25: ALVIR YORENDER CARRILLO CORREA | C25: CC 1090540060 | D25: AV 9 CALLE 12 BELISARIO | E25: Cucuta | F25: VACACIONES PENDIENTES POR PAGAR AL 31/08/2024 | G25: 704166.67
A26: =+A25+1 -> 8 | B26: ALVIR YORENDER CARRILLO CORREA | C26: CC 1090540060 | D26: AV 9 CALLE 12 BELISARIO | E26: Cucuta | F26: CESANTIAS PENDIENTES POR PAGAR AL 31/08/2024 | G26: 1232452
A27: 6 | B27: ANDREA CAROLINA CAMARGO MALDONADO | C27: CC 1126430135 | D27: AV 15#16-20 LA LIBERTAD | E27: Cucuta | F27: INTERESES DE CESANTIAS PENDIENTES POR PAGAR AL 31/08/2024 | G27: 107346 | H27: =SUM(G27:G30) -> 2499454.3
A28: =+A27+1 -> 7 | B28: ANDREA CAROLINA CAMARGO MALDONADO | C28: CC 1126430135 | D28: AV 15#16-20 LA LIBERTAD | E28: Cucuta | F28: PRIMAS PENDIENTES POR PAGAR AL 31/08/2024 | G28: 480782
A29: =+A28+1 -> 8 | B29: ANDREA CAROLINA CAMARGO MALDONADO | C29: CC 1126430135 | D29: AV 15#16-20 LA LIBERTAD | E29: Cucuta | F29: VACACIONES PENDIENTES POR PAGAR AL 31/08/2024 | G29: 623133.33
A30: =+A29+1 -> 9 | B30: ANDREA CAROLINA CAMARGO MALDONADO | C30: CC 1126430135 | D30: AV 15#16-20 LA LIBERTAD | E30: Cucuta | F30: CESANTIAS PENDIENTES POR PAGAR AL 31/08/2024 | G30: 1288193
A31: 7 | B31: ANDREA ESTEFANIA MENDEZ VERGARA | C31: PT 6072813 | D31: RESERVAS DE SAN LUIS TORRE 12 APT 104 | E31: Cucuta | F31: INTERESES DE CESANTIAS PENDIENTES POR PAGAR AL 31/08/2024 | G31: 107210 | H31: =SUM(G31:G34) -> 2533578.3
A32: =+A31+1 -> 8 | B32: ANDREA ESTEFANIA MENDEZ VERGARA | C32: PT 6072813 | D32: RESERVAS DE SAN LUIS TORRE 12 APT 104 | E32: Cucuta | F32: PRIMAS PENDIENTES POR PAGAR AL 31/08/2024 | G32: 501985
A33: =+A32+1 -> 9 | B33: ANDREA ESTEFANIA MENDEZ VERGARA | C33: PT 6072813 | D33: RESERVAS DE SAN LUIS TORRE 12 APT 104 | E33: Cucuta | F33: CESANTIAS PENDIENTES POR PAGAR AL 31/08/2024 | G33: 1328550
A34: =+A33+1 -> 10 | B34: ANDREA ESTEFANIA MENDEZ VERGARA | C34: PT 6072813 | D34: RESERVAS DE SAN LUIS TORRE 12 APT 104 | E34: Cucuta | F34: VACACIONES PENDIENTES POR PAGAR AL 31/08/2024 | G34: 595833.33
A35: 8 | B35: ANGEL DAVID FAJARDO SALAZAR | C35: CC1010142367 | D35: AV 0 # 10-34 BARRIO LA PLAYA | E35: Cucuta | F35: INTERESES DE CESANTIAS PENDIENTES POR PAGAR AL 31/08/2024 | G35: 104128 | H35: =SUM(G35:G38) -> 2501410
A36: =+A35+1 -> 9 | B36: ANGEL DAVID FAJARDO SALAZAR | C36: CC1010142367 | D36: AV 0 # 10-34 BARRIO LA PLAYA | E36: Cucuta | F36: PRIMAS PENDIENTES POR PAGAR AL 31/08/2024 | G36: 463609
A37: =+A36+1 -> 10 | B37: ANGEL DAVID FAJARDO SALAZAR | C37: CC1010142367 | D37: AV 0 # 10-34 BARRIO LA PLAYA | E37: Cucuta | F37: VACACIONES PENDIENTES POR PAGAR AL 31/08/2024 | G37: 650000
A38: =+A37+1 -> 11 | B38: ANGEL DAVID FAJARDO SALAZAR | C38: CC1010142367 | D38: AV 0 # 10-34 BARRIO LA PLAYA | E38: Cucuta | F38: CESANTIAS PENDIENTES POR PAGAR AL 31/08/2024 | G38: 1283673
A39: 9 | B39: ANGELICA MILEIDY GARCIA GUERRERO | C39: PT 4551607 | D39: CALLE 7 # 10-93 SAN MARTIN | E39: Cucuta | F39: INTERESES DE CESANTIAS PENDIENTES POR PAGAR AL 31/08/2024 | G39: 114381 | H39: =SUM(G39:G42) -> 2521477.3
A40: =+A39+1 -> 10 | B40: ANGELICA MILEIDY GARCIA GUERRERO | C40: PT 4551607 | D40: CALLE 7 # 10-93 SAN MARTIN | E40: Cucuta | F40: PRIMAS PENDIENTES POR PAGAR AL 31/08/2024 | G40: 509109
A41: =+A40+1 -> 11 | B41: ANGELICA MILEIDY GARCIA GUERRERO | C41: PT 4551607 | D41: CALLE 7 # 10-93 SAN MARTIN | E41: Cucuta | F41: VACACIONES PENDIENTES POR PAGAR AL 31/08/2024 | G41: 577633.33
A42: =+A41+1 -> 12 | B42: ANGELICA MILEIDY GARCIA GUERRERO | C42: PT 4551607 | D42: CALLE 7 # 10-93 SAN MARTIN | E42: Cucuta | F42: CESANTIAS PENDIENTES POR PAGAR AL 31/08/2024 | G42: 1320354
A43: 10 | B43: CESAR EMIGDIO MORALES RAMIREZ | C43: PT 7472358 | D43: AV 5 BIS # 9-97 CONJUNTO BARLOVENTO PRADOS DEL ESTE | E43: Cucuta | F43: INTERESES DE CESANTIAS PENDIENTES POR PAGAR AL 31/08/2024 | G43: 117994 | H43: =SUM(G43:G46) -> 2890724.3
A44: =+A43+1 -> 11 | B44: CESAR EMIGDIO MORALES RAMIREZ | C44: PT 7472358 | D44: AV 5 BIS # 9-97 CONJUNTO BARLOVENTO PRADOS DEL ESTE | E44: Cucuta | F44: PRIMAS PENDIENTES POR PAGAR AL 31/08/2024 | G44: 514500
A45: =+A44+1 -> 12 | B45: CESAR EMIGDIO MORALES RAMIREZ | C45: PT 7472358 | D45: AV 5 BIS # 9-97 CONJUNTO BARLOVENTO PRADOS DEL ESTE | E45: Cucuta | F45: VACACIONES PENDIENTES POR PAGAR AL 31/08/2024 | G45: 939033.33
A46: =+A45+1 -> 13 | B46: CESAR EMIGDIO MORALES RAMIREZ | C46: PT 7472358 | D46: AV 5 BIS # 9-97 CONJUNTO BARLOVENTO PRADOS DEL ESTE | E46: Cucuta | F46: CESANTIAS PENDIENTES POR PAGAR AL 31/08/2024 | G46: 1319197
A47: 11 | B47: DANELY CAROLINA MARQUINA TORRES | C47: PT 5419951 | D47: BARRIO PIZARRO CALLE 10 AN # 11A-47 | E47: Cucuta | F47: INTERESES DE CESANTIAS PENDIENTES POR PAGAR AL 31/08/2024 | G47: 116920 | H47: =SUM(G47:G50) -> 2134473.7
A48: =+A47+1 -> 12 | B48: DANELY CAROLINA MARQUINA TORRES | C48: PT 5419951 | D48: BARRIO PIZARRO CALLE 10 AN # 11A-47 | E48: Cucuta | F48: PRIMAS PENDIENTES POR PAGAR AL 31/08/2024 | G48: 497810
A49: =+A48+1 -> 13 | B49: DANELY CAROLINA MARQUINA TORRES | C49: PT 5419951 | D49: BARRIO PIZARRO CALLE 10 AN # 11A-47 | E49: Cucuta | F49: CESANTIAS PENDIENTES POR PAGAR AL 31/08/2024 | G49: 1304677
A50: =+A49+1 -> 14 | B50: DANELY CAROLINA MARQUINA TORRES | C50: PT 5419951 | D50: BARRIO PIZARRO CALLE 10 AN # 11A-47 | E50: Cucuta | F50: VACACIONES PENDIENTES POR PAGAR AL 31/08/2024 | G50: 215066.67
A51: 12 | B51: DEIBY JOSUE JEREZ VERGARA | C51: PT 6561569 | D51: TORCOROMA 3 MZ C5 LOTE 22 | E51: Cucuta | F51: INTERESES DE CESANTIAS PENDIENTES POR PAGAR AL 31/08/2024 | G51: 116589 | H51: =SUM(G51:G54) -> 2272082.7
A52: =+A51+1 -> 13 | B52: DEIBY JOSUE JEREZ VERGARA | C52: PT 6561569 | D52: TORCOROMA 3 MZ C5 LOTE 22 | E52: Cucuta | F52: PRIMAS PENDIENTES POR PAGAR AL 31/08/2024 | G52: 485659
A53: =+A52+1 -> 14 | B53: DEIBY JOSUE JEREZ VERGARA | C53: PT 6561569 | D53: TORCOROMA 3 MZ C5 LOTE 22 | E53: Cucuta | F53: VACACIONES PENDIENTES POR PAGAR AL 31/08/2024 | G53: 379166.67
A54: =+A53+1 -> 15 | B54: DEIBY JOSUE JEREZ VERGARA | C54: PT 6561569 | D54: TORCOROMA 3 MZ C5 LOTE 22 | E54: Cucuta | F54: CESANTIAS PENDIENTES POR PAGAR AL 31/08/2024 | G54: 1290668
A55: 13 | B55: DEMETRIO CONTRERAS CONTRERAS | C55: PT 5609114 | D55: CALLE 17 # 4 -62 LA CABRERA | E55: Cucuta | F55: INTERESES DE CESANTIAS PENDIENTES POR PAGAR AL 31/08/2024 | G55: 103901 | H55: =SUM(G55:G58) -> 2627986.7
A56: =+A55+1 -> 14 | B56: DEMETRIO CONTRERAS CONTRERAS | C56: PT 5609114 | D56: CALLE 17 # 4 -62 LA CABRERA | E56: Cucuta | F56: PRIMAS PENDIENTES POR PAGAR AL 31/08/2024 | G56: 457037
A57: =+A56+1 -> 15 | B57: DEMETRIO CONTRERAS CONTRERAS | C57: PT 5609114 | D57: CALLE 17 # 4 -62 LA CABRERA | E57: Cucuta | F57: VACACIONES PENDIENTES POR PAGAR AL 31/08/2024 | G57: 890066.67
A58: =+A57+1 -> 16 | B58: DEMETRIO CONTRERAS CONTRERAS | C58: PT 5609114 | D58: CALLE 17 # 4 -62 LA CABRERA | E58: Cucuta | F58: CESANTIAS PENDIENTES POR PAGAR AL 31/08/2024 | G58: 1176982
A59: 14 | B59: DERYS CAROLINA ALVAREZ PEREZ | C59: CC 1090399991 | D59: AV 0 # 21-22 OSPINA PEREZ MOTILONES | E59: Cucuta | F59: INTERESES DE CESANTIAS PENDIENTES POR PAGAR AL 31/08/2024 | G59: 120918 | H59: =SUM(G59:G62) -> 2299445.7
A60: =+A59+1 -> 15 | B60: DERYS CAROLINA ALVAREZ PEREZ | C60: CC 1090399991 | D60: AV 0 # 21-22 OSPINA PEREZ MOTILONES | E60: Cucuta | F60: PRIMAS PENDIENTES POR PAGAR AL 31/08/2024 | G60: 494836
A61: =+A60+1 -> 16 | B61: DERYS CAROLINA ALVAREZ PEREZ | C61: CC 1090399991 | D61: AV 0 # 21-22 OSPINA PEREZ MOTILONES | E61: Cucuta | F61: VACACIONES PENDIENTES POR PAGAR AL 31/08/2024 | G61: 379166.67
A62: =+A61+1 -> 17 | B62: DERYS CAROLINA ALVAREZ PEREZ | C62: CC 1090399991 | D62: AV 0 # 21-22 OSPINA PEREZ MOTILONES | E62: Cucuta | F62: CESANTIAS PENDIENTES POR PAGAR AL 31/08/2024 | G62: 1304525
A63: 15 | B63: DIANA MICHEL LEON DIAZ | C63: CC 1093590268 | D63: CALLE 8 # 20-65 NUEVO HORIZONTE | E63: Cucuta | F63: INTERESES DE CESANTIAS PENDIENTES POR PAGAR AL 31/08/2024 | G63: 106185 | H63: =SUM(G63:G66) -> 2191931
A64: =+A63+1 -> 16 | B64: DIANA MICHEL LEON DIAZ | C64: CC 1093590268 | D64: CALLE 8 # 20-65 NUEVO HORIZONTE | E64: Cucuta | F64: PRIMAS PENDIENTES POR PAGAR AL 31/08/2024 | G64: 445798
A65: =+A64+1 -> 17 | B65: DIANA MICHEL LEON DIAZ | C65: CC 1093590268 | D65: CALLE 8 # 20-65 NUEVO HORIZONTE | E65: Cucuta | F65: VACACIONES PENDIENTES POR PAGAR AL 31/08/2024 | G65: 487500
A66: =+A65+1 -> 18 | B66: DIANA MICHEL LEON DIAZ | C66: CC 1093590268 | D66: CALLE 8 # 20-65 NUEVO HORIZONTE | E66: Cucuta | F66: CESANTIAS PENDIENTES POR PAGAR AL 31/08/2024 | G66: 1152448
A67: 16 | B67: EDGAR ENRIQUE PINO DURAN | C67: PT 4359037 | D67: CALLE 18 # 7-44 LA CABRERA | E67: Cucuta | F67: INTERESES DE CESANTIAS PENDIENTES POR PAGAR AL 31/08/2024 | G67: 123664 | H67: =SUM(G67:G70) -> 2894832.3
A68: =+A67+1 -> 17 | B68: EDGAR ENRIQUE PINO DURAN | C68: PT 4359037 | D68: CALLE 18 # 7-44 LA CABRERA | E68: Cucuta | F68: PRIMAS PENDIENTES POR PAGAR AL 31/08/2024 | G68: 516090
A69: =+A68+1 -> 18 | B69: EDGAR ENRIQUE PINO DURAN | C69: PT 4359037 | D69: CALLE 18 # 7-44 LA CABRERA | E69: Cucuta | F69: VACACIONES PENDIENTES POR PAGAR AL 31/08/2024 | G69: 920833.33
A70: =+A69+1 -> 19 | B70: EDGAR ENRIQUE PINO DURAN | C70: PT 4359037 | D70: CALLE 18 # 7-44 LA CABRERA | E70: Cucuta | F70: CESANTIAS PENDIENTES POR PAGAR AL 31/08/2024 | G70: 1334245
A71: 17 | B71: EDGAR JOSE PINO LOAIZA | C71: PT 5439673 | D71: BARRIO LA CABRERA CALLE 18 CASA # 7-44 | E71: Cucuta | F71: INTERESES DE CESANTIAS PENDIENTES POR PAGAR AL 31/08/2024 | G71: 117606 | H71: =SUM(G71:G74) -> 2527771
A72: =+A71+1 -> 18 | B72: EDGAR JOSE PINO LOAIZA | C72: PT 5439673 | D72: BARRIO LA CABRERA CALLE 18 CASA # 7-44 | E72: Cucuta | F72: PRIMAS PENDIENTES POR PAGAR AL 31/08/2024 | G72: 484347
A73: =+A72+1 -> 19 | B73: EDGAR JOSE PINO LOAIZA | C73: PT 5439673 | D73: BARRIO LA CABRERA CALLE 18 CASA # 7-44 | E73: Cucuta | F73: VACACIONES PENDIENTES POR PAGAR AL 31/08/2024 | G73: 677300
A74: =+A73+1 -> 20 | B74: EDGAR JOSE PINO LOAIZA | C74: PT 5439673 | D74: BARRIO LA CABRERA CALLE 18 CASA # 7-44 | E74: Cucuta | F74: CESANTIAS PENDIENTES POR PAGAR AL 31/08/2024 | G74: 1248518
A75: 18 | B75: ELLUZ BISMAIRA SALCEDO GONZALEZ | C75: PT 4273948 | D75: TRANV.17 CALLE 0 SECTOR LAS MINAS PUEBLO NUEVO | E75: Cucuta | F75: INTERESES DE CESANTIAS PENDIENTES POR PAGAR AL 31/08/2024 | G75: 116258 | H75: =SUM(G75:G78) -> 2582650.7
A76: =+A75+1 -> 19 | B76: ELLUZ BISMAIRA SALCEDO GONZALEZ | C76: PT 4273948 | D76: TRANV.17 CALLE 0 SECTOR LAS MINAS PUEBLO NUEVO | E76: Cucuta | F76: PRIMAS PENDIENTES POR PAGAR AL 31/08/2024 | G76: 475357
A77: =+A76+1 -> 20 | B77: ELLUZ BISMAIRA SALCEDO GONZALEZ | C77: PT 4273948 | D77: TRANV.17 CALLE 0 SECTOR LAS MINAS PUEBLO NUEVO | E77: Cucuta | F77: VACACIONES PENDIENTES POR PAGAR AL 31/08/2024 | G77: 704166.67
A78: =+A77+1 -> 21 | B78: ELLUZ BISMAIRA SALCEDO GONZALEZ | C78: PT 4273948 | D78: TRANV.17 CALLE 0 SECTOR LAS MINAS PUEBLO NUEVO | E78: Cucuta | F78: CESANTIAS PENDIENTES POR PAGAR AL 31/08/2024 | G78: 1286869
A79: 19 | B79: EMELYN MARLEXIS BETANCOURT BARILLAS | C79: PT 3204488 | D79: CALLE 23 NRO 16-36 AGUAS CALIENTES | E79: Cucuta | F79: INTERESES DE CESANTIAS PENDIENTES POR PAGAR AL 31/08/2024 | G79: 120763 | H79: =SUM(G79:G82) -> 3037672
A80: =+A79+1 -> 20 | B80: EMELYN MARLEXIS BETANCOURT BARILLAS | C80: PT 3204488 | D80: CALLE 23 NRO 16-36 AGUAS CALIENTES | E80: Cucuta | F80: PRIMAS PENDIENTES POR PAGAR AL 31/08/2024 | G80: 548345
A81: =+A80+1 -> 21 | B81: EMELYN MARLEXIS BETANCOURT BARILLAS | C81: PT 3204488 | D81: CALLE 23 NRO 16-36 AGUAS CALIENTES | E81: Cucuta | F81: CESANTIAS PENDIENTES POR PAGAR AL 31/08/2024 | G81: 1431064
A82: =+A81+1 -> 22 | B82: EMELYN MARLEXIS BETANCOURT BARILLAS | C82: PT 3204488 | D82: CALLE 23 NRO 16-36 AGUAS CALIENTES | E82: Cucuta | F82: VACACIONES PENDIENTES POR PAGAR AL 31/08/2024 | G82: 937500
A83: 20 | B83: ERICK YESID SANGUINO AREVALO | C83: CC 1090460603 | D83: DIAGONAL 17 # 12-38 BARRIO EL CONTENTO | E83: Cucuta | F83: INTERESES DE CESANTIAS PENDIENTES POR PAGAR AL 31/08/2024 | G83: 94775 | H83: =SUM(G83:G86) -> 2218231
A84: =+A83+1 -> 21 | B84: ERICK YESID SANGUINO AREVALO | C84: CC 1090460603 | D84: DIAGONAL 17 # 12-38 BARRIO EL CONTENTO | E84: Cucuta | F84: PRIMAS PENDIENTES POR PAGAR AL 31/08/2024 | G84: 504558
A85: =+A84+1 -> 22 | B85: ERICK YESID SANGUINO AREVALO | C85: CC 1090460603 | D85: DIAGONAL 17 # 12-38 BARRIO EL CONTENTO | E85: Cucuta | F85: VACACIONES PENDIENTES POR PAGAR AL 31/08/2024 | G85: 437500
A86: =+A85+1 -> 23 | B86: ERICK YESID SANGUINO AREVALO | C86: CC 1090460603 | D86: DIAGONAL 17 # 12-38 BARRIO EL CONTENTO | E86: Cucuta | F86: CESANTIAS PENDIENTES POR PAGAR AL 31/08/2024 | G86: 1181398
A87: 21 | B87: FABIOLA ANDREINA RONDON ROJAS | C87: PT 1275846 | D87: Av 3A # 19-18 Puente barco | E87: Cucuta | F87: INTERESES DE CESANTIAS PENDIENTES POR PAGAR AL 31/08/2024 | G87: 120669 | H87: =SUM(G87:G90) -> 2846631.7
A88: =+A87+1 -> 22 | B88: FABIOLA ANDREINA RONDON ROJAS | C88: PT 1275846 | D88: Av 3A # 19-18 Puente barco | E88: Cucuta | F88: PRIMAS PENDIENTES POR PAGAR AL 31/08/2024 | G88: 498312
A89: =+A88+1 -> 23 | B89: FABIOLA ANDREINA RONDON ROJAS | C89: PT 1275846 | D89: Av 3A # 19-18 Puente barco | E89: Cucuta | F89: VACACIONES PENDIENTES POR PAGAR AL 31/08/2024 | G89: 893966.67
A90: =+A89+1 -> 24 | B90: FABIOLA ANDREINA RONDON ROJAS | C90: PT 1275846 | D90: Av 3A # 19-18 Puente barco | E90: Cucuta | F90: CESANTIAS PENDIENTES POR PAGAR AL 31/08/2024 | G90: 1333684
A91: 22 | B91: FAUSTO ADOLFO LABRADOR CANAL | C91: CC 1090432984 | D91: calle 1an # 2e-65 quinta bosh | E91: Cucuta | F91: INTERESES DE CESANTIAS PENDIENTES POR PAGAR AL 31/08/2024 | G91: 42894 | H91: =SUM(G91:G94) -> 830508
A92: =+A91+1 -> 23 | B92: FAUSTO ADOLFO LABRADOR CANAL | C92: CC 1090432984 | D92: calle 1an # 2e-65 quinta bosh | E92: Cucuta | F92: CESANTIAS PENDIENTES POR PAGAR AL 31/08/2024 | G92: 292556
A93: =+A92+1 -> 24 | B93: FAUSTO ADOLFO LABRADOR CANAL | C93: CC 1090432984 | D93: calle 1an # 2e-65 quinta bosh | E93: Cucuta | F93: VACACIONES PENDIENTES POR PAGAR AL 31/08/2024 | G93: 102502
A94: =+A93+1 -> 25 | B94: FAUSTO ADOLFO LABRADOR CANAL | C94: CC 1090432984 | D94: calle 1an # 2e-65 quinta bosh | E94: Cucuta | F94: PRIMAS PENDIENTES POR PAGAR AL 31/08/2024 | G94: 392556
A95: 23 | B95: FREDDY JOSE TARAZONA CHACON | C95: PT 5635999 | D95: AV 6TA CASA 5-60 PRADOS EL ESTE | E95: Cucuta | F95: INTERESES DE CESANTIAS PENDIENTES POR PAGAR AL 31/08/2024 | G95: 137816 | H95: =SUM(G95:G98) -> 2276161
A96: =+A95+1 -> 24 | B96: FREDDY JOSE TARAZONA CHACON | C96: PT 5635999 | D96: AV 6TA CASA 5-60 PRADOS EL ESTE | E96: Cucuta | F96: PRIMAS PENDIENTES POR PAGAR AL 31/08/2024 | G96: 586951
A97: =+A96+1 -> 25 | B97: FREDDY JOSE TARAZONA CHACON | C97: PT 5635999 | D97: AV 6TA CASA 5-60 PRADOS EL ESTE | E97: Cucuta | F97: CESANTIAS PENDIENTES POR PAGAR AL 31/08/2024 | G97: 1426394
A98: =+A97+1 -> 26 | B98: FREDDY JOSE TARAZONA CHACON | C98: PT 5635999 | D98: AV 6TA CASA 5-60 PRADOS EL ESTE | E98: Cucuta | F98: VACACIONES PENDIENTES POR PAGAR AL 31/08/2024 | G98: 125000
A99: 24 | B99: GERARDO JOSE VALERO MUÑOZ | C99: PT 1734161 | D99: BARRIO COLSAG AV. 13 E #5-16 | E99: Cucuta | F99: INTERESES DE CESANTIAS PENDIENTES POR PAGAR AL 31/08/2024 | G99: 224018 | H99: =SUM(G99:G102) -> 3329915.3
A100: =+A99+1 -> 25 | B100: GERARDO JOSE VALERO MUÑOZ | C100: PT 1734161 | D100: BARRIO COLSAG AV. 13 E #5-16 | E100: Cucuta | F100: PRIMAS PENDIENTES POR PAGAR AL 31/08/2024 | G100: 1009442
A101: =+A100+1 -> 26 | B101: GERARDO JOSE VALERO MUÑOZ | C101: PT 1734161 | D101: BARRIO COLSAG AV. 13 E #5-16 | E101: Cucuta | F101: VACACIONES PENDIENTES POR PAGAR AL 31/08/2024 | G101: 1531833.3
...

Sheet OTROS PASIVOS Bo 
A1: =+'DISPONIBLE Bo'!A1:F1 -> LA NOTA COLOMBIA SAS
A2: =+'DISPONIBLE Bo'!A2:F2 -> NIT 901233167-1
A4: INVENTARIO DEPASIVOS - ACREEDORES VARIOS
H5: =+'DISPONIBLE Bo'!F5 -> Corte al 15 de Octubre de 2024
A6: Nº | B6: NIT | C6: NOMBRE | D6: DESCRIPCION | E6: DOCUMENTO | F6: FECHA | G6: VALOR | H6: TOTAL
A7: 1 | B7: 890.501.434-2 | C7: Municipio de san jose de cucuta | D7: PROVISION ICA CUCUTA | F7: 45580 | G7: 104318000 | H7: =+G7 -> 104318000
A8: =+A7+1 -> 2 | B8: 1090539981 | C8: ADRIAN JOSE SOTO VEGA | D8: LIBRANZA | F8: 45580 | G8: 463074 | H8: 463074
A9: =+A8+1 -> 3 | B9: 88206940 | C9: GERMAN HERNANDEZ GARZON | D9: LIBRANZA | F9: 45580 | G9: 403565 | H9: =+G9 -> 403565
A10: =+A9+1 -> 4 | B10: 1127588200 | C10: JUAN CARLOS BALLESTEROS CARMONA | D10: LIBRANZA | F10: 45580 | G10: 8421025 | H10: =+G10 -> 8421025
A11: =+A10+1 -> 5 | B11: 88197051 | C11: JULIO ALONSO SANDOVAL BALCARCEL | D11: LIBRANZA | F11: 45580 | G11: 637211 | H11: =+G11 -> 637211
A12: =+A11+1 -> 6 | B12: 60384604 | C12: LUZ MARY CAICEDO GUERRERO | D12: LIBRANZA | F12: 45580 | G12: 2242856 | H12: =+G12 -> 2242856
A13: =+A12+1 -> 7 | B13: 1201650 | C13: MARIA SACRAMENTO RIVAS DE CALDERON | D13: LIBRANZA | F13: 45580 | G13: 2024123 | H13: =+G13 -> 2024123
A14: =+A13+1 -> 8 | B14: 37392652-8 | C14: MARISELA GARCIA ALBARRACIN | D14: LIBRANZA | F14: 45580 | G14: 1709151 | H14: =+G14 -> 1709151
A15: =+A14+1 -> 9 | B15: 1198264 | C15: PEDRO JOSE CALDERON MORALES | D15: LIBRANZA | F15: 45580 | G15: 2305623 | H15: =+G15 -> 2305623
A16: =+A15+1 -> 10 | B16: 1026034 | C16: PEDRO JOSE CALDERON RIVAS | D16: LIBRANZA | F16: 45580 | G16: 70604829 | H16: =+G16 -> 70604829
A17: =+A16+1 -> 11 | B17: 1026030 | C17: SILVIA KATHERINE RAMIREZ GALAVIZ | D17: LIBRANZA | F17: 45580 | G17: 29295891 | H17: =+G17 -> 29295891
A18: =+A17+1 -> 12 | C18: PROVISIONES PRESTACIONES SOCIALES | D18: CESANTIAS | F18: 45580 | G18: 49202581 | H18: =+G18 -> 49202581
F19: TOTAL ACREDORES VARIOS | H19: =SUM(H7:H18) -> 2.7162793e+08
B22: NOTA ACLARATORIA
B23: TOTAL ACRREDORES VARIOS | D23: =+H19 -> 2.7162793e+08
B24: TOTAL ANTICOPOS RECIBIDOS | D24: =+'ANTICIPOS RECIBIDOS'!J8 -> 76077210
B25: TOTAL OTROS ANCIPOS NO FINANCIEROS | D25: =SUM(D23:D24) -> 3.4770514e+08
B32: Pedro Jose Calderon Rivas | D32: Leonel López Galindo | G32: Nilson Martinez Ascanio
B33: Representante Legal | D33: Contador | G33: Revisor Fiscal
B34: C.E 1026034 | D34: C.C. 79837280 | G34: C.C. 13278139
D35: T.P.112277-T | G35: T.P. 173932 T

Sheet ANTICIPOS RECIBIDOS
A1: =+'DISPONIBLE Bo'!A1:F1 -> LA NOTA COLOMBIA SAS
A2: =+'DISPONIBLE Bo'!A2:F2 -> NIT 901233167-1
A4: PASIVOS - ANTICIPOS RECIBIDOS DE CLIENTES
J5: =+'DISPONIBLE Bo'!F5 -> Corte al 15 de Octubre de 2024
A6: Nº | B6: Nit. o Cedula | C6: Nombre Acreedor | D6: Domicilio Acreedor | E6: Ciudad | F6: Origen deuda | G6: Vencimiento | H6: Soporte Documento | I6: Valor Total | J6: Total por Acreedor
A7: 1 | C7: MESEROS | E7: Cucuta | F7: Popinas | G7: 45580 | I7: 76077210 | J7: =+I7 -> 76077210
F8: TOTAL OTRAS CUENTAS POR PAGAR POR ANTICIPOS | J8: =SUM(J7:J7) -> 76077210
B17: Pedro Jose Calderon Rivas | E17: Leonel López Galindo | I17: Nilson Martinez Ascanio
B18: Representante Legal | E18: Contador | I18: Revisor Fiscal
B19: C.E 1026034 | E19: C.C. 79837280 | I19: C.C. 13278139
E20: T.P.112277-T | I20: T.P. 173932 T

Sheet IMPUESTOS RTE FTE
A1: =+'DISPONIBLE Bo'!A1 -> LA NOTA COLOMBIA SAS
A2: =+'DISPONIBLE Bo'!A2 -> NIT 901233167-1
A4: RELACION OBLIGACIONES VENCIDAS IMPUESTOS, GRAVÁMENES Y TASAS
A6: No. | B6: NIT O CÉDULA | C6: Nombre Acreedor | D6: Domicilio Acreedor | E6: Objeto Acreencia | F6: Periodo | G6: Capital | H6: Soporte Documento | I6: Valor Total | J6: Total por Acreedor | K6: % frente a pasivo | L6: Corte a:
A7: 1
I17: =+G17 -> 0 | J17: =+I17 -> 0
H19: TOTAL | I19: =SUM(I7:I18) -> 0 | J19: =SUM(J7:J18) -> 0 | K19: =SUM(K7:K18) -> 0
G23: TOTAL IMPUESTOS, GRAVÁMENES Y TASAS | J23: =+I19 -> 0 | K23: =+J23/J25 -> #REF!
H25: TOTAL PASIVO | J25: =+#REF! -> #REF!
A32: ______________________________ | D32: __________________________ | G32: _____________________________
A33: Representante Legal | D33: Revisor Fiscal | G33: Contador
A34: =+'DISPONIBLE Bo'!#REF! -> #REF! | D34: =+'DISPONIBLE Bo'!#REF! -> #REF! | G34: =+'DISPONIBLE Bo'!F44 -> 0
A35: =+'DISPONIBLE Bo'!#REF! -> #REF! | D35: =+'DISPONIBLE Bo'!#REF! -> #REF! | G35: =+'DISPONIBLE Bo'!F47 -> 0
D36: =+'DISPONIBLE Bo'!C48 -> 0 | G36: =+'DISPONIBLE Bo'!F48 -> 0

Sheet OBLIGACIONES LABORALES
A1: =+'DISPONIBLE Bo'!A1 -> LA NOTA COLOMBIA SAS
A2: =+'DISPONIBLE Bo'!A2 -> NIT 901233167-1
A4: RELACION OBLIGACIONES - OBLIGACIONES LABORALES
A6: No. | B6: NIT O CÉDULA | C6: Nombre Acreedor | D6: Domicilio Acreedor | E6: Objeto Acreencia | F6: Capital | G6: Fecha Vencimiento | H6: Dias Mora | I6: Soporte Documento | J6: Valor Total | K6: Total por Acreedor | L6: % frente a pasivo | M6: Corte a:
A7: 1
I9: TOTAL | J9: =SUM(J7:J8) -> 0 | K9: =SUM(K7:K8) -> 0 | L9: =SUM(L7:L8) -> 0
G11: TOTAL IMPUESTOS, GRAVÁMENES Y TASAS | K11: =+J9 -> 0 | L11: =+K11/K13 -> #REF!
I13: TOTAL PASIVO | K13: =+' IMPUESTOS X PAGAR Bo.'!#REF! -> #REF!
B21: ______________________________ | E21: __________________________ | H21: _____________________________
B22: Representante Legal | E22: Revisor Fiscal | H22: Contador
B23: =+'DISPONIBLE Bo'!#REF! -> #REF! | E23: =+'DISPONIBLE Bo'!#REF! -> #REF! | H23: =+'DISPONIBLE Bo'!F44 -> 0
B24: =+'DISPONIBLE Bo'!#REF! -> #REF! | E24: =+'DISPONIBLE Bo'!#REF! -> #REF! | H24: =+'DISPONIBLE Bo'!F47 -> 0
E25: =+'DISPONIBLE Bo'!C48 -> 0 | H25: =+'DISPONIBLE Bo'!F48 -> 0

Sheet PARTICULARES
A1: =+'DISPONIBLE Bo'!A1 -> LA NOTA COLOMBIA SAS
A2: =+'DISPONIBLE Bo'!A2 -> NIT 901233167-1
A4: RELACION OBLIGACIONES - PRÉSTAMOS DE PARTICULARES
A6: No. | B6: NIT O CÉDULA | C6: Nombre Acreedor | D6: Domicilio Acreedor | E6: Objeto Acreencia | F6: Capital | G6: Interés Pactado | H6: Fecha Vencimiento | I6: Dias Mora | J6: Soporte Documento | K6: Valor Total | L6: Total por Acreedor | M6: % frente a pasivo | N6: Corte a:
A7: 1
A8: =+A7+1 -> 2
A9: =#N/A -> #N/A
A10: =#N/A -> #N/A
A11: =#N/A -> #N/A
A12: =#N/A -> #N/A
A13: =#N/A -> #N/A
A14: =#N/A -> #N/A
A15: =#N/A -> #N/A
A16: =#N/A -> #N/A
A17: =#N/A -> #N/A
A18: =#N/A -> #N/A
A19: =#N/A -> #N/A
A20: =#N/A -> #N/A
... A32: =#N/A -> #N/A
A33: =+A32+1 -> #N/A
A34: =#N/A -> #N/A
A35: =#N/A -> #N/A
K38: TOTAL | L38: =SUM(K7:K37) -> 0 | M38: =+L38/L41 -> #REF!
J41: TOTAL PASIVO | L41: =+' IMPUESTOS X PAGAR Bo.'!#REF! -> #REF!
B51: ______________________________ | E51: __________________________ | H51: _____________________________
B52: Representante Legal | E52: Revisor Fiscal | H52: Contador
B53: =+'DISPONIBLE Bo'!#REF! -> #REF! | E53: =+'DISPONIBLE Bo'!#REF! -> #REF! | H53: =+'DISPONIBLE Bo'!F44 -> 0
B54: =+'DISPONIBLE Bo'!#REF! -> #REF! | E54: =+'DISPONIBLE Bo'!#REF! -> #REF! | H54: =+'DISPONIBLE Bo'!F47 -> 0
E55: =+'DISPONIBLE Bo'!C48 -> 0 | H55: =+'DISPONIBLE Bo'!F48 -> 0

Sheet SALARIOS
A1: =+'DISPONIBLE Bo'!A1 -> LA NOTA COLOMBIA SAS
A2: =+'DISPONIBLE Bo'!A2 -> NIT 901233167-1
A4: RELACION OBLIGACIONES - COSTOS Y GASTOS POR PAGAR
A6: No. | B6: NIT O CÉDULA | C6: Nombre Acreedor | D6: Domicilio Acreedor | E6: Fecha Documento | F6: Fecha de Vencimiento | G6: Dias de Mora | H6: Soporte Documento | I6: Valor Total | J6: Total por Acreedor | K6: Corte a:
A7: 1 | B7: 53041249 | C7: MARIN FERRUCHO LISSETTE MAYERLY | E7: 41730 | F7: =+E7+5 -> 41735 | G7: =+K7-F7 -> 300 | H7: NO-008185 | I7: 511680 | J7: =SUM(I7:I16) -> 5180148 | K7: 42035
E8: 41745 | F8: =#N/A -> #N/A | G8: =#N/A -> #N/A | H8: NO-008228 | I8: 511680 | K8: 42035
E9: 41762 | F9: =#N/A -> #N/A | G9: =#N/A -> #N/A | H9: NO-008406 | I9: 511680 | K9: 42035
E10: 41775 | F10: =#N/A -> #N/A | G10: =#N/A -> #N/A | H10: NO-008524 | I10: 511680 | K10: 42035
E11: 41789 | F11: =#N/A -> #N/A | G11: =#N/A -> #N/A | H11: NO-008558 | I11: 511680 | K11: 42035
E12: 41804 | F12: =#N/A -> #N/A | G12: =#N/A -> #N/A | H12: NO-008664 | I12: 524000 | K12: 42035
E13: 41824 | F13: =#N/A -> #N/A | G13: =#N/A -> #N/A | H13: NO-008774 | I13: 524000 | K13: 42035
E14: 41835 | F14: =#N/A -> #N/A | G14: =#N/A -> #N/A | H14: NO-008875 | I14: 524000 | K14: 42035
E15: 41855 | F15: =#N/A -> #N/A | G15: =#N/A -> #N/A | H15: NO-009001 | I15: 524000 | K15: 42035
E16: 41818 | F16: =#N/A -> #N/A | G16: =#N/A -> #N/A | H16: NO-008958 | I16: 525748 | K16: 42035
K17: 42035
G18: TOTAL | I18: =SUM(I7:I17) -> 5180148 | J18: =SUM(J7:J17) -> 5180148
J20: =+J18 -> 5180148
I22: TOTAL PASIVO | J22: =+#REF! -> #REF!
A29: ______________________________ | H29: _____________________________
A30: Representante Legal | H30: Contador
A31: =+'DISPONIBLE Bo'!#REF! -> #REF! | H31: =+'DISPONIBLE Bo'!F44 -> 0
A32: =+'DISPONIBLE Bo'!#REF! -> #REF! | H32: =+'DISPONIBLE Bo'!F47 -> 0
H33: =+'DISPONIBLE Bo'!F48 -> 0

Sheet OBLIGACIONES > 90 DIAS
A1: Anexo 1.
A2: =+'DISPONIBLE Bo'!A1:F1 -> LA NOTA COLOMBIA SAS
A3: =+'DISPONIBLE Bo'!A2:F2 -> NIT 901233167-1
A5: TOTAL PASIVO VENCIDO MAS DE 90 DIAS
I6: Corte al | J6: 45580
A7: IMPUESTOS POR PAGAR
A8: No. | B8: Nombre Acreedor | C8: NIT O CÉDULA | D8: Objeto Acreencia | E8: Año | F8: Periodo | G8: Vencimiento | H8: Dias Mora | I8: Valor Total | J8: Total por Acreedor
A9: 1 | B9: Direccion de impuestos y aduanas nacionales | C9: 800.197.268-4 | D9: impuesto al consumo | E9: 2023 | F9: mayo-junio | G9: 45124 | H9: =+$J$6-G9 -> 456 | I9: 129256000 | J9: =SUM(I9:I14) -> 1249969000
A10: 2 | B10: Direccion de impuestos y aduanas nacionales | C10: 800.197.268-4 | D10: impuesto al consumo | E10: 2023 | F10: julio-agosto | G10: 45184 | H10: =+$J$6-G10 -> 396 | I10: 267039000
A11: 3 | B11: Direccion de impuestos y aduanas nacionales | C11: 800.197.268-4 | D11: impuesto al consumo | E11: 2023 | F11: septiembre-octubre | G11: 45247 | H11: =+$J$6-G11 -> 333 | I11: 259169000
A12: 4 | B12: Direccion de impuestos y aduanas nacionales | C12: 800.197.268-4 | D12: impuesto al consumo | E12: 2023 | F12: noviembre-diciembre | G12: 45309 | H12: =+$J$6-G12 -> 271 | I12: 262938000
A13: 5 | B13: Direccion de impuestos y aduanas nacionales | C13: 800.197.268-4 | D13: impuesto al consumo | E13: 2024 | F13: enero-febrero | G13: 45370 | H13: =+$J$6-G13 -> 210 | I13: 168524000
A14: 6 | B14: Direccion de impuestos y aduanas nacionales | C14: 800.197.268-4 | D14: impuesto al consumo | E14: 2024 | F14: marzo-abril | G14: 45430 | H14: =+$J$6-G14 -> 150 | I14: 163043000
A15: 13 | B15: Municipio de san jose de cucuta | C15: 890.501.434-2 | D15: autoretenciones ica cucuta | E15: 2023 | F15: marzo-abril | G15: 45061 | H15: =+$J$6-G15 -> 519 | I15: 35563000 | J15: =SUM(I15:I22) -> 258407000
A16: 14 | B16: Municipio de san jose de cucuta | C16: 890.501.434-2 | D16: autoretenciones ica cucuta | E16: 2023 | F16: mayo-junio | G16: 45122 | H16: =+$J$6-G16 -> 458 | I16: 37026000
A17: 15 | B17: Municipio de san jose de cucuta | C17: 890.501.434-2 | D17: autoretenciones ica cucuta | E17: 2023 | F17: julio-agosto | G17: 45184 | H17: =+$J$6-G17 -> 396 | I17: 38217000
A18: 16 | B18: Municipio de san jose de cucuta | C18: 890.501.434-2 | D18: autoretenciones ica cucuta | E18: 2023 | F18: septiembre-octubre | G18: 45247 | H18: =+$J$6-G18 -> 333 | I18: 37050000
A19: 17 | B19: Municipio de san jose de cucuta | C19: 890.501.434-2 | D19: autoretenciones ica cucuta | E19: 2023 | F19: noviembre-diciembre | G19: 45309 | H19: =+$J$6-G19 -> 271 | I19: 37803000
A20: 18 | B20: Municipio de san jose de cucuta | C20: 890.501.434-2 | D20: autoretenciones ica cucuta | E20: 2024 | F20: enero-febrero | G20: 45370 | H20: =+$J$6-G20 -> 210 | I20: 23806000
A21: 19 | B21: Municipio de san jose de cucuta | C21: 890.501.434-2 | D21: autoretenciones ica cucuta | E21: 2024 | F21: marzo-abril | G21: 45433 | H21: =+$J$6-G21 -> 147 | I21: 23397000
A22: 20 | B22: Municipio de san jose de cucuta | C22: 890.501.434-2 | D22: autoretenciones ica cucuta | E22: 2024 | F22: mayo-junio | G22: 45489 | H22: =+$J$6-G22 -> 91 | I22: 25545000
A24: COSTOS Y GASTOS POR PAGAR
A25: No | B25: PROVEEDOR | C25: ID | D25: DOCUMENTO | F25: FECHA DE ORIGEN | G25: VENCIMIENTO | H25: Dias Mora | I25: TOTAL | J25: TOTAL POR TERCERO
A26: 21 | B26: ANDRES FELIPE DUARTE CARRILLO | C26: 1010090258-5 | D26: FCDSE8812 | F26: 45310 | G26: 45310 | H26: =+$J$6-G26 -> 270 | I26: 999594 | J26: =+I26 -> 999594
A27: 22 | B27: ANDRES FELIPE DUARTE CARRILLO | C27: 1010090258-5 | D27: FCDSE9010 | F27: 45322 | G27: 45322 | H27: =+$J$6-G27 -> 258 | I27: 80000 | J27: =+I27 -> 80000
A28: 23 | B28: ARTE IMPRESO CUCUTA S.A.S | C28: 900582639-7 | D28: AI2881 | F28: 45169 | G28: 45199 | H28: =+$J$6-G28 -> 381 | I28: 1411550 | J28: =+I28 -> 1411550
A29: 24 | B29: ARTE IMPRESO CUCUTA S.A.S | C29: 900582639-7 | D29: AI2891 | F29: 45173 | G29: 45203 | H29: =+$J$6-G29 -> 377 | I29: 1747500 | J29: =+I29 -> 1747500
A30: 25 | B30: ARTE IMPRESO CUCUTA S.A.S | C30: 900582639-7 | D30: AI2893 | F30: 45174 | G30: 45204 | H30: =+$J$6-G30 -> 376 | I30: 1808662.5 | J30: =+I30 -> 1808662.5
A31: 26 | B31: ARTE IMPRESO CUCUTA S.A.S | C31: 900582639-7 | D31: AI2904 | F31: 45178 | G31: 45208 | H31: =+$J$6-G31 -> 372 | I31: 2796000 | J31: =+I31 -> 2796000
A32: 27 | B32: ARTE IMPRESO CUCUTA S.A.S | C32: 900582639-7 | D32: AI2909 | F32: 45180 | G32: 45210 | H32: =+$J$6-G32 -> 370 | I32: 3436750 | J32: =+I32 -> 3436750
A33: 28 | B33: ARTE IMPRESO CUCUTA S.A.S | C33: 900582639-7 | D33: AI2959 | F33: 45196 | G33: 45226 | H33: =+$J$6-G33 -> 354 | I33: 665797.5 | J33: =+I33 -> 665797.5
A34: 29 | B34: ARTE IMPRESO CUCUTA S.A.S | C34: 900582639-7 | D34: AI2960 | F34: 45196 | G34: 45226 | H34: =+$J$6-G34 -> 354 | I34: 1535178.8 | J34: =+I34 -> 1535178.8
A35: 30 | B35: ARTE IMPRESO CUCUTA S.A.S | C35: 900582639-7 | D35: AI2975 | F35: 45202 | G35: 45232 | H35: =+$J$6-G35 -> 348 | I35: 1438775 | J35: =+I35 -> 1438775
A36: 31 | B36: ARTE IMPRESO CUCUTA S.A.S | C36: 900582639-7 | D36: AI2990 | F36: 45204 | G36: 45234 | H36: =+$J$6-G36 -> 346 | I36: 640000 | J36: =+I36 -> 640000
A37: 32 | B37: ARTE IMPRESO CUCUTA S.A.S | C37: 900582639-7 | D37: AI2990 | F37: 45204 | G37: 45234 | H37: =+$J$6-G37 -> 346 | I37: 121600 | J37: =+I37 -> 121600
... A78: 73 | B78: ATLANTIC FS SAS | C78: 900040299-0 | D78: 1660144285 | F78: 45384 | G78: 45429 | H78: =+$J$6-G78 -> 151 | I78: 4132621 | J78: =+I78 -> 4132621
A79: 74 | B79: ATLANTIC FS SAS | C79: 900040299-0 | F79: 45384 | G79: 45429 | H79: =+$J$6-G79 -> 151 | I79: 7944762.7 | J79: =+I79 -> 7944762.7
A80: 75 | B80: AVSA S.A | C80: 890201881-4 | D80: 70979683 | F80: 45435 | G80: 45443 | H80: =+$J$6-G80 -> 137 | I80: 3237105 | J80: =+I80 -> 3237105
A81: 76 | B81: CARNES FINAS LOS NOVILLOS SAS | C81: 900585295-0 | D81: 4166 | F81: 45265 | G81: 45266 | H81: =+$J$6-G81 -> 314 | I81: 8192639 | J81: =+I81 -> 8192639
A82: 77 | B82: CARNES FINAS LOS NOVILLOS SAS | C82: 900585295-0 | D82: FE4188 | F82: 45273 | G82: 45274 | H82: =+$J$6-G82 -> 306 | I82: 8370037.5 | J82: =+I82 -> 8370037.5
A83: 78 | B83: CARNES FINAS LOS NOVILLOS SAS | C83: 900585295-0 | D83: FE4244 | F83: 45301 | G83: 45302 | H83: =+$J$6-G83 -> 278 | I83: 7844343 | J83: =+I83 -> 7844343
A84: 79 | B84: CARNES FINAS LOS NOVILLOS SAS | C84: 900585295-0 | D84: FE4265 | F84: 45308 | G84: 45309 | H84: =+$J$6-G84 -> 271 | I84: 7330764 | J84: =+I84 -> 7330764
A85: 80 | B85: CENTURION FOODS S.A.S | C85: 900102966-2 | D85: CFS494520 | F85: 45195 | G85: 45225 | H85: =+$J$6-G85 -> 355 | I85: 5085599.3 | J85: =+I85 -> 5085599.3
A86: 81 | B86: CENTURION FOODS S.A.S | C86: 900102966-2 | D86: CFS495425 | F86: 45202 | G86: 45203 | H86: =+$J$6-G86 -> 377 | I86: 5782646.4 | J86: =+I86 -> 5782646.4
A87: 82 | B87: CENTURION FOODS S.A.S | C87: 900102966-2 | D87: CFS496177 | F87: 45209 | G87: 45209 | H87: =+$J$6-G87 -> 371 | I87: 4573807.5 | J87: =+I87 -> 4573807.5
A88: 83 | B88: CENTURION FOODS S.A.S | C88: 900102966-2 | D88: CFS496927 | F88: 45216 | G88: 45224 | H88: =+$J$6-G88 -> 356 | I88: 5602613.2 | J88: =+I88 -> 5602613.2
A89: 84 | B89: CENTURION FOODS S.A.S | C89: 900102966-2 | D89: CFS500086 | F89: 45223 | G89: 45253 | H89: =+$J$6-G89 -> 327 | I89: 2391480 | J89: =+I89 -> 2391480
A90: 85 | B90: CHARCUTERIA VILLANUEVA SVV S.A.S | C90: 901712450-5 | D90: FECV222 | F90: 45401 | G90: 45401 | H90: =+$J$6-G90 -> 179 | I90: 1261600 | J90: =+I90 -> 1261600
A91: 86 | B91: CHARCUTERIA VILLANUEVA SVV S.A.S | C91: 901712450-5 | D91: FECV225 | F91: 45402 | G91: 45402 | H91: =+$J$6-G91 -> 178 | I91: 165000 | J91: =+I91 -> 165000
... A130: 125 | B130: ERIC FERNANDO ESCALONA MEJIA | C130: 1090509070-0 | D130: 1645 | F130: 45470 | G130: 45470 | H130: =+$J$6-G130 -> 110 | I130: 1320000 | J130: =+I130 -> 1320000
A131: 126 | B131: FELIX ARTURO SILVA CARO | C131: 88219849 | D131: 45060 | F131: FASC567 | G131: 45055 | H131: =+$J$6-G131 -> 525 | I131: 2006100 | J131: =+I131 -> 2006100
A132: 127 | B132: MAKRO SUPERMAYORISTAS SAS | C132: 900059238-5 | D132: 15FT68195602 | F132: 45434 | G132: 45464 | H132: =+$J$6-G132 -> 116 | I132: 104039.73 | J132: =+I132 -> 104039.73
A133: 128 | B133: MAKRO SUPERMAYORISTAS SAS | C133: 900059238-5 | D133: 15FT54568353 | F133: 45436 | G133: 45466 | H133: =+$J$6-G133 -> 114 | I133: 3962530 | J133: =+I133 -> 3962530
A134: 129 | B134: MAKRO SUPERMAYORISTAS SAS | C134: 900059238-5 | D134: 15FT59113001 | F134: 45440 | G134: 45470 | H134: =+$J$6-G134 -> 110 | I134: 2285585 | J134: =+I134 -> 2285585
A135: 130 | B135: MAKRO SUPERMAYORISTAS SAS | C135: 900059238-5 | D135: 15FT77287480 | F135: 45441 | G135: 45471 | H135: =+$J$6-G135 -> 109 | I135: 999006 | J135: =+I135 -> 999006
A136: 131 | B136: MAKRO SUPERMAYORISTAS SAS | C136: 900059238-5 | D136: 15FT72741695 | F136: 45443 | G136: 45473 | H136: =+$J$6-G136 -> 107 | I136: 2420282 | J136: =+I136 -> 2420282
A137: 132 | B137: MAKRO SUPERMAYORISTAS SAS | C137: 900059238-5 | D137: 15FT72742232 | F137: 45448 | G137: 45478 | H137: =+$J$6-G137 -> 102 | I137: 1270619 | J137: =+I137 -> 1270619
A138: 133 | B138: MAKRO SUPERMAYORISTAS SAS | C138: 900059238-5 | D138: 15FT77288506 | F138: 45450 | G138: 45480 | H138: =+$J$6-G138 -> 100 | I138: 1845569 | J138: =+I138 -> 1845569
A139: 134 | B139: MAKRO SUPERMAYORISTAS SAS | C139: 900059238-5 | D139: 15FT77289074 | F139: 45455 | G139: 45485 | H139: =+$J$6-G139 -> 95 | I139: 2044806 | J139: =+I139 -> 2044806
A140: 135 | B140: MAKRO SUPERMAYORISTAS SAS | C140: 900059238-5 | D140: 15FT63650941 | F140: 45457 | G140: 45487 | H140: =+$J$6-G140 -> 93 | I140: 4656610 | J140: =+I140 -> 4656610
A141: 136 | B141: NANCY MARGARITA SUAREZ PACHECO | C141: 63458597-0 | D141: FV20371 | F141: 45288 | G141: 45288 | H141: =+$J$6-G141 -> 292 | I141: 2991555.9 | J141: =+I141 -> 2991555.9
A142: 137 | B142: NANCY MARGARITA SUAREZ PACHECO | C142: 63458597-0 | D142: FV20516 | F142: 45302 | G142: 45302 | H142: =+$J$6-G142 -> 278 | I142: 52813.62 | J142: =+I142 -> 52813.62
A143: 138 | B143: RAFAEL ANTONIO CAÑAS TORRES | C143: 88211371-3 | D143: FERC5460 | F143: 45229 | G143: 45230 | H143: =+$J$6-G143 -> 350 | I143: 364000 | J143: =+I143 -> 364000
... A284: 279 | B284: AEROPUERTOS DE ORIENTE SAS | C284: 900373778-6 | D284: FCB10AINR3705 | F284: 45237 | G284: 45237 | H284: =+$J$6-G284 -> 343 | I284: 4760000 | J284: =+I284 -> 4760000
A285: 280 | C285: 900373778-6 | D285: FCB10AINR4180 | F285: 45265 | G285: 45272 | H285: =+$J$6-G285 -> 308 | I285: 4864085.7 | J285: =+I285 -> 4864085.7
A286: 281 | C286: 900373778-6 | D286: FCB10AINR4709 | F286: 45303 | G286: 45310 | H286: =+$J$6-G286 -> 270 | I286: 5384512 | J286: =+I286 -> 5384512
A287: 282 | C287: 900373778-6 | D287: FCB10AINR5192 | F287: 45330 | G287: 45337 | H287: =+$J$6-G287 -> 243 | I287: 5384512 | J287: =+I287 -> 5384512
A288: 283 | C288: 900373778-6 | D288: FCB10AINR5700 | F288: 45359 | G288: 45366 | H288: =+$J$6-G288 -> 214 | I288: 5384512 | J288: =+I288 -> 5384512
A289: 284 | C289: 900373778-6 | D289: FCB10AINR5947 | F289: 45386 | G289: 45393 | H289: =+$J$6-G289 -> 187 | I289: 5384512 | J289: =+I289 -> 5384512
A290: 285 | C290: 900373778-6 | D290: FCB10AINR6602 | F290: 45418 | G290: 45425 | H290: =+$J$6-G290 -> 155 | I290: 5384512 | J290: =+I290 -> 5384512
A291: 286 | C291: 900373778-6 | D291: FCB10SKCC22444 | F291: 45385 | G291: 45385 | H291: =+$J$6-G291 -> 195 | I291: 86800 | J291: =+I291 -> 86800
A292: 287 | B292: AGUAS KPITAL CUCUTA SA ESP | C292: 900080956-2 | D292: 46980874 | F292: 45385 | G292: 45394 | H292: =+$J$6-G292 -> 186 | I292: 298400 | J292: =+I292 -> 298400
A293: 288 | C293: 900080956-2 | D293: 47197328 | F293: 45416 | G293: 45426 | H293: =+$J$6-G293 -> 154 | I293: 514030 | J293: =+I293 -> 514030
A294: 289 | C294: 900080956-2 | D294: 47411481 | F294: 45448 | G294: 45455 | H294: =+$J$6-G294 -> 125 | I294: 397140 | J294: =+I294 -> 397140
A295: 290 | C295: 900080956-2 | D295: 47466734 | F295: 45450 | G295: 45462 | H295: =+$J$6-G295 -> 118 | I295: 527930 | J295: =+I295 -> 527930
A296: 291 | C296: 900080956-2 | D296: 47628834 | F296: 45477 | G296: 45486 | H296: =+$J$6-G296 -> 94 | I296: 77500 | J296: =+I296 -> 77500
A297: 292 | B297: ALCIDES MARIN RIVERA | C297: 71600416-3 | D297: 404 | F297: 45085 | G297: 45085 | H297: =+$J$6-G297 -> 495 | I297: 794920 | J297: =+I297 -> 794920
A298: 293 | C298: 71600416-3 | D298: 361 | F298: 45128 | G298: 45128 | H298: =+$J$6-G298 -> 452 | I298: 273529 | J298: =+I298 -> 273529
A299: 294 | B299: ARTE IMPRESO CUCUTA S.A.S | C299: 900582639-7 | D299: CE0002-289 | F299: 45342 | G299: 45342 | H299: =+$J$6-G299 -> 238 | I299: 1660050 | J299: =+I299 -> 1660050
A300: 295 | C300: 900582639-7 | D300: CE0002-289 | F300: 45342 | G300: 45342 | H300: =+$J$6-G300 -> 238 | I300: 261800 | J300: =+I300 -> 261800
A301: 296 | C301: 900582639-7 | F301: 45342 | G301: 45342 | H301: =+$J$6-G301 -> 238 | I301: 148750 | J301: =+I301 -> 148750
A302: 297 | B302: CARLOS ARTURO PEÑA ARDILA | C302: 13467003-4 | D302: FCMERFVC217 | F302: 45098 | G302: 45128 | H302: =+$J$6-G302 -> 452 | I302: 3000000 | J302: =+I302 -> 3000000
A303: 298 | C303: 13467003-4 | D303: FCMERFVC228 | F303: 45128 | G303: 45158 | H303: =+$J$6-G303 -> 422 | I303: 7507500 | J303: =+I303 -> 7507500
A304: 299 | C304: 13467003-4 | D304: FCMERFVC239 | F304: 45177 | G304: 44934 | H304: =+$J$6-G304 -> 646 | I304: 5197500 | J304: =+I304 -> 5197500
A305: 300 | C305: 13467003-4 | D305: FCMERFVC246 | F305: 45177 | G305: 45229 | H305: =+$J$6-G305 -> 351 | I305: 5197500 | J305: =+I305 -> 5197500
A306: 301 | C306: 13467003-4 | D306: FCMERFVC251 | F306: 45225 | G306: 45225 | H306: =+$J$6-G306 -> 355 | I306: 5197500 | J306: =+I306 -> 5197500
A307: 302 | C307: 13467003-4 | D307: FCMERFVC260 | F307: 45253 | G307: 45283 | H307: =+$J$6-G307 -> 297 | I307: 5197500 | J307: =+I307 -> 5197500
A308: 303 | C308: 13467003-4 | D308: FCMERFVC270 | F308: 45279 | G308: 45309 | H308: =+$J$6-G308 -> 271 | I308: 5197500 | J308: =+I308 -> 5197500
A309: 304 | C309: 13467003-4 | D309: FCMERFVC279 | F309: 45324 | G309: 45354 | H309: =+$J$6-G309 -> 226 | I309: 5167575 | J309: =+I309 -> 5167575
A310: 305 | C310: 13467003-4 | D310: FCMERFVC284 | F310: 45342 | G310: 45372 | H310: =+$J$6-G310 -> 208 | I310: 5832750 | J310: =+I310 -> 5832750
A311: 306 | B311: CENTRAL CONTROL SAS | C311: 805030587-1 | D311: FCNBJAFF3267 | F311: 45111 | G311: 45121 | H311: =+$J$6-G311 -> 459 | I311: 232029.01 | J311: =+I311 -> 232029.01
A312: 307 | C312: 805030587-1 | D312: FCNBJAFF3408 | F312: 45112 | G312: 45122 | H312: =+$J$6-G312 -> 458 | I312: 19997405 | J312: =+I312 -> 19997405
A313: 308 | C313: 805030587-1 | D313: FCC1AFF3480 | F313: 45118 | G313: 45128 | H313: =+$J$6-G313 -> 452 | I313: 1044994.9 | J313: =+I313 -> 1044994.9
A314: 309 | C314: 805030587-1 | D314: FCNBJAFF3674 | F314: 45139 | G314: 45148 | H314: =+$J$6-G314 -> 432 | I314: 10234624 | J314: =+I314 -> 10234624
A315: 310 | C315: 805030587-1 | D315: FCNBJAFF3814 | F315: 45139 | G315: 45149 | H315: =+$J$6-G315 -> 431 | I315: 19997405 | J315: =+I315 -> 19997405
A316: 311 | C316: 805030587-1 | D316: FCC1AFF3901 | F316: 45149 | G316: 45159 | H316: =+$J$6-G316 -> 421 | I316: 1811493.9 | J316: =+I316 -> 1811493.9
A317: 312 | C317: 805030587-1 | D317: FCNBJAFF4088 | F317: 45170 | G317: 45180 | H317: =+$J$6-G317 -> 400 | I317: 10234624 | J317: =+I317 -> 10234624
A318: 313 | C318: 805030587-1 | D318: FCNBJAFF4231 | F318: 45173 | G318: 45183 | H318: =+$J$6-G318 -> 397 | I318: 19997405 | J318: =+I318 -> 19997405
A319: 314 | C319: 805030587-1 | D319: FCC1AFF4436 | F319: 45188 | G319: 45198 | H319: =+$J$6-G319 -> 382 | I319: 5448078.2 | J319: =+I319 -> 5448078.2
A320: 315 | C320: 805030587-1 | D320: FCNBJAFF4524 | F320: 45200 | G320: 45212 | H320: =+$J$6-G320 -> 368 | I320: 5234623.6 | J320: =+I320 -> 5234623.6
...

Sheet CAPITAL Bo.
A2: =+'DISPONIBLE Bo'!A1 -> LA NOTA COLOMBIA SAS
A3: =+'DISPONIBLE Bo'!A2 -> NIT 901233167-1
A5: RELACION CAPITAL SOCIAL
G6: ='OBLIG LAB Bo.'!H5 -> Corte al 15 de Octubre de 2024
A7: No. | B7: Nombre Socios | C7: NIT o C.C. | D7: % Participación | E7: Nº Acciones | F7: Capital | G7: Patrimonio
A8: 1 | B8: PEDRO JOSE CALDERON RIVAS | C8: 1026034 | D8: 0.8 | E8: =+F8/1000 -> 800000 | F8: 800000000 | G8: =+$G$13*D8 -> 7.8588168e+08
A9: 2 | B9: SILVIA KATHERINE RAMIREZ GALAVIZ | C9: 1026030 | D9: 0.2 | E9: =+F9/1000 -> 200000 | F9: 200000000 | G9: =+$G$13*D9 -> 1.9647042e+08
C11: TOTAL CAPITAL | D11: =SUM(D8:D10) -> 1 | E11: =SUM(E8:E10) -> 1000000 | F11: =SUM(F8:F10) -> 1000000000
E13: TOTAL PATRIMONIO | G13: 982352097
B22: Pedro Jose Calderon Rivas | D22: Leonel López Galindo | F22: Nilson Martinez Ascanio
B23: Representante Legal | D23: Contador | F23: Revisor Fiscal
B24: C.E 1026034 | D24: C.C. 79837280 | F24: C.C. 13278139
